Workbook
Name ENERO: #REF!
Name ENERO: #REF!
Name ENERO: #REF!
Name ENERO: #REF!
Name rptacctgroupend: "ZZZZZZZZZZZZ"
Name rptacctgroupselect: 0
Name rptacctgroupstart: " "
Name rptacctidend: "ZZZZZZZZZZZZZZZZZZZZZZZZZZZZZZZZZZZZZZZZZZZZZ"
Name rptacctidstart: " "
Name rptcurr1: " "
Name rptcurr10: " "
Name rptcurr2: " "
Name rptcurr3: " "
Name rptcurr4: " "
Name rptcurr5: " "
Name rptcurr6: " "
Name rptcurr7: " "
Name rptcurr8: " "
Name rptcurr9: " "
Name rptgroupend: 16
Name rptgroupstart: 1
Name rptorderby: 2
Name rptorderbysegid: 1
Name rptperiod: 6
Name rptprovtype: 1
Name rptrange1: "ACCTGRPCOD <= ""ZZZZZZZZZZZZ"""
Name rptsegend1: "ZZZZZZ"
Name rptsegend10: " "
Name rptsegend2: "ZZ"
Name rptsegend3: " "
Name rptsegend4: " "
Name rptsegend5: " "
Name rptsegend6: " "
Name rptsegend7: " "
Name rptsegend8: " "
Name rptsegend9: " "
Name rptsegoption1: 1
Name rptsegoption10: 0
Name rptsegoption2: 1
Name rptsegoption3: 0
Name rptsegoption4: 0
Name rptsegoption5: 0
Name rptsegoption6: 0
Name rptsegoption7: 0
Name rptsegoption8: 0
Name rptsegoption9: 0
Name rptsegstart1: " "
Name rptsegstart10: " "
Name rptsegstart2: " "
Name rptsegstart3: " "
Name rptsegstart4: " "
Name rptsegstart5: " "
Name rptsegstart6: " "
Name rptsegstart7: " "
Name rptsegstart8: " "
Name rptsegstart9: " "
Name rptsortgroupend: "ZZZZZZZZZZZZ"
Name rptsortgroupstart: " "
Name rptyear: 2018
Name spec: #REF!

Sheet Projected 2022 Income Statement
N1: 1
AB2: 12 | AD2: 1 | AE2: January 2022 | AI2: 1
AD3: 2 | AE3: February 2022
K4: Proprietors of Strata Plan # 125 | AD4: 3 | AE4: March 2022
N5: Financial Statement | Y5: =VLOOKUP(AB2,AD2:AF52,2) -> December 2022 | AD5: 4 | AE5: April 2022
AD6: 5 | AE6: May 2022
B7: 1 | D7: 1 | F7: 1 | H7: 1 | Q7: 1 | S7: 1 | U7: 1 | AD7: 6 | AE7: June 2022
AD8: 7 | AE8: July 2022
AD9: 8 | AE9: August 2022
AD10: 9 | AE10: September 2022
D11: monthly | K11: variance | N11: SUMMARY STATEMENT | Q11: year-to-date | X11: variance | AD11: 10 | AE11: October 2022
A12: =#REF! -> #REF! | D12: Forecast | E12: % | F12: Budget | G12: % | H12: Last Year | I12: % | K12: to bud | L12: to LY | Q12: =D12 -> Forecast | R12: % | S12: Budget | T12: % | U12: Last Year | V12: % | X12: to bud | Y12: to LY | AD12: 11 | AE12: November 2022
A13: =#REF! -> #REF! | AD13: 12 | AE13: December 2022
A14: =#REF! -> #REF! | B14: SUM100 | D14: 192935.29 | E14: =D14/D$17 -> 1 | F14: 177403.83 | G14: 1 | H14: 199660.75 | I14: 1 | K14: =D14-F14 -> 15531.46 | L14: =D14-H14 -> -6725.46 | O14: Revenues | Q14: 2244677.9 | R14: =Q14/Q$17 -> 1 | S14: 2106846 | T14: 1 | U14: 1910535.7 | V14: 1 | X14: =Q14-S14 -> 137831.97 | Y14: =Q14-U14 -> 334142.27
A15: =#REF! -> #REF!
A16: =#REF! -> #REF!
A17: =#REF! -> #REF! | B17: SUM 400 | D17: 192935.29 | E17: =D17/D$17 -> 1 | F17: 177403.83 | G17: 1 | H17: 199660.75 | I17: 1 | K17: =D17-F17 -> 15531.46 | L17: =D17-H17 -> -6725.46 | O17: TOTAL REVENUES | Q17: =Q14 -> 2244677.9 | R17: =Q17/Q$17 -> 1 | S17: 2106846 | T17: 1 | U17: 1910535.7 | V17: 1 | X17: =Q17-S17 -> 137831.97 | Y17: =Q17-U17 -> 334142.27
A18: =#REF! -> #REF!
A19: =#REF! -> #REF!
A20: =#REF! -> #REF! | B20: SUM500 | D20: 67687.056 | E20: =D20/D$65 -> 0.35082776 | F20: 58832 | G20: 0.33162756 | H20: 61542.95 | I20: 0.3082376 | K20: =D20-F20 -> 8855.056 | L20: =D20-H20 -> 6144.106 | O20: Administration & General | Q20: 756320 | R20: =Q20/Q$65 -> 0.3369392 | S20: 700220 | T20: 0.33235463 | U20: 719578.32 | V20: 0.37663695 | X20: =Q20-S20 -> 56099.996 | Y20: =Q20-U20 -> 36741.676
A21: =#REF! -> #REF! | B21: SUM600 | D21: 85004.944 | E21: =D21/D$65 -> 0.44058784 | F21: 62335 | G21: 0.35137347 | H21: 127390.47 | I21: 0.63803462 | K21: =D21-F21 -> 22669.944 | L21: =D21-H21 -> -42385.526 | O21: Maintenance | Q21: 861759.71 | R21: =Q21/Q$65 -> 0.38391241 | S21: 734938 | T21: 0.34883329 | U21: 774005.18 | V21: 0.4051247 | X21: =Q21-S21 -> 126821.71 | Y21: =Q21-U21 -> 87754.534
A22: =#REF! -> #REF! | B22: SUM700 | D22: 29774.8 | E22: =D22/D$65 -> 0.15432532 | F22: 32615 | G22: 0.18384609 | H22: 28931.89 | I22: 0.14490525 | K22: =D22-F22 -> -2840.2 | L22: =D22-H22 -> 842.91 | O22: Pool & Beach | Q22: 355957.31 | R22: =Q22/Q$65 -> 0.15857834 | S22: 384219 | T22: 0.18236692 | U22: 371498.51 | V22: 0.19444731 | X22: =Q22-S22 -> -28261.69 | Y22: =Q22-U22 -> -15541.205
A23: =#REF! -> #REF! | B23: SUM800 | D23: 5626.85 | E23: =D23/D$65 -> 0.029164442 | F23: 5883 | G23: 0.033161629 | H23: 6338.53 | I23: 0.0317465 | K23: =D23-F23 -> -256.15 | L23: =D23-H23 -> -711.68 | O23: Common Areas | Q23: 66325.49 | R23: =Q23/Q$65 -> 0.029547887 | S23: 70596 | T23: 0.033507908 | U23: 66839.08 | V23: 0.034984471 | X23: =Q23-S23 -> -4270.51 | Y23: =Q23-U23 -> -513.59
A24: =#REF! -> #REF! | B24: SUM900 | D24: 33146.185 | E24: =D24/D$65 -> 0.17179949 | F24: 19100 | G24: 0.10766397 | H24: 21367.67 | I24: 0.10701988 | K24: =D24-F24 -> 14046.185 | L24: =D24-H24 -> 11778.515 | O24: Utilities | Q24: 270641.46 | R24: =Q24/Q$65 -> 0.12057028 | S24: 217200 | T24: 0.10309249 | U24: 194397.68 | V24: 0.10175035 | X24: =Q24-S24 -> 53441.455 | Y24: =Q24-U24 -> 76243.775
A25: =#REF! -> #REF!
A26: =#REF! -> #REF!
A27: =#REF! -> #REF! | B27: SUM1000 | D27: 221239.83 | E27: =D27/D$65 -> 1.1467049 | F27: 178765 | G27: 1.0076727 | H27: 245571.51 | I27: 1.2299438 | K27: =D27-F27 -> 42474.835 | L27: =D27-H27 -> -24331.675 | O27: TOTAL EXPENSES | Q27: 2311004 | R27: =Q27/Q$65 -> 1.0295481 | S27: 2107173 | T27: 1.0001552 | U27: 2126318.8 | V27: 1.1129438 | X27: =Q27-S27 -> 203830.96 | Y27: =Q27-U27 -> 184685.19
A28: =#REF! -> #REF!
A29: =#REF! -> #REF!
A30: =#REF! -> #REF! | B30: INS100 | D30: 0 | E30: =D30/D$65 -> 0 | F30: 0 | G30: 0 | H30: 0 | I30: 0 | K30: =D30-F30 -> 0 | L30: =D30-H30 -> 0 | O30: Insurance Assessment | Q30: -636081 | R30: =Q30/Q$65 -> -0.28337295 | S30: -528108 | T30: -0.25066284 | U30: 0 | V30: 0 | X30: =Q30-S30 -> -107973 | Y30: =Q30-U30 -> -636081
A31: =#REF! -> #REF! | B31: INS200 | D31: 0 | E31: =D31/D$65 -> 0 | F31: 0 | G31: 0 | H31: 0 | I31: 0 | K31: =D31-F31 -> 0 | L31: =D31-H31 -> 0 | O31: Insurance Expenses | Q31: 636081 | R31: =Q31/Q$65 -> 0.28337295 | S31: 528108 | T31: 0.25066284 | U31: 0 | V31: 0 | X31: =Q31-S31 -> 107973 | Y31: =Q31-U31 -> 636081
A32: =#REF! -> #REF! | B32: NS300 | D32: 0 | E32: =D32/D$65 -> 0 | F32: 0 | G32: 0 | H32: 0 | I32: 0 | K32: =D32-F32 -> 0 | L32: =D32-H32 -> 0 | O32: Management Fee | Q32: 0 | R32: =Q32/Q$65 -> 0 | S32: 0 | T32: 0 | U32: 0 | V32: 0 | X32: =Q32-S32 -> 0 | Y32: =Q32-U32 -> 0
A33: =#REF! -> #REF!
A34: =#REF! -> #REF!
A35: =#REF! -> #REF! | B35: INS400 | D35: 0 | E35: =D35/D$65 -> 0 | F35: 0 | G35: 0 | H35: 0 | I35: 0 | K35: =D35-F35 -> 0 | L35: =D35-H35 -> 0 | O35: TOTAL INSURANCE | Q35: 0 | R35: =Q35/Q$65 -> 0 | S35: 0 | T35: 0 | U35: 0 | V35: 0 | X35: =Q35-S35 -> 0 | Y35: =Q35-U35 -> 0
A36: =#REF! -> #REF!
A37: =#REF! -> #REF!
A38: =#REF! -> #REF! | B38: RES200 | D38: -34559.15 | E38: =D38/D$65 -> -0.17912301 | F38: -34559.15 | G38: -0.19480498 | H38: -34559.15 | I38: -0.17308935 | K38: =D38-F38 -> 0 | L38: =D38-H38 -> 0 | O38: Reserve Assessment | Q38: -414709.8 | R38: =Q38/Q$65 -> -0.18475247 | S38: -414709.8 | T38: -0.19683917 | U38: -153540.13 | V38: -0.080364964 | X38: =Q38-S38 -> 0 | Y38: =Q38-U38 -> -261169.67
A39: =#REF! -> #REF! | B39: RES300 | D39: 34559.15 | E39: =D39/D$65 -> 0.17912301 | F39: 34559.15 | G39: 0.19480498 | H39: 34559.15 | I39: 0.17308935 | K39: =D39-F39 -> 0 | L39: =D39-H39 -> 0 | O39: Reserve Fund | Q39: 414709.8 | R39: =Q39/Q$65 -> 0.18475247 | S39: 414709.8 | T39: 0.19683917 | U39: 153540.13 | V39: 0.080364964 | X39: =Q39-S39 -> 0 | Y39: =Q39-U39 -> 261169.67
A40: =#REF! -> #REF!
A41: =#REF! -> #REF!
A42: =#REF! -> #REF! | B42: RES400 | D42: 0 | E42: =D42/D$65 -> 0 | F42: 0 | G42: 0 | H42: 0 | I42: 0 | K42: =D42-F42 -> 0 | L42: =D42-H42 -> 0 | O42: TOTAL RESERVE FUND | Q42: 0 | R42: =Q42/Q$65 -> 0 | S42: 0 | T42: 0 | U42: 0 | V42: 0 | X42: =Q42-S42 -> 0 | Y42: =Q42-U42 -> 0
A43: =#REF! -> #REF!
A44: =#REF! -> #REF! | B44: SUM1100 | D44: -28304.545 | E44: =D44/D$65 -> -0.14670486 | F44: -1361.17 | G44: -0.0076727205 | H44: -45910.76 | I44: -0.22994384 | K44: =D44-F44 -> -26943.375 | L44: =D44-H44 -> 17606.215 | O44: PROFIT / (LOSS) | Q44: -66326.035 | R44: =Q44/Q$65 -> -0.02954813 | S44: -327.04 | T44: -0.0001552273 | U44: -215783.11 | V44: -0.11294378 | X44: =Q44-S44 -> -65998.995 | Y44: =Q44-U44 -> 149457.08
A45: =#REF! -> #REF!
A46: =#REF! -> #REF!
A47: =#REF! -> #REF! | D47: -------------------------------------------------------------------------------------------------------------------------------------------------- Details -----------------------------------------------------------------------------------------------------------------------------------------------------
A48: =#REF! -> #REF!
A49: =#REF! -> #REF! | D49: monthly | K49: variance | N49: REVENUES | Q49: year-to-date | X49: variance
A50: =#REF! -> #REF! | D50: =D12 -> Forecast | E50: =E12 -> % | F50: =F12 -> Budget | G50: =G12 -> % | H50: =H12 -> Last Year | I50: =I12 -> % | K50: to bud | L50: to LY | Q50: =Q12 -> Forecast | R50: =R12 -> % | S50: =S12 -> Budget | T50: =T12 -> % | U50: =U12 -> Last Year | V50: =V12 -> % | X50: to bud | Y50: to LY
A52: =#REF! -> #REF! | B52: AG100 | D52: 131638.59 | E52: =D52/D$65 -> 0.682294 | F52: 131638.58 | G52: 0.74202784 | H52: 131688.72 | I52: 0.65956238 | K52: =D52-F52 -> 0.01 | L52: =D52-H52 -> -50.13 | O52: Strata Fees | Q52: 1579663.1 | R52: =Q52/Q$65 -> 0.70373707 | S52: 1579663 | T52: 0.7497762 | U52: 1342713.5 | V52: 0.70279425 | X52: =Q52-S52 -> 0.12 | Y52: =Q52-U52 -> 236949.6
A53: =#REF! -> #REF! | B53: AG200 | D53: 2000 | E53: =D53/D$65 -> 0.01036617 | F53: 2000 | G53: 0.011273714 | H53: 0 | I53: 0 | K53: =D53-F53 -> 0 | L53: =D53-H53 -> 2000 | O53: Strata Storage Fees | Q53: 2000 | R53: =Q53/Q$65 -> 0.00089099642 | S53: 2000 | T53: 0.0009492863 | U53: 0 | V53: 0 | X53: =Q53-S53 -> 0 | Y53: =Q53-U53 -> 2000
A54: =#REF! -> #REF! | B54: AG300 | D54: 0 | E54: =D54/D$65 -> 0 | F54: 0 | G54: 0 | H54: 0 | I54: 0 | K54: =D54-F54 -> 0 | L54: =D54-H54 -> 0 | O54: Watersport Contribution | Q54: 0 | R54: =Q54/Q$65 -> 0 | S54: 0 | T54: 0 | U54: 0 | V54: 0 | X54: =Q54-S54 -> 0 | Y54: =Q54-U54 -> 0
A55: =#REF! -> #REF! | B55: AG400 | D55: 40659.91 | E55: =D55/D$65 -> 0.21074377 | F55: 25000 | G55: 0.14092142 | H55: 50242.78 | I55: 0.25164075 | K55: =D55-F55 -> 15659.91 | L55: =D55-H55 -> -9582.87 | O55: Maintenance Revenue | Q55: 419749.25 | R55: =Q55/Q$65 -> 0.18699754 | S55: 300000 | T55: 0.14239294 | U55: 349540.26 | V55: 0.18295406 | X55: =Q55-S55 -> 119749.25 | Y55: =Q55-U55 -> 70208.99
A56: =#REF! -> #REF! | B56: AG500 | D56: 1596.46 | E56: =D56/D$65 -> 0.0082745878 | F56: 1425 | G56: 0.0080325211 | H56: 1484.01 | I56: 0.0074326576 | K56: =D56-F56 -> 171.46 | L56: =D56-H56 -> 112.45 | O56: Income from Water | Q56: 20043.44 | R56: =Q56/Q$65 -> 0.0089293166 | S56: 17100 | T56: 0.0081163978 | U56: 16940.33 | V56: 0.008866796 | X56: =Q56-S56 -> 2943.44 | Y56: =Q56-U56 -> 3103.11
A57: =#REF! -> #REF! | B57: AG600 | D57: 10177.24 | E57: =D57/D$65 -> 0.0527495 | F57: 6670 | G57: 0.037597835 | H57: 6944.59 | I57: 0.034781949 | K57: =D57-F57 -> 3507.24 | L57: =D57-H57 -> 3232.65 | O57: Income from Power | Q57: 110091.46 | R57: =Q57/Q$65 -> 0.049045548 | S57: 80040 | T57: 0.037990438 | U57: 81446.54 | V57: 0.042630212 | X57: =Q57-S57 -> 30051.46 | Y57: =Q57-U57 -> 28644.92
A58: =#REF! -> #REF! | B58: AG700 | D58: 204 | E58: =D58/D$65 -> 0.0010573493 | F58: 1147.5 | G58: 0.0064682933 | H58: 204 | I58: 0.0010217331 | K58: =D58-F58 -> -943.5 | L58: =D58-H58 -> 0 | O58: Income from Cable | Q58: 2448 | R58: =Q58/Q$65 -> 0.0010905796 | S58: 13770 | T58: 0.0065358362 | U58: 10668.54 | V58: 0.005584057 | X58: =Q58-S58 -> -11322 | Y58: =Q58-U58 -> -8220.54
A59: =#REF! -> #REF! | B59: AG800 | D59: -1877 | E59: =D59/D$65 -> -0.0097286505 | F59: 522.75 | G59: 0.0029466669 | H59: 720 | I59: 0.0036061169 | K59: =D59-F59 -> -2399.75 | L59: =D59-H59 -> -2597 | O59: Income from Pest Control | Q59: 6046.92 | R59: =Q59/Q$65 -> 0.002693892 | S59: 6273 | T59: 0.0029774365 | U59: 2926 | V59: 0.0015315077 | X59: =Q59-S59 -> -226.08 | Y59: =Q59-U59 -> 3120.92
A60: =#REF! -> #REF! | B60: AG850 | D60: 8536.09 | E60: =D60/D$65 -> 0.04424328 | F60: 9000 | G60: 0.050731712 | H60: 8376.65 | I60: 0.041954415 | K60: =D60-F60 -> -463.91 | L60: =D60-H60 -> 159.44 | O60: Villa Contributions | Q60: 104635.73 | R60: =Q60/Q$65 -> 0.04661503 | S60: 108000 | T60: 0.05126146 | U60: 106300.51 | V60: 0.055639113 | X60: =Q60-S60 -> -3364.27 | Y60: =Q60-U60 -> -1664.78
A61: =#REF! -> #REF! | B61: AG900 | D61: 0 | E61: =D61/D$65 -> 0 | F61: 0 | G61: 0 | H61: 0 | I61: 0 | K61: =D61-F61 -> 0 | L61: =D61-H61 -> 0 | O61: Other Income | Q61: 0.05 | R61: =Q61/Q$65 -> 2.2274911e-08 | S61: 0 | T61: 0 | U61: 0 | V61: 0 | X61: =Q61-S61 -> 0.05 | Y61: =Q61-U61 -> 0.05
A62: =#REF! -> #REF! | B62: AG1000 | D62: 0 | E62: =D62/D$65 -> 0 | F62: 0 | G62: 0 | H62: 0 | I62: 0 | K62: =D62-F62 -> 0 | L62: =D62-H62 -> 0 | O62: Interest Income | Q62: 0 | R62: =Q62/Q$65 -> 0 | S62: 0 | T62: 0 | U62: 0 | V62: 0 | X62: =Q62-S62 -> 0 | Y62: =Q62-U62 -> 0
A63: =#REF! -> #REF!
A64: =#REF! -> #REF!
A65: =#REF! -> #REF! | B65: AG1100 | D65: 192935.29 | E65: =D65/D$65 -> 1 | F65: 177403.83 | G65: 1 | H65: 199660.75 | I65: 1 | K65: =D65-F65 -> 15531.46 | L65: =D65-H65 -> -6725.46 | O65: TOTAL REVENUES | Q65: 2244677.9 | R65: =Q65/Q$65 -> 1 | S65: 2106846 | T65: 1 | U65: 1910535.7 | V65: 1 | X65: =Q65-S65 -> 137831.97 | Y65: =Q65-U65 -> 334142.27
A66: =#REF! -> #REF!
A67: =#REF! -> #REF!
A68: =#REF! -> #REF!
A69: =#REF! -> #REF! | K69: variance | N69: ADMIN & GENERAL | X69: variance
A70: =#REF! -> #REF! | D70: =D50 -> Forecast | E70: % | F70: Budget | G70: % | H70: Last Year | I70: % | K70: to bud | L70: to LY | Q70: =Q50 -> Forecast | R70: % | S70: Budget | T70: % | U70: Last Year | V70: % | X70: to bud | Y70: to LY
A71: =#REF! -> #REF! | B71: AG1200 | D71: 7616.93 | E71: =D71/D$65 -> 0.039479195 | F71: 8000 | G71: 0.045094855 | H71: 6774.6 | I71: 0.033930555 | K71: =D71-F71 -> -383.07 | L71: =D71-H71 -> 842.33 | O71: Security Payroll | Q71: 91777.95 | R71: =Q71/Q$65 -> 0.040886912 | S71: 96000 | T71: 0.045565742 | U71: 74472.33 | V71: 0.038979817 | X71: =Q71-S71 -> -4222.05 | Y71: =Q71-U71 -> 17305.62
A72: =#REF! -> #REF! | B72: AG1300 | D72: 193.49 | E72: =D72/D$65 -> 0.0010028751 | F72: 300 | G72: 0.0016910571 | H72: 2427.35 | I72: 0.012157372 | K72: =D72-F72 -> -106.51 | L72: =D72-H72 -> -2233.86 | O72: Vacation Pay | Q72: 2470.02 | R72: =Q72/Q$65 -> 0.0011003895 | S72: 3600 | T72: 0.0017087153 | U72: 5520.35 | V72: 0.0028894253 | X72: =Q72-S72 -> -1129.98 | Y72: =Q72-U72 -> -3050.33
A73: =#REF! -> #REF! | B73: AG1310 | D73: 0 | E73: =D73/D$65 -> 0 | F73: 150 | G73: 0.00084552853 | H73: 154.9 | I73: 0.00077581598 | K73: =D73-F73 -> -150 | L73: =D73-H73 -> -154.9 | O73: Holiday Pay | Q73: 2368.43 | R73: =Q73/Q$65 -> 0.0010551313 | S73: 1800 | T73: 0.00085435767 | U73: 1503.95 | V73: 0.00078718761 | X73: =Q73-S73 -> 568.43 | Y73: =Q73-U73 -> 864.48
A74: =#REF! -> #REF! | B74: AG1320 | D74: 235.8 | E74: =D74/D$65 -> 0.0012221714 | F74: 150 | G74: 0.00084552853 | H74: 0 | I74: 0 | K74: =D74-F74 -> 85.8 | L74: =D74-H74 -> 235.8 | O74: Sick Pay | Q74: 1749.77 | R74: =Q74/Q$65 -> 0.0007795194 | S74: 1800 | T74: 0.00085435767 | U74: 1157.22 | V74: 0.00060570448 | X74: =Q74-S74 -> -50.23 | Y74: =Q74-U74 -> 592.55
A75: =#REF! -> #REF! | B75: AG1400 | D75: 374.69 | E75: =D75/D$65 -> 0.0019420501 | F75: 330 | G75: 0.0018601628 | H75: 220.87 | I75: 0.0011062264 | K75: =D75-F75 -> 44.69 | L75: =D75-H75 -> 153.82 | O75: Employee Meals | Q75: 3961.69 | R75: =Q75/Q$65 -> 0.0017649258 | S75: 3960 | T75: 0.0018795869 | U75: 3652.21 | V75: 0.0019116157 | X75: =Q75-S75 -> 1.69 | Y75: =Q75-U75 -> 309.48
A76: =#REF! -> #REF! | B76: AG1500 | D76: 517.5 | E76: =D76/D$65 -> 0.0026822465 | F76: 525 | G76: 0.0029593499 | H76: 0 | I76: 0 | K76: =D76-F76 -> -7.5 | L76: =D76-H76 -> 517.5 | O76: Bonus Provision | Q76: 517.5 | R76: =Q76/Q$65 -> 0.00023054532 | S76: 525 | T76: 0.00024918765 | U76: 0 | V76: 0 | X76: =Q76-S76 -> -7.5 | Y76: =Q76-U76 -> 517.5
A77: =#REF! -> #REF! | B77: AG1550 | D77: 969.48 | E77: =D77/D$65 -> 0.0050248972 | F77: 700 | G77: 0.0039457998 | H77: 3820.31 | I77: 0.019134006 | K77: =D77-F77 -> 269.48 | L77: =D77-H77 -> -2850.83 | O77: Employee Relations | Q77: 10338.45 | R77: =Q77/Q$65 -> 0.004605761 | S77: 8400 | T77: 0.0039870024 | U77: 7671.59 | V77: 0.0040154131 | X77: =Q77-S77 -> 1938.45 | Y77: =Q77-U77 -> 2666.86
A78: =#REF! -> #REF! | B78: AG1600 | D78: 819.83 | E78: =D78/D$65 -> 0.0042492485 | F78: 775 | G78: 0.0043685641 | H78: 787.71 | I78: 0.0039452421 | K78: =D78-F78 -> 44.83 | L78: =D78-H78 -> 32.12 | O78: Payroll Taxes | Q78: 12296.06 | R78: =Q78/Q$65 -> 0.0054778727 | S78: 9300 | T78: 0.0044141813 | U78: 8992.34 | V78: 0.0047067114 | X78: =Q78-S78 -> 2996.06 | Y78: =Q78-U78 -> 3303.72
A79: =#REF! -> #REF!
A80: =#REF! -> #REF!
A81: =#REF! -> #REF! | B81: AG1700 | D81: 10727.72 | E81: =D81/D$65 -> 0.055602684 | F81: 10930 | G81: 0.061610846 | H81: 14185.74 | I81: 0.071049217 | K81: =D81-F81 -> -202.28 | L81: =D81-H81 -> -3458.02 | O81: TOTAL PAYROLL & RELATED | Q81: 125479.87 | R81: =Q81/Q$65 -> 0.055901057 | S81: 125385 | T81: 0.059513131 | U81: 102969.99 | V81: 0.053895874 | X81: =Q81-S81 -> 94.87 | Y81: =Q81-U81 -> 22509.88
A82: =#REF! -> #REF!
A83: =#REF! -> #REF!
A84: =#REF! -> #REF! | B84: AG1800 | D84: 201.65 | E84: =D84/D$65 -> 0.0010451691 | F84: 200 | G84: 0.0011273714 | H84: 201.86 | I84: 0.0010110149 | K84: =D84-F84 -> 1.65 | L84: =D84-H84 -> -0.21 | O84: Bank Charges | Q84: 2086.52 | R84: =Q84/Q$65 -> 0.00092954093 | S84: 2400 | T84: 0.0011391436 | U84: 2049.4 | V84: 0.0010726835 | X84: =Q84-S84 -> -313.48 | Y84: =Q84-U84 -> 37.12
A85: =#REF! -> #REF! | B85: AG1900 | D85: 0 | E85: =D85/D$65 -> 0 | F85: 0 | G85: 0 | H85: 0 | I85: 0 | K85: =D85-F85 -> 0 | L85: =D85-H85 -> 0 | O85: Work Permits | Q85: 0 | R85: =Q85/Q$65 -> 0 | S85: 0 | T85: 0 | U85: 0 | V85: 0 | X85: =Q85-S85 -> 0 | Y85: =Q85-U85 -> 0
A86: =#REF! -> #REF! | B86: AG2000 | D86: 12551.656 | E86: =D86/D$65 -> 0.065056299 | F86: 4850 | G86: 0.027338756 | H86: 6184.54 | I86: 0.030975242 | K86: =D86-F86 -> 7701.656 | L86: =D86-H86 -> 6367.116 | O86: Outside Security Services & supplies | Q86: 119523.41 | R86: =Q86/Q$65 -> 0.053247463 | S86: 58200 | T86: 0.027624231 | U86: 121255.56 | V86: 0.063466787 | X86: =Q86-S86 -> 61323.406 | Y86: =Q86-U86 -> -1732.154
A87: =#REF! -> #REF! | B87: AG2100 | D87: 140.01 | E87: =D87/D$65 -> 0.00072568373 | F87: 200 | G87: 0.0011273714 | H87: 76.26 | I87: 0.00038194788 | K87: =D87-F87 -> -59.99 | L87: =D87-H87 -> 63.75 | O87: Telephone | Q87: 1605.28 | R87: =Q87/Q$65 -> 0.00071514937 | S87: 2400 | T87: 0.0011391436 | U87: 1636.1 | V87: 0.00085635669 | X87: =Q87-S87 -> -794.72 | Y87: =Q87-U87 -> -30.82
A88: =#REF! -> #REF! | B88: AG2200 | D88: 1947.96 | E88: =D88/D$65 -> 0.010096442 | F88: 1915 | G88: 0.010794581 | H88: 1912.6 | I88: 0.0095792488 | K88: =D88-F88 -> 32.96 | L88: =D88-H88 -> 35.36 | O88: D&O Liability Insurance | Q88: 23587.02 | R88: =Q88/Q$65 -> 0.010507975 | S88: 22980 | T88: 0.0109073 | U88: 19685.88 | V88: 0.010303854 | X88: =Q88-S88 -> 607.02 | Y88: =Q88-U88 -> 3901.14
A89: =#REF! -> #REF! | B89: AG2300 | D89: 5200 | E89: =D89/D$65 -> 0.026952042 | F89: 3918 | G89: 0.022085205 | H89: 3550 | I89: 0.01778016 | K89: =D89-F89 -> 1282 | L89: =D89-H89 -> 1650 | O89: Gym | Q89: 44250 | R89: =Q89/Q$65 -> 0.019713296 | S89: 47016 | T89: 0.022315822 | U89: 46685.49 | V89: 0.024435812 | X89: =Q89-S89 -> -2766 | Y89: =Q89-U89 -> -2435.49
A90: =#REF! -> #REF! | B90: AG2400 | D90: 34778.24 | E90: =D90/D$65 -> 0.18025857 | F90: 34778 | G90: 0.19603861 | H90: 33765.28 | I90: 0.16911326 | K90: =D90-F90 -> 0.24 | L90: =D90-H90 -> 1012.96 | O90: Management Fee | Q90: 417338.88 | R90: =Q90/Q$65 -> 0.18592372 | S90: 417336 | T90: 0.19808567 | U90: 405183.36 | V90: 0.21207841 | X90: =Q90-S90 -> 2.88 | Y90: =Q90-U90 -> 12155.52
A91: =#REF! -> #REF! | B91: AG2450 | D91: 1666.67 | E91: =D91/D$65 -> 0.0086384922 | F91: 1666 | G91: 0.0093910036 | H91: 1666.67 | I91: 0.0083475095 | K91: =D91-F91 -> 0.67 | L91: =D91-H91 -> 0 | O91: Back of House Building contrib | Q91: 20000.04 | R91: =Q91/Q$65 -> 0.008909982 | S91: 20003 | T91: 0.0094942869 | U91: 20000.04 | V91: 0.010468289 | X91: =Q91-S91 -> -2.96 | Y91: =Q91-U91 -> 0
A92: =#REF! -> #REF! | B92: AG2500 | D92: 473.15 | E92: =D92/D$65 -> 0.0024523766 | F92: 150 | G92: 0.00084552853 | H92: 0 | I92: 0 | K92: =D92-F92 -> 323.15 | L92: =D92-H92 -> 473.15 | O92: Other Expenses | Q92: 2448.98 | R92: =Q92/Q$65 -> 0.0010910162 | S92: 1800 | T92: 0.00085435767 | U92: 112.5 | V92: 5.888401e-05 | X92: =Q92-S92 -> 648.98 | Y92: =Q92-U92 -> 2336.48
A93: =#REF! -> #REF! | B93: AG2700 | D93: 0 | E93: =D93/D$65 -> 0 | F93: 225 | G93: 0.0012682928 | H93: 0 | I93: 0 | K93: =D93-F93 -> -225 | L93: =D93-H93 -> 0 | O93: Travelling Expenses | Q93: 0 | R93: =Q93/Q$65 -> 0 | S93: 2700 | T93: 0.0012815365 | U93: 0 | V93: 0 | X93: =Q93-S93 -> -2700 | Y93: =Q93-U93 -> 0
A94: =#REF! -> #REF!
A95: =#REF! -> #REF!
A96: =#REF! -> #REF! | B96: AG2800 | D96: 56959.336 | E96: =D96/D$65 -> 0.29522508 | F96: 47902 | G96: 0.27001672 | H96: 47357.21 | I96: 0.23718838 | K96: =D96-F96 -> 9057.336 | L96: =D96-H96 -> 9602.126 | O96: TOTAL OTHER EXPENSES | Q96: 630840.13 | R96: =Q96/Q$65 -> 0.28103815 | S96: 574835 | T96: 0.27284149 | U96: 616608.33 | V96: 0.32274107 | X96: =Q96-S96 -> 56005.126 | Y96: =Q96-U96 -> 14231.796
A97: =#REF! -> #REF!
A98: =#REF! -> #REF!
A99: =#REF! -> #REF! | B99: AG2900 | D99: 67687.056 | E99: =D99/D$65 -> 0.35082776 | F99: 58832 | G99: 0.33162756 | H99: 61542.95 | I99: 0.3082376 | K99: =D99-F99 -> 8855.056 | L99: =D99-H99 -> 6144.106 | O99: TOTAL ADMIN & GEN EXPENSES | Q99: 756320 | R99: =Q99/Q$65 -> 0.3369392 | S99: 700220 | T99: 0.33235463 | U99: 719578.32 | V99: 0.37663695 | X99: =Q99-S99 -> 56099.996 | Y99: =Q99-U99 -> 36741.676
A100: =#REF! -> #REF!
A101: =#REF! -> #REF!
...

Sheet Strata 125 BS Nov 2022 
A1: THE SHORE CLUB STRATA PLAN #125
A2: Balance sheet as of November 30, 2022
B3: Ending Balance | C3: Ending Balance | D3: Variance | E3: COMMENTS
B4: 44895 | C4: 44530
A5: Account Description
A6: ================================== | B6: ============= | C6: ============= | D6: ================= | E6: =============================================================
A8: CASH | B8: =B9 -> 300000 | C8: =C9 -> 0 | D8: =D9 -> 300000
A9: Term Deposit Held in Trust | B9: =200000+100000 -> 300000 | C9: 0 | D9: =B9-C9 -> 300000
A11: OTHER RECEIVABLES | B11: =SUM(B12:B13) -> 15337.51 | C11: =SUM(C12:C14) -> 293493.25 | D11: =B11-C11 -> -278155.74
A12: VILLA CLUB | B12: -52817.02 | C12: -95251.61 | D12: =B12-C12 -> 42434.59 | E12: Villa Club account tracks actual costs allocated to the Villas versus the amount billed to the Villa owners. The amount billed to owners will be adjusted during the year according to any excess or shortfall of funding.
A13: INTERCOMPANY MANAGEMENT CO | B13: 68154.53 | C13: 388744.86 | D13: =B13-C13 -> -320590.33
A16: INVENTORIES | B16: =SUM(B17:B19) -> 315111.8 | C16: =SUM(C17:C19) -> 242119.02 | D16: =B16-C16 -> 72992.78
A17: ENGINEERING INVENTORY | B17: 295359.11 | C17: 218055.82 | D17: =B17-C17 -> 77303.29
A18: OWNER UNIT SUPPLIES | C18: 0 | D18: =B18-C26 -> 0
A19: HURRICANE INVENTORY | B19: 19752.69 | C19: 24063.2 | D19: =B19-C19 -> -4310.51
A21: OTHER ASSETS | B21: =SUM(B22:B24) -> 6802.51 | C21: =SUM(C22:C24) -> 8467.5 | D21: =B21-C21 -> -1664.99
A22: PREPAID INSURANCE | B22: 6802.51 | C22: 8467.5 | D22: =B22-C22 -> -1664.99
A23: PREPAID OTHER | D23: =B23-C23 -> 0
A24: PREPAID OTHER | C24: 0 | D24: =B24-C24 -> 0
A25: TOTAL ASSETS | B25: =B11+B16+B21+B8 -> 637251.82 | C25: =C11+C16+C21+C8 -> 544079.77 | D25: =D11+D16+D21+D8 -> 93172.05
A27: ACCRUED EXPENSES | B27: =SUM(B28:B34) -> 39600.53 | C27: =SUM(C28:C34) -> 22623.58 | D27: =B27-C27 -> 16976.95
A28: EMPLOYEE INSURANCE | B28: 0 | C28: 0 | D28: =B28-C28 -> 0
A29: MISC DEDUCTIONS | B29: 0 | C29: 0 | D29: =B29-C29 -> 0
A30: ACCRUED VACATION | B30: 18493.72 | C30: 10086.91 | D30: =B30-C30 -> 8406.81
A31: ACCRUED SALARIES/WAGES | B31: 21106.81 | C31: 12536.67 | D31: =B31-C31 -> 8570.14
A32: ACCRUED LEGAL | C32: 0 | D32: =B32-C32 -> 0
A33: ACCRUED OTHER EXPENSES | C33: 0 | D33: =B33-C33 -> 0
A34: Accrued Reserve Fund | B34: 0 | C34: 0 | D34: =B34-C34 -> 0
A36: OWNERS EQUITY | B36: =SUM(B37:B39) -> 597651.29 | C36: =SUM(C37:C39) -> 521456.19 | D36: =B36-C36 -> 76195.1
A37: RESERVE FUNDS | B37: 469263.19 | C37: 218013.24 | D37: =B37-C37 -> 251249.95
A38: RETAINED EARNINGS | B38: 166409.58 | C38: 482193.34 | D38: =B38-C38 -> -315783.76
A39: CURRENT YEAR | B39: -38021.48 | C39: -178750.39 | D39: =B39-C39 -> 140728.91
A41: TOTAL LIABILITIES & OWNERS EQUITY | B41: =B27+B36 -> 637251.82 | C41: =C27+C36 -> 544079.77 | D41: =B41-C41 -> 93172.05
A44: CONTROL | B44: =B25-B41 -> 0 | C44: =C25-C41 -> 0 | D44: =B44-C44 -> 0
B45: =B25-B41 -> 0 | C45: =C25-C41 -> 0

Sheet Strata 125 2022 Reserve funding
B2: Proprietors of Strata Plan #125
B4: Reserve fundings - 30 November 2022
B7: Reserve Funds (equity) | C7: ='Strata 125 BS Nov 2022 '!B37 -> 469263.19
B8: Reserve Funds (term deposits funded) | C8: -300000
B9: Balance to be funded before adjustements (A) | C9: =SUM(C7:C8) -> 169263.19
B11: Inventories advanced by Management Co. | C11: =-'Strata 125 BS Nov 2022 '!B16 -> -315111.8
B12: Retained earnings held by Management Co. | C12: ='Strata 125 BS Nov 2022 '!B38 -> 166409.58
B13: Current earnings advanced by Management Co. | C13: ='Strata 125 BS Nov 2022 '!B39 -> -38021.48
C14: 0
C15: 0
B16: Total cash adjustments (B) | C16: =SUM(C11:C15) -> -186723.7
B18: Term deposit to be funded (A+B) | C18: =C9+C16 -> -17460.51
B19: rounded =) | C19: 0

Sheet 2023 Strata #125 Budget
B1: 1
C3: Proprietors of Strata Plan # 125
C4: Financial Statements
I6: 1 | K6: 1 | M6: 1 | O6: 1 | Q6: 1
B10: SUMMARY STATEMENT | S10: Variance | V10: Variance
E11: Budget 2023 | F11: % | G11: Forecast 2022 | H11: % | I11: Actual 2021 | J11: % | K11: Actual 2020 | L11: % | M11: Actual 2019 | N11: % | O11: Actual 2018 | P11: % | Q11: Actual 2017 | R11: % | S11: 2023/2022 | T11: % | V11: 2023/2021 | W11: %
C14: Revenues | E14: =E65 -> 2500224.5 | F14: 1 | G14: =G65 -> 2244677.9 | H14: 1 | I14: 1910535.7 | J14: 1 | K14: 1827895.6 | L14: 1 | M14: 2015435.2 | N14: 1 | O14: 1812971 | P14: 1 | Q14: 1688848 | R14: 1 | S14: =E14-G14 -> 255546.56 | T14: =S14/G14 -> 0.11384553 | V14: =E14-I14 -> 589688.83 | W14: =V14/I14 -> 0.30865104
C17: TOTAL REVENUES | E17: =SUM(E14:E16) -> 2500224.5 | F17: 1 | G17: =SUM(G14:G16) -> 2244677.9 | H17: 1 | I17: =SUM(I14:I16) -> 1910535.7 | J17: 1 | K17: =SUM(K14:K16) -> 1827895.6 | L17: 1 | M17: =SUM(M14:M16) -> 2015435.2 | N17: 1 | O17: =SUM(O14:O16) -> 1812971 | P17: 1 | Q17: =SUM(Q14:Q16) -> 1688848 | R17: 1 | S17: =E17-G17 -> 255546.56 | T17: =S17/G17 -> 0.11384553 | V17: =E17-I17 -> 589688.83 | W17: =V17/I17 -> 0.30865104
C20: Administration & General | E20: =E99 -> 840804.24 | F20: 0.3362915 | G20: =G99 -> 756320 | H20: 0.37663695 | I20: 719578.32 | J20: 0.29781411 | K20: 544373.11 | L20: 0.31621981 | M20: 637320.55 | N20: 0.33086796 | O20: 608071 | P20: 0.33086796 | Q20: 643672 | R20: 0.33086796 | S20: =E20-G20 -> 84484.24 | T20: =S20/G20 -> 0.11170436 | V20: =E20-I20 -> 121225.92 | W20: =V20/I20 -> 0.16846799
C21: Maintenance | E21: =E146 -> 904950.2 | F21: 0.36194758 | G21: =G146 -> 861759.71 | H21: 0.4051247 | I21: 774005.18 | J21: 0.27924147 | K21: 510424.26 | L21: 0.36419277 | M21: 734006.93 | N21: 0.34481257 | O21: 578011 | P21: 0.34481257 | Q21: 559890 | R21: 0.34481257 | S21: =E21-G21 -> 43190.485 | T21: =S21/G21 -> 0.050118942 | V21: =E21-I21 -> 130945.02 | W21: =V21/I21 -> 0.16917848
C22: Pool & Beach | E22: =E185 -> 392210.59 | F22: 0.15687015 | G22: =G185 -> 355957.31 | H22: 0.19444731 | I22: 371498.52 | J22: 0.10076485 | K22: 184187.62 | L22: 0.17781562 | M22: 358375.86 | N22: 0.17756412 | O22: 287113 | P22: 0.17756412 | Q22: 167212 | R22: 0.17756412 | S22: =E22-G22 -> 36253.281 | T22: =S22/G22 -> 0.10184727 | V22: =E22-I22 -> 20712.076 | W22: =V22/I22 -> 0.055752783
C23: Common Areas | E23: =E209 -> 71941.579 | F23: 0.028774048 | G23: =G209 -> 66325.49 | H23: 0.034984471 | I23: 66839.08 | J23: 0.024605366 | K23: 44976.04 | L23: 0.029853984 | M23: 60168.77 | N23: 0.030557502 | O23: 59625 | P23: 0.030557502 | Q23: 57121 | R23: 0.030557502 | S23: =E23-G23 -> 5616.0891 | T23: =S23/G23 -> 0.084674672 | V23: =E23-I23 -> 5102.4991 | W23: =V23/I23 -> 0.076340056
C24: Utilities | E24: =E222 -> 290312.61 | F24: 0.11611462 | G24: =G222 -> 270641.46 | H24: 0.10175035 | I24: 194397.68 | J24: 0.1203815 | K24: 220044.81 | L24: 0.11218981 | M24: 226111.3 | N24: 0.11554991 | O24: 223068 | P24: 0.11554991 | Q24: 183212 | R24: 0.11554991 | S24: =E24-G24 -> 19671.151 | T24: =S24/G24 -> 0.072683435 | V24: =E24-I24 -> 95914.926 | W24: =V24/I24 -> 0.49339542
C27: TOTAL EXPENSES | E27: =SUM(E20:E26) -> 2500219.2 | F27: 0.99999789 | G27: =SUM(G20:G26) -> 2311004 | H27: 1.1129438 | I27: =SUM(I20:I26) -> 2126318.8 | J27: 0.8228073 | K27: =SUM(K20:K26) -> 1504005.8 | L27: 1.000272 | M27: =SUM(M20:M26) -> 2015983.4 | N27: 0.99935207 | O27: =SUM(O20:O26) -> 1755888 | P27: 0.99935207 | Q27: =SUM(Q20:Q26) -> 1611107 | R27: 0.99935207 | S27: =E27-G27 -> 189215.25 | T27: =S27/G27 -> 0.081875777 | V27: =E27-I27 -> 373900.44 | W27: =V27/I27 -> 0.17584402
C30: Insurance Assessment | E30: -636081 | F30: -0.25440956 | G30: -636081 | H30: -0.27678625 | I30: -528108 | J30: 0 | K30: -528108 | L30: 0 | M30: 0 | N30: 0 | O30: 0 | P30: 0 | Q30: 0 | R30: 0 | S30: =E30-G30 -> 0 | T30: =S30/G30 -> 0 | V30: =E30-I30 -> -107973 | W30: =V30/I30 -> 0.2044525
C31: Insurance Expenses | E31: 636081 | F31: 0.25440956 | G31: 636081 | H31: 0.27678625 | I31: 528108 | J31: 0 | K31: 528108 | L31: 0 | M31: 0 | N31: 0 | O31: 0 | P31: 0 | Q31: 0 | R31: 0 | S31: =E31-G31 -> 0 | T31: =S31/G31 -> 0 | V31: =E31-I31 -> 107973 | W31: =V31/I31 -> 0.2044525
C32: Management Fee | E32: 0 | F32: 0 | G32: 0 | H32: 0 | I32: 0 | J32: 0 | K32: 0 | L32: 0 | M32: 0 | N32: 0 | O32: 0 | P32: 0 | Q32: 0 | R32: 0 | S32: =E32-G32 -> 0 | V32: =E32-I32 -> 0
C35: TOTAL INSURANCE | E35: 0 | F35: 0 | G35: 0 | H35: 0 | I35: 0 | J35: 0 | K35: 0 | L35: 0 | M35: 0 | N35: 0 | O35: 0 | P35: 0 | Q35: 0 | R35: 0 | S35: =E35-G35 -> 0 | V35: =E35-I35 -> 0
C38: Reserve Assessment | E38: -414709.8 | F38: -0.16586903 | G38: -414709.8 | H38: -0.080364964 | I38: -153540.13 | J38: 0.038624646 | K38: -70601.82 | L38: 0.15632981 | M38: -315072.6 | N38: 0.15264827 | O38: 0 | P38: 0.15264827 | Q38: 0 | R38: 0.15264827 | S38: =E38-G38 -> 0 | T38: =S38/G38 -> 0 | V38: =E38-I38 -> -261169.67 | W38: =V38/I38 -> 1.7009864
C39: Reserve Fund | E39: 414709.8 | F39: 0.16586903 | G39: 414709.8 | H39: 0.080364964 | I39: 153540.13 | J39: -0.038624646 | K39: 70601.82 | L39: -0.15632981 | M39: 315072.6 | N39: -0.15264827 | O39: 0 | P39: -0.15264827 | Q39: 0 | R39: -0.15264827 | S39: =E39-G39 -> 0 | T39: =S39/G39 -> 0 | V39: =E39-I39 -> 261169.67 | W39: =V39/I39 -> 1.7009864
F40: 0 | H40: 0
C42: TOTAL RESERVE FUND | E42: 0 | F42: 0 | G42: 0 | H42: 0 | I42: 0 | J42: 0 | K42: 0 | L42: 0 | M42: 0 | N42: 0 | O42: 0 | P42: 0 | Q42: 0 | R42: 0 | S42: =E42-G42 -> 0 | V42: =E42-I42 -> 0
C44: PROFIT / (LOSS) | E44: =E17-E27 -> 5.2763787 | F44: 2.110362e-06 | G44: =G17-G27 -> -66326.035 | H44: -0.11294378 | I44: =I17-I27 -> -215783.12 | J44: 0.1771927 | K44: =K17-K27 -> 323889.76 | L44: -0.00027199584 | M44: =M17-M27 -> -548.19 | N44: 0.00064793221 | O44: =O17-O27 -> 57083 | P44: 0.00064793221 | Q44: =Q17-Q27 -> 77741 | R44: 0.00064793221 | S44: =E44-G44 -> 66331.311 | T44: =S44/G44 -> -1.0000796 | V44: =E44-I44 -> 215788.39 | W44: =V44/I44 -> -1.0000245
B49: REVENUES
E50: =E11 -> Budget 2023 | F50: % | G50: =G$11 -> Forecast 2022 | H50: =H$11 -> % | I50: =I11 -> Actual 2021 | J50: % | K50: =K11 -> Actual 2020 | L50: % | M50: =M11 -> Actual 2019 | N50: % | O50: =O11 -> Actual 2018 | P50: % | Q50: =Q11 -> Actual 2017 | R50: % | S50: =S11 -> 2023/2022 | V50: =V11 -> 2023/2021
C52: Strata Fees | E52: 1797324.9 | F52: 0.71886539 | G52: 1579663.1 | H52: 0.70279425 | I52: 1342713.5 | J52: 0.84259434 | K52: 1540174.5 | L52: 0.78378261 | M52: 1579663.1 | N52: 0.76532467 | O52: 1579663 | P52: 0.76532467 | Q52: 1577334 | R52: 0.76532467 | S52: =E52-G52 -> 217661.78 | T52: =S52/G52 -> 0.13779 | V52: =E52-I52 -> 454611.38 | W52: =V52/I52 -> 0.33857661
C53: Strata Storage Fees | E53: 2000 | F53: 0.00079992817 | G53: 2000 | H53: 0 | I53: 0 | J53: 0.0005470772 | K53: 1000 | L53: 0 | M53: 0 | N53: 0 | O53: 2000 | P53: 0 | Q53: 0 | R53: 0 | S53: =E53-G53 -> 0 | T53: =S53/G53 -> 0 | V53: =E53-I53 -> 2000
C54: Watersport Contribution | E54: 0 | F54: 0 | G54: 0 | H54: 0 | I54: 0 | J54: 0 | K54: 0 | L54: 0 | M54: 0 | N54: 0 | O54: 0 | P54: 0 | Q54: 0 | R54: 0 | S54: =E54-G54 -> 0 | V54: =E54-I54 -> 0
C55: Maintenance Revenue | E55: 444588.33 | F55: 0.17781936 | G55: 419749.25 | H55: 0.18295406 | I55: 349540.26 | J55: 0.079921621 | K55: 146088.38 | L55: 0.12149016 | M55: 244855.55 | N55: 0.13081122 | O55: 88225 | P55: 0.13081122 | Q55: 52383 | R55: 0.13081122 | S55: =E55-G55 -> 24839.075 | T55: =S55/G55 -> 0.059175985 | V55: =E55-I55 -> 95048.065 | W55: =V55/I55 -> 0.27192308
C56: Income from Water | E56: 20708.217 | F56: 0.0082825433 | G56: 20043.44 | H56: 0.008866796 | I56: 16940.33 | J56: 0.0052050183 | K56: 9514.23 | L56: 0.0094514921 | M56: 19048.87 | N56: 0.0093021314 | O56: 15453 | P56: 0.0093021314 | Q56: 8643 | R56: 0.0093021314 | S56: =E56-G56 -> 664.7775 | T56: =S56/G56 -> 0.033166837 | V56: =E56-I56 -> 3767.8875 | W56: =V56/I56 -> 0.22242114
C57: Income from Power | E57: 119622.23 | F57: 0.047844595 | G57: 110091.46 | H57: 0.042630212 | I57: 81446.54 | J57: 0.025118065 | K57: 45913.2 | L57: 0.032308724 | M57: 65116.14 | N57: 0.033720226 | O57: 53091 | P57: 0.033720226 | Q57: 36079 | R57: 0.033720226 | S57: =E57-G57 -> 9530.768 | T57: =S57/G57 -> 0.086571365 | V57: =E57-I57 -> 38175.688 | W57: =V57/I57 -> 0.46872081
C58: Income from Cable | E58: 2448 | F58: 0.00097911208 | G58: 2448 | H58: 0.005584057 | I58: 10668.54 | J58: 0.013802205 | K58: 25228.99 | L58: 0.01516141 | M58: 30556.84 | N58: 0.0078486734 | O58: 17342 | P58: 0.0078486734 | Q58: 2962 | R58: 0.0078486734 | S58: =E58-G58 -> 0 | T58: =S58/G58 -> 0 | V58: =E58-I58 -> -8220.54 | W58: =V58/I58 -> -0.7705403
C59: Income from Pest Control | E59: 8897.13 | F59: 0.0035585325 | G59: 6046.92 | H59: 0.0015315077 | I59: 2926 | J59: 0.0017922249 | K59: 3276 | L59: 0.0044878644 | M59: 9045 | N59: 0.0035755068 | O59: 6160 | P59: 0.0035755068 | Q59: 11447 | R59: 0.0035755068 | S59: =E59-G59 -> 2850.21 | T59: =S59/G59 -> 0.47134905 | V59: =E59-I59 -> 5971.13 | W59: =V59/I59 -> 2.0407143
C60: Villa Contributions | E60: 104635.73 | F60: 0.041850534 | G60: 104635.73 | H60: 0.055639113 | I60: 106300.51 | J60: 0.031019452 | K60: 56700.32 | L60: 0.033317737 | M60: 67149.74 | N60: 0.049417573 | O60: 51037 | P60: 0.049417573 | Q60: 0 | R60: 0.049417573 | S60: =E60-G60 -> 0 | T60: =S60/G60 -> 0 | V60: =E60-I60 -> -1664.78 | W60: =V60/I60 -> -0.015661073
C61: Other Income | E61: 0 | F61: 0 | G61: 0.05 | H61: 0 | I61: 0 | J61: 0 | K61: 0 | L61: 0 | M61: 0 | N61: 0 | O61: 0 | P61: 0 | Q61: 0 | R61: 0 | S61: =E61-G61 -> -0.05 | T61: =S61/G61 -> -1 | V61: =E61-I61 -> 0
C62: Interest Income | E62: 0 | F62: 0 | G62: 0 | H62: 0 | I62: 0 | J62: 0 | K62: 0 | L62: 0 | M62: 0 | N62: 0 | O62: 0 | P62: 0 | Q62: 0 | R62: 0 | S62: =E62-G62 -> 0 | V62: =E62-I62 -> 0
C65: TOTAL REVENUES | E65: =SUM(E52:E64) -> 2500224.5 | F65: 1 | G65: =SUM(G52:G64) -> 2244677.9 | H65: 1 | I65: =SUM(I52:I64) -> 1910535.7 | J65: 1 | K65: =SUM(K52:K64) -> 1827895.6 | L65: 1 | M65: =SUM(M52:M64) -> 2015435.2 | N65: 1 | O65: =SUM(O52:O64) -> 1812971 | P65: 1 | Q65: =SUM(Q52:Q64) -> 1688848 | R65: 1 | S65: =E65-G65 -> 255546.56 | V65: =E65-I65 -> 589688.83
B69: ADMIN & GENERAL
E70: =E50 -> Budget 2023 | F70: % | G70: =G$11 -> Forecast 2022 | H70: =H$11 -> % | I70: =I11 -> Actual 2021 | J70: % | K70: =K50 -> Actual 2020 | L70: % | M70: =M50 -> Actual 2019 | N70: % | O70: =O50 -> Actual 2018 | P70: % | Q70: =Q50 -> Actual 2017 | R70: % | S70: =S11 -> 2023/2022 | V70: =V11 -> 2023/2021
C71: Security Payroll | E71: 122156.32 | F71: 0.048858139 | G71: 91777.95 | H71: 0.038979817 | I71: 74472.33 | J71: 0.033537003 | K71: 61302.14 | L71: 0.036420843 | M71: 73403.85 | N71: 0.046510657 | O71: 58699 | P71: 0.046510657 | Q71: 86385 | R71: 0.046510657 | S71: =E71-G71 -> 30378.365 | T71: =S71/G71 -> 0.33099852 | V71: =E71-I71 -> 47683.985 | W71: =V71/I71 -> 0.6402913
C72: Vacation Pay | E72: 3298.8713 | F72: 0.0013194301 | G72: 2470.02 | H72: 0.0028894253 | I72: 5520.35 | J72: 0.0021406201 | K72: 3912.83 | L72: 0.0011114423 | M72: 2240.04 | N72: 0.0010871866 | O72: 2487 | P72: 0.0010871866 | Q72: 2744 | R72: 0.0010871866 | S72: =E72-G72 -> 828.85132 | T72: =S72/G72 -> 0.33556462 | V72: =E72-I72 -> -2221.4787 | W72: =V72/I72 -> -0.40241627
C73: Holiday Pay | E73: 3159.1439 | F73: 0.0012635441 | G73: 2368.43 | H73: 0.00078718761 | I73: 1503.95 | J73: 0.00067983095 | K73: 1242.66 | L73: 0.00071376147 | M73: 1438.54 | N73: 0.0011627664 | O73: 1232 | P73: 0.0011627664 | Q73: 2537 | R73: 0.0011627664 | S73: =E73-G73 -> 790.71394 | T73: =S73/G73 -> 0.33385574 | V73: =E73-I73 -> 1655.1939 | W73: =V73/I73 -> 1.1005645
C74: Sick Pay | E74: 2340.4121 | F74: 0.00093608078 | G74: 1749.77 | H74: 0.00060570448 | I74: 1157.22 | J74: 0.00066075984 | K74: 1207.8 | L74: 0.00096157891 | M74: 1938 | N74: 0.00087207482 | O74: 1329 | P74: 0.00087207482 | Q74: 1517 | R74: 0.00087207482 | S74: =E74-G74 -> 590.6421 | T74: =S74/G74 -> 0.33755413 | V74: =E74-I74 -> 1183.1921 | W74: =V74/I74 -> 1.0224435
C75: Employee Meals | E75: 4354.537 | F75: 0.0017416584 | G75: 3961.69 | H75: 0.0019116157 | I75: 3652.21 | J75: 0.0017405152 | K75: 3181.48 | L75: 0.0015322348 | M75: 3088.12 | N75: 0.0018313571 | O75: 4131 | P75: 0.0018313571 | Q75: 5562 | R75: 0.0018313571 | S75: =E75-G75 -> 392.847 | T75: =S75/G75 -> 0.099161469 | V75: =E75-I75 -> 702.327 | W75: =V75/I75 -> 0.19230192
C76: Bonus Provision | E76: 517.5 | F76: 0.00020698141 | G76: 517.5 | H76: 0 | I76: 0 | J76: 0.00022156626 | K76: 405 | L76: 0 | M76: 0 | N76: 0 | O76: 0 | P76: 0 | Q76: 0 | R76: 0 | S76: =E76-G76 -> 0 | V76: =E76-I76 -> 517.5
C77: Employee Relations | E77: 8971.79 | F77: 0.0035883938 | G77: 10338.45 | H77: 0.0040154131 | I77: 7671.59 | J77: 0.00088247928 | K77: 1613.08 | L77: 0.0045557455 | M77: 9181.81 | N77: 0.0069765986 | O77: 8311 | P77: 0.0069765986 | Q77: 0 | R77: 0.0069765986 | S77: =E77-G77 -> -1366.66 | T77: =S77/G77 -> -0.13219196 | V77: =E77-I77 -> 1300.2 | W77: =V77/I77 -> 0.16948247
C78: Payroll Taxes | E78: 17922.88 | F78: 0.0071685083 | G78: 12296.06 | H78: 0.0047067114 | I78: 8992.34 | J78: 0.0033430629 | K78: 6110.77 | L78: 0.0040689574 | M78: 8200.72 | N78: 0.0042150283 | O78: 6434 | P78: 0.0042150283 | Q78: 8662 | R78: 0.0042150283 | S78: =E78-G78 -> 5626.82 | T78: =S78/G78 -> 0.45761163 | V78: =E78-I78 -> 8930.54 | W78: =V78/I78 -> 0.99312749
S79: =E79-G79 -> 0 | V79: =E79-I79 -> 0
S80: =E80-G80 -> 0 | V80: =E80-I80 -> 0
C81: TOTAL PAYROLL & RELATED | E81: =SUM(E71:E80) -> 162721.45 | F81: 0.065082736 | G81: =SUM(G71:G80) -> 125479.87 | H81: 0.053895874 | I81: =SUM(I71:I80) -> 102969.99 | J81: 0.043205837 | K81: =SUM(K71:K80) -> 78975.76 | L81: 0.049364564 | M81: =SUM(M71:M80) -> 99491.08 | N81: 0.062655669 | O81: =SUM(O71:O80) -> 82623 | P81: 0.062655669 | Q81: =SUM(Q71:Q80) -> 107407 | R81: 0.062655669 | S81: =E81-G81 -> 37241.58 | T81: =S81/G81 -> 0.29679326 | V81: =E81-I81 -> 59751.46 | W81: =V81/I81 -> 0.58028033
S82: =E82-G82 -> 0 | V82: =E82-I82 -> 0
S83: =E83-G83 -> 0 | V83: =E83-I83 -> 0
C84: Bank Charges | E84: 2050.26 | F84: 0.00082003037 | G84: 2086.52 | H84: 0.0010726835 | I84: 2049.4 | J84: 0.00092582421 | K84: 1692.31 | L84: 0.0012290794 | M84: 2477.13 | N84: 0.0011627664 | O84: 2077 | P84: 0.0011627664 | Q84: 1800 | R84: 0.0011627664 | S84: =E84-G84 -> -36.26 | T84: =S84/G84 -> -0.017378218 | V84: =E84-I84 -> 0.86 | W84: =V84/I84 -> 0.00041963502
C85: Work Permits | E85: 0 | F85: 0 | G85: 0 | H85: 0 | I85: 0 | J85: 0 | K85: 0 | L85: 0 | M85: 0 | N85: 0 | O85: 0 | P85: 0 | Q85: 0 | R85: 0 | S85: =E85-G85 -> 0 | V85: =E85-I85 -> 0
C86: Outside Security Services & supplies | E86: 164293.6 | F86: 0.06571154 | G86: 119523.41 | H86: 0.063466787 | I86: 121255.56 | J86: 0.01002246 | K86: 18320.01 | L86: 0.039273661 | M86: 79153.52 | N86: 0.036336451 | O86: 72749 | P86: 0.036336451 | Q86: 122321 | R86: 0.036336451 | S86: =E86-G86 -> 44770.196 | T86: =S86/G86 -> 0.37457263 | V86: =E86-I86 -> 43038.042 | W86: =V86/I86 -> 0.35493665
C87: Telephone | E87: 1650 | F87: 0.00065994074 | G87: 1605.28 | H87: 0.00085635669 | I87: 1636.1 | J87: 0.0008694862 | K87: 1589.33 | L87: 0.00066967173 | M87: 1349.68 | N87: 0.0011627664 | O87: 2560 | P87: 0.0011627664 | Q87: 0 | R87: 0.0011627664 | S87: =E87-G87 -> 44.72 | T87: =S87/G87 -> 0.027858068 | V87: =E87-I87 -> 13.9 | W87: =V87/I87 -> 0.0084958132
C88: D&O Liability Insurance | E88: 25000 | F88: 0.0099991021 | G88: 23587.02 | H88: 0.010303854 | I88: 19685.88 | J88: 0.0027582155 | K88: 5041.73 | L88: 0.0019198831 | M88: 3869.4 | N88: 0.0018313571 | O88: 2990 | P88: 0.0018313571 | Q88: 0 | R88: 0.0018313571 | S88: =E88-G88 -> 1412.98 | T88: =S88/G88 -> 0.059904982 | V88: =E88-I88 -> 5314.12 | W88: =V88/I88 -> 0.26994577
C89: Gym | E89: 44250 | F89: 0.017698411 | G89: 44250 | H89: 0.024435812 | I89: 46685.49 | J89: 0.018115745 | K89: 33113.69 | L89: 0.020042123 | M89: 40393.6 | N89: 0.020639104 | O89: 38400 | P89: 0.020639104 | Q89: 30000 | R89: 0.020639104 | S89: =E89-G89 -> 0 | T89: =S89/G89 -> 0 | V89: =E89-I89 -> -2435.49 | W89: =V89/I89 -> -0.052168029
C90: Management Fee | E90: 417338.88 | F90: 0.16692056 | G90: 417338.88 | H90: 0.21207841 | I90: 405183.36 | J90: 0.21521142 | K90: 393384 | L90: 0.18949952 | M90: 381924 | N90: 0.19058794 | O90: 370800 | P90: 0.19058794 | Q90: 360000 | R90: 0.19058794 | S90: =E90-G90 -> 0 | T90: =S90/G90 -> 0 | V90: =E90-I90 -> 12155.52 | W90: =V90/I90 -> 0.030000047
C91: Back of House Building contrib | E91: 22000.044 | F91: 0.0087992275 | G91: 20000.04 | H91: 0.010468289 | I91: 20000.04 | J91: 0.0086985438 | K91: 15900.03 | L91: 0.0099234646 | M91: 20000.1 | N91: 0.0096897202 | O91: 20000 | P91: 0.0096897202 | Q91: 20000 | R91: 0.0096897202 | S91: =E91-G91 -> 2000.004 | T91: =S91/G91 -> 0.1 | V91: =E91-I91 -> 2000.004 | W91: =V91/I91 -> 0.1
C92: Other Expenses | E92: 1500 | F92: 0.00059994613 | G92: 2448.98 | H92: 5.888401e-05 | I92: 112.5 | J92: 0.00057785029 | K92: 1056.25 | L92: 0.0019162313 | M92: 3862.04 | N92: 0.0041859591 | O92: 10584 | P92: 0.0041859591 | Q92: 2144 | R92: 0.0041859591 | S92: =E92-G92 -> -948.98 | T92: =S92/G92 -> -0.3875001 | V92: =E92-I92 -> 1387.5 | W92: =V92/I92 -> 12.333333
C93: Travelling Expenses | E93: 0 | F93: 0 | G93: 0 | H93: 0 | I93: 0 | J93: -0.0025712628 | K93: -4700 | L93: 0.0023816196 | M93: 4800 | N93: 0.0026162245 | O93: 5288 | P93: 0.0026162245 | Q93: 0 | R93: 0.0026162245 | S93: =E93-G93 -> 0 | V93: =E93-I93 -> 0
C96: TOTAL OTHER EXPENSES | E96: =SUM(E84:E95) -> 678082.79 | F96: 0.27120876 | G96: =SUM(G84:G95) -> 630840.13 | H96: 0.32274107 | I96: =SUM(I84:I95) -> 616608.33 | J96: 0.25460828 | K96: =SUM(K84:K95) -> 465397.35 | L96: 0.26685525 | M96: =SUM(M84:M95) -> 537829.47 | N96: 0.26821229 | O96: =SUM(O84:O95) -> 525448 | P96: 0.26821229 | Q96: =SUM(Q84:Q95) -> 536265 | R96: 0.26821229 | S96: =E96-G96 -> 47242.66 | T96: =S96/G96 -> 0.074888483 | V96: =E96-I96 -> 61474.456 | W96: =V96/I96 -> 0.099697738
C99: TOTAL ADMIN & GEN EXPENSES | E99: =E96+E81 -> 840804.24 | F99: 0.3362915 | G99: =G96+G81 -> 756320 | H99: 0.37663695 | I99: =I96+I81 -> 719578.32 | J99: 0.29781411 | K99: =K96+K81 -> 544373.11 | L99: 0.31621981 | M99: =M96+M81 -> 637320.55 | N99: 0.33086796 | O99: =O96+O81 -> 608071 | P99: 0.33086796 | Q99: =Q96+Q81 -> 643672 | R99: 0.33086796 | S99: =E99-G99 -> 84484.24 | T99: =S99/G99 -> 0.11170436 | V99: =E99-I99 -> 121225.92 | W99: =V99/I99 -> 0.16846799
B103: MAINTENANCE
E104: =E70 -> Budget 2023 | F104: % | G104: =G$11 -> Forecast 2022 | H104: =H$11 -> % | I104: =I11 -> Actual 2021 | J104: % | K104: =K70 -> Actual 2020 | L104: % | M104: =M70 -> Actual 2019 | N104: % | O104: =O70 -> Actual 2018 | P104: % | Q104: =Q70 -> Actual 2017 | R104: % | S104: =S11 -> 2023/2022 | V104: =V11 -> 2023/2021
C106: Engineering Payroll | E106: 245772.18 | F106: 0.098300045 | G106: 233628.73 | H106: 0.11439693 | I106: 218559.42 | J106: 0.059396138 | K106: 108569.94 | L106: 0.094524204 | M106: 190507.41 | N106: 0.098835146 | O106: 180956 | P106: 0.098835146 | Q106: 175991 | R106: 0.098835146 | S106: =E106-G106 -> 12143.449 | T106: =S106/G106 -> 0.051977548 | V106: =E106-I106 -> 27212.759 | W106: =V106/I106 -> 0.12450966
C107: Landscaping Payroll | E107: 101211.73 | F107: 0.040481059 | G107: 85270.45 | H107: 0.037225005 | I107: 71119.7 | J107: 0.030425988 | K107: 55615.53 | L107: 0.044455291 | M107: 89596.76 | N107: 0.043603741 | O107: 28152 | P107: 0.043603741 | Q107: 37171 | R107: 0.043603741 | S107: =E107-G107 -> 15941.284 | T107: =S107/G107 -> 0.18694969 | V107: =E107-I107 -> 30092.034 | W107: =V107/I107 -> 0.42311813
C108: Vacation Pay | E108: 11243.745 | F108: 0.0044970941 | G108: 10238.9 | H108: 0.0019747655 | I108: 3772.86 | J108: 0.0072082125 | K108: 13175.86 | L108: 0.0020516462 | M108: 4134.96 | N108: 0.0021801871 | O108: 4166 | P108: 0.0021801871 | Q108: 9535 | R108: 0.0021801871 | S108: =E108-G108 -> 1004.8447 | T108: =S108/G108 -> 0.098139907 | V108: =E108-I108 -> 7470.8847 | W108: =V108/I108 -> 1.9801648
C109: Holiday Pay | E109: 5847.6133 | F109: 0.0023388353 | G109: 5264.61 | H109: 0.001859981 | I109: 3553.56 | J109: 0.0013110103 | K109: 2396.39 | L109: 0.0020317597 | M109: 4094.88 | N109: 0.0046510657 | O109: 3522 | P109: 0.0046510657 | Q109: 3030 | R109: 0.0046510657 | S109: =E109-G109 -> 583.00325 | T109: =S109/G109 -> 0.11074006 | V109: =E109-I109 -> 2294.0533 | W109: =V109/I109 -> 0.6455648
C110: Sick Pay | E110: 2173.4036 | F110: 0.00086928338 | G110: 2026.63 | H110: 0.0010695534 | I110: 2043.42 | J110: 0.00073759136 | K110: 1348.24 | L110: 0.0016980997 | M110: 3422.41 | N110: 0.0021801871 | O110: 1961 | P110: 0.0021801871 | Q110: 3056 | R110: 0.0021801871 | S110: =E110-G110 -> 146.77358 | T110: =S110/G110 -> 0.072422485 | V110: =E110-I110 -> 129.98358 | W110: =V110/I110 -> 0.0636108
C111: Home Leave | E111: 566 | F111: 0.00022637967 | G111: 477.26 | H111: 0.00022899337 | I111: 437.5 | J111: 0.00013599245 | K111: 248.58 | L111: 0.0002683738 | M111: 540.89 | N111: 0 | O111: 341 | P111: 0 | Q111: 1028 | R111: 0 | S111: =E111-G111 -> 88.74 | T111: =S111/G111 -> 0.18593639 | V111: =E111-I111 -> 128.5 | W111: =V111/I111 -> 0.29371429
C112: Health Insurance | E112: 0 | F112: 0 | G112: 0 | H112: 0 | I112: 0 | J112: 0 | K112: 0 | L112: 0 | M112: 0 | N112: 0 | O112: 0 | P112: 0 | Q112: 0 | R112: 0 | S112: =E112-G112 -> 0 | V112: =E112-I112 -> 0
C113: Work Pemits | E113: 12500 | F113: 0.0049995511 | G113: 24097.3 | H113: 0.010779218 | I113: 20594.08 | J113: 0.0084066891 | K113: 15366.55 | L113: 0.010662888 | M113: 21490.36 | N113: 0.01453458 | O113: 28347 | P113: 0.01453458 | Q113: 6743 | R113: 0.01453458 | S113: =E113-G113 -> -11597.3 | T113: =S113/G113 -> -0.48126969 | V113: =E113-I113 -> -8094.08 | W113: =V113/I113 -> -0.39302945
C114: Employee Meals | E114: 14052.739 | F114: 0.0056205909 | G114: 12775.09 | H114: 0.0038686323 | I114: 7391.16 | J114: 0.003770095 | K114: 6891.34 | L114: 0.003673544 | M114: 7403.79 | N114: 0.0034882993 | O114: 8249 | P114: 0.0034882993 | Q114: 8359 | R114: 0.0034882993 | S114: =E114-G114 -> 1277.649 | T114: =S114/G114 -> 0.10001096 | V114: =E114-I114 -> 6661.579 | W114: =V114/I114 -> 0.90129005
C115: Bonus Provision | E115: 1187.14 | F115: 0.00047481336 | G115: 1187.14 | H115: 0 | I115: 0 | J115: 0.00057518602 | K115: 1051.38 | L115: 0.000815149 | M115: 1642.88 | N115: 0 | O115: 0 | P115: 0 | Q115: 0 | R115: 0 | S115: =E115-G115 -> 0 | V115: =E115-I115 -> 1187.14
C116: Employee Housing | E116: 29072 | F116: 0.011627756 | G116: 25648.71 | H116: 0.013994777 | I116: 26737.52 | J116: 0.013058536 | K116: 23869.64 | L116: 0.013311041 | M116: 26827.54 | N116: 0.012790431 | O116: 18475 | P116: 0.012790431 | Q116: 26713 | R116: 0.012790431 | S116: =E116-G116 -> 3423.29 | T116: =S116/G116 -> 0.13346831 | V116: =E116-I116 -> 2334.48 | W116: =V116/I116 -> 0.087311015
C117: Payroll Taxes | E117: 36161.246 | F117: 0.0144632 | G117: 30320.61 | H117: 0.011578198 | I117: 22120.56 | J117: 0.0083163831 | K117: 15201.48 | L117: 0.010707682 | M117: 21580.64 | N117: 0.012790431 | O117: 15009 | P117: 0.012790431 | Q117: 15744 | R117: 0.012790431 | S117: =E117-G117 -> 5840.636 | T117: =S117/G117 -> 0.19262924 | V117: =E117-I117 -> 14040.686 | W117: =V117/I117 -> 0.63473465
S118: =E118-G118 -> 0 | V118: =E118-I118 -> 0
C119: TOTAL PAYROLL & RELATED | E119: =SUM(E106:E118) -> 459787.8 | F119: 0.18389861 | G119: =SUM(G106:G118) -> 430935.43 | H119: 0.19697606 | I119: =SUM(I106:I118) -> 376329.78 | J119: 0.13334182 | K119: =SUM(K106:K118) -> 243734.93 | L119: 0.18419968 | M119: =SUM(M106:M118) -> 371242.52 | N119: 0.19505407 | O119: =SUM(O106:O118) -> 289178 | P119: 0.19505407 | Q119: =SUM(Q106:Q118) -> 287370 | R119: 0.19505407 | S119: =E119-G119 -> 28852.369 | T119: =S119/G119 -> 0.066952883 | V119: =E119-I119 -> 83458.019 | W119: =V119/I119 -> 0.22176831
S120: =E120-G120 -> 0 | V120: =E120-I120 -> 0
S121: =E121-G121 -> 0 | V121: =E121-I121 -> 0
C122: Vehicles & Transportation | E122: 33929.295 | F122: 0.0135705 | G122: 33181.84 | H122: 0.014323318 | I122: 27365.21 | J122: 0.0051686814 | K122: 9447.81 | L122: 0.0098933867 | M122: 19939.48 | N122: 0.011046281 | O122: 18903 | P122: 0.011046281 | Q122: 13576 | R122: 0.011046281 | S122: =E122-G122 -> 747.4552 | T122: =S122/G122 -> 0.022526032 | V122: =E122-I122 -> 6564.0852 | W122: =V122/I122 -> 0.23986972
C123: A/C Related | E123: 20499.681 | F123: 0.008199136 | G123: 20461.07 | H123: 0.01825331 | I123: 34873.6 | J123: 0.011820133 | K123: 21605.97 | L123: 0.0095766908 | M123: 19301.2 | N123: 0.0093021314 | O123: 16725 | P123: 0.0093021314 | Q123: 0 | R123: 0.0093021314 | S123: =E123-G123 -> 38.6107 | T123: =S123/G123 -> 0.0018870323 | V123: =E123-I123 -> -14373.919 | W123: =V123/I123 -> -0.41217194
C124: Maintenance Supplies | E124: 191601.1 | F124: 0.07663356 | G124: 189969.33 | H124: 0.075494299 | I124: 144234.55 | J124: 0.06656094 | K124: 121666.45 | L124: 0.058655852 | M124: 118217.07 | N124: 0.046510657 | O124: 37586 | P124: 0.046510657 | Q124: 24505 | R124: 0.046510657 | S124: =E124-G124 -> 1631.7732 | T124: =S124/G124 -> 0.0085896666 | V124: =E124-I124 -> 47366.553 | W124: =V124/I124 -> 0.32839949
C125: Hurricane Supplies | E125: 5000.36 | F125: 0.0019999644 | G125: 11535.02 | H125: 0.00024504123 | I125: 468.16 | J125: 0.0021007983 | K125: 3840.04 | L125: 0.0075272675 | M125: 15170.72 | N125: 0.0058138321 | O125: 24 | P125: 0.0058138321 | Q125: 0 | R125: 0.0058138321 | S125: =E125-G125 -> -6534.66 | T125: =S125/G125 -> -0.56650617 | V125: =E125-I125 -> 4532.2 | W125: =V125/I125 -> 9.6808783
C126: Building Maintenance | E126: 0 | F126: 0 | G126: 0 | H126: 0 | I126: 0 | J126: 0 | K126: 0 | L126: 0.0023290106 | M126: 4693.97 | N126: 0 | O126: 8819 | P126: 0 | Q126: 20618 | R126: 0 | S126: =E126-G126 -> 0 | V126: =E126-I126 -> 0
C127: Office Supplies | E127: 1600.02 | F127: 0.00063995054 | G127: 928.42 | H127: 0.00042223237 | I127: 806.69 | J127: 0.00043739916 | K127: 799.52 | L127: 0.00093631886 | M127: 1887.09 | N127: 0.00087207482 | O127: 0 | P127: 0.00087207482 | Q127: 0 | R127: 0.00087207482 | S127: =E127-G127 -> 671.6 | T127: =S127/G127 -> 0.7233795 | V127: =E127-I127 -> 793.33 | W127: =V127/I127 -> 0.9834385
C128: Uniforms | E128: 4999.57 | F128: 0.0019996484 | G128: 7110.69 | H128: 0.002899166 | I128: 5538.96 | J128: 0.0026719141 | K128: 4883.98 | L128: 0.002037813 | M128: 4107.08 | N128: 0.0026162245 | O128: 2249 | P128: 0.0026162245 | Q128: 3087 | R128: 0.0026162245 | S128: =E128-G128 -> -2111.12 | T128: =S128/G128 -> -0.29689383 | V128: =E128-I128 -> -539.39 | W128: =V128/I128 -> -0.097381097
C129: Painting & Decorations | E129: 13099.73 | F129: 0.0052394215 | G129: 11675.73 | H129: 0.015512398 | I129: 29636.99 | J129: 0.0066191581 | K129: 12099.13 | L129: 0.0062621412 | M129: 12620.94 | N129: 0.0058138321 | O129: 4034 | P129: 0.0058138321 | Q129: 13574 | R129: 0.0058138321 | S129: =E129-G129 -> 1424 | T129: =S129/G129 -> 0.1219624 | V129: =E129-I129 -> -16537.26 | W129: =V129/I129 -> -0.55799391
C130: Electrical & Bulbs | E130: 15985.81 | F130: 0.0063937499 | G130: 8873.81 | H130: 0.005775218 | I130: 11033.76 | J130: 0.0017749865 | K130: 3244.49 | L130: 0.0078691589 | M130: 15859.78 | N130: 0.0037208526 | O130: 6665 | P130: 0.0037208526 | Q130: 16462 | R130: 0.0037208526 | S130: =E130-G130 -> 7112 | T130: =S130/G130 -> 0.80145958 | V130: =E130-I130 -> 4952.05 | W130: =V130/I130 -> 0.44880893
C131: Locks & Keys | E131: 549.93 | F131: 0.00021995225 | G131: 299.93 | H131: 0.0043371815 | I131: 8286.34 | J131: 1.0892307e-05 | K131: 19.91 | L131: 0.00021252482 | M131: 428.33 | N131: 0.00029069161 | O131: 3851 | P131: 0.00029069161 | Q131: 779 | R131: 0.00029069161 | S131: =E131-G131 -> 250 | T131: =S131/G131 -> 0.83352782 | V131: =E131-I131 -> -7736.41 | W131: =V131/I131 -> -0.93363415
C132: Furniture & Equipment | E132: 4099.5 | F132: 0.0016396528 | G132: 3943.5 | H132: 0.00032250641 | I132: 616.16 | J132: 0 | K132: 0 | L132: 0 | M132: 0 | N132: 0 | O132: 6116 | P132: 0 | Q132: 11255 | R132: 0 | S132: =E132-G132 -> 156 | T132: =S132/G132 -> 0.039558768 | V132: =E132-I132 -> 3483.34 | W132: =V132/I132 -> 5.6533043
C133: Plumbing | E133: 0 | F133: 0 | G133: 0 | H133: 0 | I133: 0 | J133: 0 | K133: 0 | L133: 0.00074425612 | M133: 1500 | N133: 0 | O133: 10905 | P133: 0 | Q133: 502 | R133: 0 | S133: =E133-G133 -> 0 | V133: =E133-I133 -> 0
C134: Elevators | E134: 30499.5 | F134: 0.012198705 | G134: 28287.5 | H134: 0.015464249 | I134: 29545 | J134: 0.010431351 | K134: 19067.42 | L134: 0.01463282 | M134: 29491.5 | N134: 0.012790431 | O134: 26625 | P134: 0.012790431 | Q134: 24500 | R134: 0.012790431 | S134: =E134-G134 -> 2212 | T134: =S134/G134 -> 0.078197084 | V134: =E134-I134 -> 954.5 | W134: =V134/I134 -> 0.032306651
C135: Garbage Removal | E135: 28166.96 | F135: 0.011265772 | G135: 21374.334 | H135: 0.011882123 | I135: 22701.22 | J135: 0.0055159879 | K135: 10082.65 | L135: 0.013246449 | M135: 26697.36 | N135: 0.013191585 | O135: 28812 | P135: 0.013191585 | Q135: 28485 | R135: 0.013191585 | S135: =E135-G135 -> 6792.6264 | T135: =S135/G135 -> 0.3177936 | V135: =E135-I135 -> 5465.74 | W135: =V135/I135 -> 0.24076856
C136: Telephone | E136: 5999.68 | F136: 0.0023996565 | G136: 6055.32 | H136: 0.0024583629 | I136: 4696.79 | J136: 0.0034799362 | K136: 6360.96 | L136: 0.0048119383 | M136: 9698.15 | N136: 0.0049417573 | O136: 5728 | P136: 0.0049417573 | Q136: 2041 | R136: 0.0049417573 | S136: =E136-G136 -> -55.64 | T136: =S136/G136 -> -0.0091886143 | V136: =E136-I136 -> 1302.89 | W136: =V136/I136 -> 0.2774001
C137: Fire Protection / Life Safety | E137: 14131.02 | F137: 0.0056519005 | G137: 7570.59 | H137: 0.015539218 | I137: 29688.23 | J137: 0.014838419 | K137: 27123.08 | L137: 0.0061551619 | M137: 12405.33 | N137: 0.0058138321 | O137: 7310 | P137: 0.0058138321 | Q137: 12904 | R137: 0.0058138321 | S137: =E137-G137 -> 6560.43 | T137: =S137/G137 -> 0.86656786 | V137: =E137-I137 -> -15557.21 | W137: =V137/I137 -> -0.52401945
C138: Grounds & Landscaping | E138: 45000.15 | F138: 0.017998444 | G138: 45242.43 | H138: 0.016628494 | I138: 31769.33 | J138: 0.0089373813 | K138: 16336.6 | L138: 0.017656896 | M138: 35586.33 | N138: 0.011627664 | O138: 78449 | P138: 0.011627664 | Q138: 98585 | R138: 0.011627664 | S138: =E138-G138 -> -242.28 | T138: =S138/G138 -> -0.00535515 | V138: =E138-I138 -> 13230.82 | W138: =V138/I138 -> 0.41646519
C139: Other Expenses | E139: 0 | F139: 0 | G139: 0 | H139: 0 | I139: 0 | J139: 0 | K139: 0 | L139: 7.6087784e-05 | M139: 153.35 | N139: 0 | O139: 1712 | P139: 0 | Q139: 1647 | R139: 0 | S139: =E139-G139 -> 0 | V139: =E139-I139 -> 0
...

Sheet 2023 Strata #125 Budget Mthly
D1: 1
D4: Proprietors of Strata Plan #125 | T4: Proprietors of Strata Plan #125
D5: Reporting 2023- budget - monthly | T5: Reporting 2022- budget - year to date
B7: 1 | F7: 1 | G7: 1 | H7: 1 | I7: 1 | J7: 1 | K7: 1 | L7: 1 | M7: 1 | N7: 1 | O7: 1 | P7: 1 | Q7: 1 | S7: 1 | T7: 1 | U7: 1 | V7: 1 | W7: 1 | X7: 1 | Y7: 1 | Z7: 1 | AA7: 1 | AB7: 1 | AC7: 1 | AD7: 1 | AE7: 1 | AF7: 1
D11: SUMMARY STATEMENT
F12: 44927 | G12: 44958 | H12: 44986 | I12: 45017 | J12: 45047 | K12: 45078 | L12: 45108 | M12: 45139 | N12: 45170 | O12: 45200 | P12: 45231 | Q12: 45261 | T12: =F12 -> 44927 | U12: =G12 -> 44958 | V12: =H12 -> 44986 | W12: =I12 -> 45017 | X12: =J12 -> 45047 | Y12: =K12 -> 45078 | Z12: =L12 -> 45108 | AA12: =M12 -> 45139 | ... AE12: =Q12 -> 45261
B14: SUM100 | E14: Revenues | F14: 200340.01 | G14: 203735.46 | H14: 249934.43 | I14: 193738.4 | J14: 208413.72 | K14: 179450.25 | L14: 198602.8 | M14: 194698.94 | N14: 246214.18 | O14: 204131.88 | P14: 197458.99 | Q14: 223505.44 | S14: =B14 -> SUM100 | T14: =T65 -> 200340.01 | U14: =U65 -> 404075.47 | V14: =V65 -> 654009.89 | W14: =W65 -> 847748.29 | X14: =X65 -> 1056162 | Y14: =Y65 -> 1235612.3 | Z14: =Z65 -> 1434215.1 | AA14: =AA65 -> 1628914 | ... AE14: =AE65 -> 2500224.5
B15: 0 | S15: =B15 -> 0
B16: 0 | S16: =B16 -> 0
B17: SUM 400 | E17: TOTAL REVENUES | F17: =SUM(F14:F16) -> 200340.01 | G17: =SUM(G14:G16) -> 203735.46 | H17: =SUM(H14:H16) -> 249934.43 | I17: =SUM(I14:I16) -> 193738.4 | J17: =SUM(J14:J16) -> 208413.72 | K17: =SUM(K14:K16) -> 179450.25 | L17: =SUM(L14:L16) -> 198602.8 | M17: =SUM(M14:M16) -> 194698.94 | ... Q17: =SUM(Q14:Q16) -> 223505.44 | S17: =B17 -> SUM 400 | T17: =SUM(T14:T16) -> 200340.01 | U17: =SUM(U14:U16) -> 404075.47 | V17: =SUM(V14:V16) -> 654009.89 | W17: =SUM(W14:W16) -> 847748.29 | X17: =SUM(X14:X16) -> 1056162 | Y17: =SUM(Y14:Y16) -> 1235612.3 | Z17: =SUM(Z14:Z16) -> 1434215.1 | AA17: =SUM(AA14:AA16) -> 1628914 | ... AE17: =SUM(AE14:AE16) -> 2500224.5
B18: 0 | S18: =B18 -> 0
B19: 0 | S19: =B19 -> 0
B20: SUM500 | E20: Administration & General | F20: 63345.291 | G20: 65002.513 | H20: 65630.345 | I20: 71897.172 | J20: 73803.011 | K20: 72183.037 | L20: 70989.347 | M20: 70114.589 | N20: 71316.818 | O20: 69826.298 | P20: 71848.188 | Q20: 74847.627 | S20: =B20 -> SUM500 | T20: =T99 -> 63345.291 | U20: =U99 -> 128347.8 | V20: =V99 -> 193978.15 | W20: =W99 -> 265875.32 | X20: =X99 -> 339678.33 | Y20: =Y99 -> 411861.37 | Z20: =Z99 -> 482850.72 | AA20: =AA99 -> 552965.3 | ... AE20: =AE99 -> 840804.24
B21: SUM600 | E21: Maintenance | F21: 78694.71 | G21: 65514.966 | H21: 69854.105 | I21: 66180.335 | J21: 67471.185 | K21: 72675.371 | L21: 79101.669 | M21: 94023.112 | N21: 75195.829 | O21: 80755.049 | P21: 75784.232 | Q21: 79699.636 | S21: =B21 -> SUM600 | T21: =T146 -> 78694.71 | U21: =U146 -> 144209.68 | V21: =V146 -> 214063.78 | W21: =W146 -> 280244.12 | X21: =X146 -> 347715.3 | Y21: =Y146 -> 420390.67 | Z21: =Z146 -> 499492.34 | AA21: =AA146 -> 593515.45 | ... AE21: =AE146 -> 904950.2
B22: SUM700 | E22: Pool & Beach | F22: 29651.308 | G22: 28466.661 | H22: 29519.347 | I22: 32681.39 | J22: 32228.815 | K22: 34971.883 | L22: 40020.166 | M22: 32729.308 | N22: 36150.266 | O22: 35345.179 | P22: 30639.301 | Q22: 29806.968 | S22: =B22 -> SUM700 | T22: =T185 -> 29651.308 | U22: =U185 -> 58117.968 | V22: =V185 -> 87637.316 | W22: =W185 -> 120318.71 | X22: =X185 -> 152547.52 | Y22: =Y185 -> 187519.4 | Z22: =Z185 -> 227539.57 | AA22: =AA185 -> 260268.88 | ... AE22: =AE185 -> 392210.59
B23: SUM800 | E23: Common Areas | F23: 6564.8813 | G23: 5482.3536 | H23: 5801.4741 | I23: 6287.3526 | J23: 6029.6054 | K23: 6202.6711 | L23: 6069.1285 | M23: 6127.4145 | N23: 5695.1302 | O23: 5909.9511 | P23: 5859.6654 | Q23: 5911.9511 | S23: =B23 -> SUM800 | T23: =T209 -> 6564.8813 | U23: =U209 -> 12047.235 | V23: =V209 -> 17848.709 | W23: =W209 -> 24136.062 | X23: =X209 -> 30165.667 | Y23: =Y209 -> 36368.338 | Z23: =Z209 -> 42437.467 | AA23: =AA209 -> 48564.881 | ... AE23: =AE209 -> 71941.579
B24: SUM900 | E24: Utilities | F24: 21609.022 | G24: 19533.832 | H24: 18665.373 | I24: 21419.978 | J24: 21903.72 | K24: 27222.193 | L24: 29503.854 | M24: 25864.456 | N24: 24085.635 | O24: 21478.973 | P24: 23677.079 | Q24: 35348.491 | S24: =B24 -> SUM900 | T24: =T222 -> 21609.022 | U24: =U222 -> 41142.854 | V24: =V222 -> 59808.227 | W24: =W222 -> 81228.205 | X24: =X222 -> 103131.93 | Y24: =Y222 -> 130354.12 | Z24: =Z222 -> 159857.97 | AA24: =AA222 -> 185722.43 | ... AE24: =AE222 -> 290312.61
B25: 0 | S25: =B25 -> 0
B26: 0 | S26: =B26 -> 0
B27: SUM1000 | E27: TOTAL EXPENSES | F27: =SUM(F20:F26) -> 199865.21 | G27: =SUM(G20:G26) -> 184000.33 | H27: =SUM(H20:H26) -> 189470.64 | I27: =SUM(I20:I26) -> 198466.23 | J27: =SUM(J20:J26) -> 201436.34 | K27: =SUM(K20:K26) -> 213255.15 | L27: =SUM(L20:L26) -> 225684.16 | M27: =SUM(M20:M26) -> 228858.88 | ... Q27: =SUM(Q20:Q26) -> 225614.67 | S27: =B27 -> SUM1000 | T27: =SUM(T20:T26) -> 199865.21 | U27: =SUM(U20:U26) -> 383865.54 | V27: =SUM(V20:V26) -> 573336.18 | W27: =SUM(W20:W26) -> 771802.41 | X27: =SUM(X20:X26) -> 973238.75 | Y27: =SUM(Y20:Y26) -> 1186493.9 | Z27: =SUM(Z20:Z26) -> 1412178.1 | AA27: =SUM(AA20:AA26) -> 1641036.9 | ... AE27: =SUM(AE20:AE26) -> 2500219.2
B28: 0 | S28: =B28 -> 0
B29: 0 | S29: =B29 -> 0
B30: INS100 | E30: Insurance Assessment | F30: 0 | G30: -636081 | H30: 0 | I30: 0 | J30: 0 | K30: 0 | L30: 0 | M30: 0 | N30: 0 | O30: 0 | P30: 0 | Q30: 0 | S30: =B30 -> INS100 | T30: =F30 -> 0 | U30: =T30+G30 -> -636081 | V30: =U30+H30 -> -636081 | W30: =V30+I30 -> -636081 | X30: =W30+J30 -> -636081 | Y30: =X30+K30 -> -636081 | Z30: =Y30+L30 -> -636081 | AA30: =Z30+M30 -> -636081 | AB30: =AA30+N30 -> -636081 | ... AE30: =AD30+Q30 -> -636081
B31: INS200 | E31: Insurance Expenses | F31: 0 | G31: 636081 | H31: 0 | I31: 0 | J31: 0 | K31: 0 | L31: 0 | M31: 0 | N31: 0 | O31: 0 | P31: 0 | Q31: 0 | S31: =B31 -> INS200 | T31: =F31 -> 0 | U31: =T31+G31 -> 636081 | V31: =U31+H31 -> 636081 | W31: =V31+I31 -> 636081 | X31: =W31+J31 -> 636081 | Y31: =X31+K31 -> 636081 | Z31: =Y31+L31 -> 636081 | AA31: =Z31+M31 -> 636081 | AB31: =AA31+N31 -> 636081 | ... AE31: =AD31+Q31 -> 636081
B32: NS300 | E32: Management Fee | F32: 0 | S32: =B32 -> NS300 | T32: =F32 -> 0 | U32: =T32+G32 -> 0 | V32: =U32+H32 -> 0 | W32: =V32+I32 -> 0 | X32: =W32+J32 -> 0 | Y32: =X32+K32 -> 0 | Z32: =Y32+L32 -> 0 | AA32: =Z32+M32 -> 0 | AB32: =AA32+N32 -> 0 | ... AE32: =AD32+Q32 -> 0
B35: INS400 | E35: TOTAL INSURANCE | F35: =SUM(F30:F34) -> 0 | G35: =SUM(G30:G34) -> 0 | H35: =SUM(H30:H34) -> 0 | I35: =SUM(I30:I34) -> 0 | J35: =SUM(J30:J34) -> 0 | K35: =SUM(K30:K34) -> 0 | L35: =SUM(L30:L34) -> 0 | M35: =SUM(M30:M34) -> 0 | ... Q35: =SUM(Q30:Q34) -> 0 | S35: =B35 -> INS400 | T35: =SUM(T30:T34) -> 0 | U35: =SUM(U30:U34) -> 0 | V35: =SUM(V30:V34) -> 0 | W35: =SUM(W30:W34) -> 0 | X35: =SUM(X30:X34) -> 0 | Y35: =SUM(Y30:Y34) -> 0 | Z35: =SUM(Z30:Z34) -> 0 | AA35: =SUM(AA30:AA34) -> 0 | ... AE35: =SUM(AE30:AE34) -> 0
B38: RES200 | E38: Reserve Assessment | F38: -34559.15 | G38: -34559.15 | H38: -34559.15 | I38: -34559.15 | J38: -34559.15 | K38: -34559.15 | L38: -34559.15 | M38: -34559.15 | N38: -34559.15 | O38: -34559.15 | P38: -34559.15 | Q38: -34559.15 | S38: =B38 -> RES200 | T38: =F38 -> -34559.15 | U38: =T38+G38 -> -69118.3 | V38: =U38+H38 -> -103677.45 | W38: =V38+I38 -> -138236.6 | X38: =W38+J38 -> -172795.75 | Y38: =X38+K38 -> -207354.9 | Z38: =Y38+L38 -> -241914.05 | AA38: =Z38+M38 -> -276473.2 | AB38: =AA38+N38 -> -311032.35 | ... AE38: =AD38+Q38 -> -414709.8
B39: RES300 | E39: Reserve Fund | F39: 34559.15 | G39: 34559.15 | H39: 34559.15 | I39: 34559.15 | J39: 34559.15 | K39: 34559.15 | L39: 34559.15 | M39: 34559.15 | N39: 34559.15 | O39: 34559.15 | P39: 34559.15 | Q39: 34559.15 | S39: =B39 -> RES300 | T39: =F39 -> 34559.15 | U39: =T39+G39 -> 69118.3 | V39: =U39+H39 -> 103677.45 | W39: =V39+I39 -> 138236.6 | X39: =W39+J39 -> 172795.75 | Y39: =X39+K39 -> 207354.9 | Z39: =Y39+L39 -> 241914.05 | AA39: =Z39+M39 -> 276473.2 | AB39: =AA39+N39 -> 311032.35 | ... AE39: =AD39+Q39 -> 414709.8
B42: RES400 | E42: TOTAL RESERVE FUND | F42: 0 | G42: =SUM(G38:G39) -> 0 | H42: =SUM(H38:H39) -> 0 | I42: =SUM(I38:I39) -> 0 | J42: =SUM(J38:J39) -> 0 | K42: =SUM(K38:K39) -> 0 | L42: =SUM(L38:L39) -> 0 | M42: =SUM(M38:M39) -> 0 | N42: =SUM(N38:N39) -> 0 | ... Q42: =SUM(Q38:Q39) -> 0 | S42: =B42 -> RES400 | T42: =SUM(T38:T39) -> 0 | U42: =SUM(U38:U39) -> 0 | V42: =SUM(V38:V39) -> 0 | W42: =SUM(W38:W39) -> 0 | X42: =SUM(X38:X39) -> 0 | Y42: =SUM(Y38:Y39) -> 0 | Z42: =SUM(Z38:Z39) -> 0 | AA42: =SUM(AA38:AA39) -> 0 | ... AE42: =SUM(AE38:AE39) -> 0
B44: SUM1100 | E44: PROFIT / (LOSS) | F44: =F17-F27-F35-F42 -> 474.79491 | G44: =G17-G27-G35-G42 -> 19735.136 | H44: =H17-H27-H35-H42 -> 60463.782 | I44: =I17-I27-I35-I42 -> -4727.8324 | J44: =J17-J27-J35-J42 -> 6977.3842 | K44: =K17-K27-K35-K42 -> -33804.905 | L44: =L17-L27-L35-L42 -> -27081.364 | M44: =M17-M27-M35-M42 -> -34159.935 | ... Q44: =Q17-Q27-Q35-Q42 -> -2109.2364 | S44: =B44 -> SUM1100 | T44: =T17-T27-T35-T42 -> 474.79491 | U44: =U17-U27-U35-U42 -> 20209.931 | V44: =V17-V27-V35-V42 -> 80673.713 | W44: =W17-W27-W35-W42 -> 75945.88 | X44: =X17-X27-X35-X42 -> 82923.264 | Y44: =Y17-Y27-Y35-Y42 -> 49118.36 | Z44: =Z17-Z27-Z35-Z42 -> 22036.996 | AA44: =AA17-AA27-AA35-AA42 -> -12122.939 | ... AE44: =AE17-AE27-AE35-AE42 -> 5.2763787
B45: 0 | S45: =B45 -> 0
B46: 0 | S46: =B46 -> 0
B47: 0 | S47: =B47 -> 0
B48: 0 | S48: =B48 -> 0
B49: 0 | D49: =D11 -> SUMMARY STATEMENT | S49: =B49 -> 0
B50: 0 | F50: =F12 -> 44927 | G50: =G12 -> 44958 | H50: =H12 -> 44986 | I50: =I12 -> 45017 | J50: =J12 -> 45047 | K50: =K12 -> 45078 | L50: =L12 -> 45108 | M50: =M12 -> 45139 | ... Q50: =Q12 -> 45261 | S50: =B50 -> 0 | T50: =F50 -> 44927 | U50: =G50 -> 44958 | V50: =H50 -> 44986 | W50: =I50 -> 45017 | X50: =J50 -> 45047 | Y50: =K50 -> 45078 | Z50: =L50 -> 45108 | AA50: =M50 -> 45139 | ... AE50: =Q50 -> 45261
B51: 0 | S51: =B51 -> 0
B52: AG100 | E52: Strata Fees | F52: 149777.07 | G52: 149777.07 | H52: 149777.07 | I52: 149777.07 | J52: 149777.07 | K52: 149777.07 | L52: 149777.07 | M52: 149777.07 | N52: 149777.07 | O52: 149777.07 | P52: 149777.07 | Q52: 149777.07 | S52: =B52 -> AG100 | T52: =F52 -> 149777.07 | U52: =T52+G52 -> 299554.14 | V52: =U52+H52 -> 449331.21 | W52: =V52+I52 -> 599108.29 | X52: =W52+J52 -> 748885.36 | Y52: =X52+K52 -> 898662.43 | Z52: =Y52+L52 -> 1048439.5 | AA52: =Z52+M52 -> 1198216.6 | AB52: =AA52+N52 -> 1347993.6 | ... AE52: =AD52+Q52 -> 1797324.9
B53: AG200 | E53: Strata Storage Fees | F53: 0 | G53: 0 | H53: 0 | I53: 0 | J53: 0 | K53: 0 | L53: 0 | M53: 0 | N53: 0 | O53: 0 | P53: 0 | Q53: 2000 | S53: =B53 -> AG200 | T53: 0 | U53: =T53+G53 -> 0 | V53: =U53+H53 -> 0 | W53: =V53+I53 -> 0 | X53: =W53+J53 -> 0 | Y53: =X53+K53 -> 0 | Z53: =Y53+L53 -> 0 | AA53: =Z53+M53 -> 0 | AB53: =AA53+N53 -> 0 | ... AE53: =AD53+Q53 -> 2000
B54: AG300 | E54: Watersport Contribution | F54: 0 | G54: 0 | H54: 0 | I54: 0 | J54: 0 | K54: 0 | L54: 0 | M54: 0 | N54: 0 | O54: 0 | P54: 0 | Q54: 0 | S54: =B54 -> AG300 | T54: =F54 -> 0 | U54: =T54+G54 -> 0 | V54: =U54+H54 -> 0 | W54: =V54+I54 -> 0 | X54: =W54+J54 -> 0 | Y54: =X54+K54 -> 0 | Z54: =Y54+L54 -> 0 | AA54: =Z54+M54 -> 0 | AB54: =AA54+N54 -> 0 | ... AE54: =AD54+Q54 -> 0
B55: AG400 | E55: Maintenance Revenue | F55: 33226.979 | G55: 36965.82 | H55: 81470.256 | I55: 24973.68 | J55: 37837.92 | K55: 5604.9 | L55: 23604.075 | M55: 19253.52 | N55: 72459.015 | O55: 32691.5 | P55: 26257.88 | Q55: 50242.78 | S55: =B55 -> AG400 | T55: =F55 -> 33226.979 | U55: =T55+G55 -> 70192.799 | V55: =U55+H55 -> 151663.06 | W55: =V55+I55 -> 176636.74 | X55: =W55+J55 -> 214474.66 | Y55: =X55+K55 -> 220079.56 | Z55: =Y55+L55 -> 243683.63 | AA55: =Z55+M55 -> 262937.15 | AB55: =AA55+N55 -> 335396.17 | ... AE55: =AD55+Q55 -> 444588.33
B56: AG500 | E56: Income from Water | F56: 1292.9795 | G56: 1292.9795 | H56: 1934.5645 | I56: 1292.9795 | J56: 2311.592 | K56: 2251.1825 | L56: 2149.971 | M56: 2240.315 | N56: 1656.4945 | O56: 1292.9795 | P56: 1508.17 | Q56: 1484.01 | S56: =B56 -> AG500 | T56: =F56 -> 1292.9795 | U56: =T56+G56 -> 2585.959 | V56: =U56+H56 -> 4520.5235 | W56: =V56+I56 -> 5813.503 | X56: =W56+J56 -> 8125.095 | Y56: =X56+K56 -> 10376.277 | Z56: =Y56+L56 -> 12526.248 | AA56: =Z56+M56 -> 14766.563 | AB56: =AA56+N56 -> 16423.058 | ... AE56: =AD56+Q56 -> 20708.217
B57: AG600 | E57: Income from Power | F57: 7514.496 | G57: 7000.07 | H57: 7652.095 | I57: 8206.935 | J57: 8861.017 | K57: 10631.786 | L57: 12109.603 | M57: 13497.858 | N57: 12781.043 | O57: 10455.775 | P57: 10455.775 | Q57: 10455.775 | S57: =B57 -> AG600 | T57: =F57 -> 7514.496 | U57: =T57+G57 -> 14514.566 | V57: =U57+H57 -> 22166.661 | W57: =V57+I57 -> 30373.596 | X57: =W57+J57 -> 39234.613 | Y57: =X57+K57 -> 49866.399 | Z57: =Y57+L57 -> 61976.002 | AA57: =Z57+M57 -> 75473.86 | AB57: =AA57+N57 -> 88254.903 | ... AE57: =AD57+Q57 -> 119622.23
B58: AG700 | E58: Income from Cable | F58: 204 | G58: 204 | H58: 204 | I58: 204 | J58: 204 | K58: 204 | L58: 204 | M58: 204 | N58: 204 | O58: 204 | P58: 204 | Q58: 204 | S58: =B58 -> AG700 | T58: =F58 -> 204 | U58: =T58+G58 -> 408 | V58: =U58+H58 -> 612 | W58: =V58+I58 -> 816 | X58: =W58+J58 -> 1020 | Y58: =X58+K58 -> 1224 | Z58: =Y58+L58 -> 1428 | AA58: =Z58+M58 -> 1632 | AB58: =AA58+N58 -> 1836 | ... AE58: =AD58+Q58 -> 2448
B59: AG800 | E59: Income from Pest Control | F59: 720 | G59: 720 | H59: 720 | I59: 805.71 | J59: 720 | K59: 720 | L59: 720 | M59: 805.71 | N59: 720 | O59: 720 | P59: 720 | Q59: 805.71 | S59: =B59 -> AG800 | T59: =F59 -> 720 | U59: =T59+G59 -> 1440 | V59: =U59+H59 -> 2160 | W59: =V59+I59 -> 2965.71 | X59: =W59+J59 -> 3685.71 | Y59: =X59+K59 -> 4405.71 | Z59: =Y59+L59 -> 5125.71 | AA59: =Z59+M59 -> 5931.42 | AB59: =AA59+N59 -> 6651.42 | ... AE59: =AD59+Q59 -> 8897.13
B60: AG850 | E60: Villa Contributions | F60: 7604.48 | G60: 7775.52 | H60: 8176.44 | I60: 8478.02 | J60: 8702.12 | K60: 10261.31 | L60: 10038.08 | M60: 8920.47 | N60: 8616.56 | O60: 8990.55 | P60: 8536.09 | Q60: 8536.09 | S60: =B60 -> AG850 | T60: =F60 -> 7604.48 | U60: =T60+G60 -> 15380 | V60: =U60+H60 -> 23556.44 | W60: =V60+I60 -> 32034.46 | X60: =W60+J60 -> 40736.58 | Y60: =X60+K60 -> 50997.89 | Z60: =Y60+L60 -> 61035.97 | AA60: =Z60+M60 -> 69956.44 | AB60: =AA60+N60 -> 78573 | ... AE60: =AD60+Q60 -> 104635.73
B61: AG900 | E61: Other Income | F61: 0 | G61: 0 | H61: 0 | I61: 0 | J61: 0 | K61: 0 | L61: 0 | M61: 0 | N61: 0 | O61: 0 | P61: 0 | Q61: 0 | S61: =B61 -> AG900 | T61: =F61 -> 0 | U61: =T61+G61 -> 0 | V61: =U61+H61 -> 0 | W61: =V61+I61 -> 0 | X61: =W61+J61 -> 0 | Y61: =X61+K61 -> 0 | Z61: =Y61+L61 -> 0 | AA61: =Z61+M61 -> 0 | AB61: =AA61+N61 -> 0 | ... AE61: =AD61+Q61 -> 0
B62: AG1000 | E62: Interest Income | F62: 0 | G62: 0 | H62: 0 | I62: 0 | J62: 0 | K62: 0 | L62: 0 | M62: 0 | N62: 0 | O62: 0 | P62: 0 | Q62: 0 | S62: =B62 -> AG1000 | T62: =F62 -> 0 | U62: =T62+G62 -> 0 | V62: =U62+H62 -> 0 | W62: =V62+I62 -> 0 | X62: =W62+J62 -> 0 | Y62: =X62+K62 -> 0 | Z62: =Y62+L62 -> 0 | AA62: =Z62+M62 -> 0 | AB62: =AA62+N62 -> 0 | ... AE62: =AD62+Q62 -> 0
B63: 0 | S63: =B63 -> 0
B64: 0 | S64: =B64 -> 0
B65: AG1100 | E65: TOTAL REVENUES | F65: =SUM(F52:F62) -> 200340.01 | G65: =SUM(G52:G62) -> 203735.46 | H65: =SUM(H52:H62) -> 249934.43 | I65: =SUM(I52:I62) -> 193738.4 | J65: =SUM(J52:J62) -> 208413.72 | K65: =SUM(K52:K62) -> 179450.25 | L65: =SUM(L52:L62) -> 198602.8 | M65: =SUM(M52:M62) -> 194698.94 | ... Q65: =SUM(Q52:Q62) -> 223505.44 | S65: =B65 -> AG1100 | T65: =SUM(T52:T62) -> 200340.01 | U65: =SUM(U52:U62) -> 404075.47 | V65: =SUM(V52:V62) -> 654009.89 | W65: =SUM(W52:W62) -> 847748.29 | X65: =SUM(X52:X62) -> 1056162 | Y65: =SUM(Y52:Y62) -> 1235612.3 | Z65: =SUM(Z52:Z62) -> 1434215.1 | AA65: =SUM(AA52:AA62) -> 1628914 | ... AE65: =SUM(AE52:AE62) -> 2500224.5
B66: 0 | S66: =B66 -> 0
B67: 0 | S67: =B67 -> 0
B68: 0 | S68: =B68 -> 0
B69: 0 | D69: =D11 -> SUMMARY STATEMENT | S69: =B69 -> 0
B70: 0 | F70: =F50 -> 44927 | G70: =G50 -> 44958 | H70: =H50 -> 44986 | I70: =I50 -> 45017 | J70: =J50 -> 45047 | K70: =K50 -> 45078 | L70: =L50 -> 45108 | M70: =M50 -> 45139 | ... Q70: =Q50 -> 45261 | S70: =B70 -> 0 | T70: =T50 -> 44927 | U70: =U50 -> 44958 | V70: =V50 -> 44986 | W70: =W50 -> 45017 | X70: =X50 -> 45047 | Y70: =Y50 -> 45078 | Z70: =Z50 -> 45108 | AA70: =AA50 -> 45139 | ... AE70: =AE50 -> 45261
B71: AG1200 | E71: Security Payroll | F71: 9287.9399 | G71: 9022.707 | H71: 9989.4256 | I71: 10238.863 | J71: 10580.158 | K71: 10238.863 | L71: 10580.158 | M71: 10580.158 | N71: 10238.863 | O71: 10580.158 | P71: 10238.863 | Q71: 10580.158 | S71: =B71 -> AG1200 | T71: =F71 -> 9287.9399 | U71: =T71+G71 -> 18310.647 | V71: =U71+H71 -> 28300.073 | W71: =V71+I71 -> 38538.935 | X71: =W71+J71 -> 49119.094 | Y71: =X71+K71 -> 59357.957 | Z71: =Y71+L71 -> 69938.115 | AA71: =Z71+M71 -> 80518.273 | AB71: =AA71+N71 -> 90757.136 | ... AE71: =AD71+Q71 -> 122156.32
B72: AG1300 | E72: Vacation Pay | F72: 177.87625 | G72: 229.98897 | H72: 230.10926 | I72: 239.54902 | J72: 283.8587 | K72: 556.13682 | L72: 478.2962 | M72: 103.68022 | N72: 82.703346 | O72: 387.81478 | P72: 260.09397 | Q72: 268.76377 | S72: =B72 -> AG1300 | T72: =F72 -> 177.87625 | U72: =T72+G72 -> 407.86522 | V72: =U72+H72 -> 637.97449 | W72: =V72+I72 -> 877.52351 | X72: =W72+J72 -> 1161.3822 | Y72: =X72+K72 -> 1717.519 | Z72: =Y72+L72 -> 2195.8152 | AA72: =Z72+M72 -> 2299.4954 | AB72: =AA72+N72 -> 2382.1988 | ... AE72: =AD72+Q72 -> 3298.8713
B73: AG1310 | E73: Holiday Pay | F73: 655.34734 | G73: 0 | H73: 219.50199 | I73: 602.499 | J73: 0 | K73: 447.42505 | L73: 0 | M73: 278.9662 | N73: 427.45894 | O73: 527.94543 | P73: 0 | Q73: 0 | S73: =B73 -> AG1310 | T73: =F73 -> 655.34734 | U73: =T73+G73 -> 655.34734 | V73: =U73+H73 -> 874.84933 | W73: =V73+I73 -> 1477.3483 | X73: =W73+J73 -> 1477.3483 | Y73: =X73+K73 -> 1924.7734 | Z73: =Y73+L73 -> 1924.7734 | AA73: =Z73+M73 -> 2203.7396 | AB73: =AA73+N73 -> 2631.1985 | ... AE73: =AD73+Q73 -> 3159.1439
B74: AG1320 | E74: Sick Pay | F74: 83.558036 | G74: 243.4025 | H74: 186.50157 | I74: 103.24839 | J74: 140.5489 | K74: 175.13886 | L74: 350.42185 | M74: 121.81149 | N74: 79.031752 | O74: 212.24693 | P74: 316.9681 | Q74: 327.53371 | S74: =B74 -> AG1320 | T74: =F74 -> 83.558036 | U74: =T74+G74 -> 326.96054 | V74: =U74+H74 -> 513.46211 | W74: =V74+I74 -> 616.7105 | X74: =W74+J74 -> 757.2594 | Y74: =X74+K74 -> 932.39825 | Z74: =Y74+L74 -> 1282.8201 | AA74: =Z74+M74 -> 1404.6316 | AB74: =AA74+N74 -> 1483.6634 | ... AE74: =AD74+Q74 -> 2340.4121
B75: AG1400 | E75: Employee Meals | F75: 276.496 | G75: 249.975 | H75: 274.021 | I75: 394.944 | J75: 405.548 | K75: 261.646 | L75: 410.102 | M75: 423.742 | N75: 426.569 | O75: 410.498 | P75: 410.498 | Q75: 410.498 | S75: =B75 -> AG1400 | T75: =F75 -> 276.496 | U75: =T75+G75 -> 526.471 | V75: =U75+H75 -> 800.492 | W75: =V75+I75 -> 1195.436 | X75: =W75+J75 -> 1600.984 | Y75: =X75+K75 -> 1862.63 | Z75: =Y75+L75 -> 2272.732 | AA75: =Z75+M75 -> 2696.474 | AB75: =AA75+N75 -> 3123.043 | ... AE75: =AD75+Q75 -> 4354.537
B76: AG1500 | E76: Bonus Provision | F76: 0 | G76: 0 | H76: 0 | I76: 0 | J76: 0 | K76: 0 | L76: 0 | M76: 0 | N76: 0 | O76: 0 | P76: 0 | Q76: 517.5 | S76: =B76 -> AG1500 | T76: =F76 -> 0 | U76: =T76+G76 -> 0 | V76: =U76+H76 -> 0 | W76: =V76+I76 -> 0 | X76: =W76+J76 -> 0 | Y76: =X76+K76 -> 0 | Z76: =Y76+L76 -> 0 | AA76: =Z76+M76 -> 0 | AB76: =AA76+N76 -> 0 | ... AE76: =AD76+Q76 -> 517.5
B77: AG1550 | E77: Employee Relations | F77: 249.31 | G77: 899.81 | H77: 393.64 | I77: 839.75 | J77: 1119.77 | K77: 1612.02 | L77: 521.07 | M77: 1101.42 | N77: 1376.55 | O77: 286.15 | P77: 286.15 | Q77: 286.15 | S77: =B77 -> AG1550 | T77: =F77 -> 249.31 | U77: =T77+G77 -> 1149.12 | V77: =U77+H77 -> 1542.76 | W77: =V77+I77 -> 2382.51 | X77: =W77+J77 -> 3502.28 | Y77: =X77+K77 -> 5114.3 | Z77: =Y77+L77 -> 5635.37 | AA77: =Z77+M77 -> 6736.79 | AB77: =AA77+N77 -> 8113.34 | ... AE77: =AD77+Q77 -> 8971.79
B78: AG1600 | E78: Payroll Taxes | F78: 2024.5529 | G78: 1410.0789 | H78: 1477.0355 | I78: 1524.2089 | J78: 1454.407 | K78: 1270.4267 | L78: 2391.9381 | M78: 1522.53 | N78: 1283.5815 | O78: 1099.2346 | P78: 1212.239 | Q78: 1252.647 | S78: =B78 -> AG1600 | T78: =F78 -> 2024.5529 | U78: =T78+G78 -> 3434.6318 | V78: =U78+H78 -> 4911.6672 | W78: =V78+I78 -> 6435.8761 | X78: =W78+J78 -> 7890.2831 | Y78: =X78+K78 -> 9160.7098 | Z78: =Y78+L78 -> 11552.648 | AA78: =Z78+M78 -> 13075.178 | AB78: =AA78+N78 -> 14358.759 | ... AE78: =AD78+Q78 -> 17922.88
G79: 0 | H79: 0 | I79: 0 | J79: 0 | K79: 0 | L79: 0 | M79: 0 | N79: 0 | O79: 0 | P79: 0 | Q79: 0
B80: 0 | S80: =B80 -> 0
B81: AG1700 | E81: TOTAL PAYROLL & RELATED | F81: =SUM(F71:F79) -> 12755.08 | G81: =SUM(G71:G79) -> 12055.962 | H81: =SUM(H71:H79) -> 12770.235 | I81: =SUM(I71:I79) -> 13943.062 | J81: =SUM(J71:J79) -> 13984.291 | K81: =SUM(K71:K79) -> 14561.656 | L81: =SUM(L71:L79) -> 14731.986 | M81: =SUM(M71:M79) -> 14132.308 | ... Q81: =SUM(Q71:Q79) -> 13643.251 | S81: =B81 -> AG1700 | T81: =SUM(T71:T79) -> 12755.08 | U81: =SUM(U71:U79) -> 24811.043 | V81: =SUM(V71:V79) -> 37581.278 | W81: =SUM(W71:W79) -> 51524.34 | X81: =SUM(X71:X79) -> 65508.631 | Y81: =SUM(Y71:Y79) -> 80070.287 | Z81: =SUM(Z71:Z79) -> 94802.273 | AA81: =SUM(AA71:AA79) -> 108934.58 | ... AE81: =SUM(AE71:AE79) -> 162721.45
B84: AG1800 | E84: Bank Charges | F84: 188.04 | G84: 177.59 | H84: 204.39 | I84: 178.16 | J84: 166.31 | K84: 196.27 | L84: 62.5 | M84: 169.29 | N84: 157.15 | O84: 183.52 | P84: 183.52 | Q84: 183.52 | S84: =B84 -> AG1800 | T84: =F84 -> 188.04 | U84: =T84+G84 -> 365.63 | V84: =U84+H84 -> 570.02 | W84: =V84+I84 -> 748.18 | X84: =W84+J84 -> 914.49 | Y84: =X84+K84 -> 1110.76 | Z84: =Y84+L84 -> 1173.26 | AA84: =Z84+M84 -> 1342.55 | AB84: =AA84+N84 -> 1499.7 | ... AE84: =AD84+Q84 -> 2050.26
B85: AG1900 | E85: Work Permits | F85: 0 | G85: 0 | H85: 0 | I85: 0 | J85: 0 | K85: 0 | L85: 0 | M85: 0 | N85: 0 | O85: 0 | P85: 0 | Q85: 0 | S85: =B85 -> AG1900 | T85: =F85 -> 0 | U85: =T85+G85 -> 0 | V85: =U85+H85 -> 0 | W85: =V85+I85 -> 0 | X85: =W85+J85 -> 0 | Y85: =X85+K85 -> 0 | Z85: =Y85+L85 -> 0 | AA85: =Z85+M85 -> 0 | AB85: =AA85+N85 -> 0 | ... AE85: =AD85+Q85 -> 0
B86: AG2000 | E86: Outside Security Services & supplies | F86: 9050.53 | G86: 9050.53 | H86: 10266.52 | I86: 15389.49 | J86: 16365.09 | K86: 15007.85 | L86: 13823.28 | M86: 12831.14 | N86: 14274.33 | O86: 13050.53 | P86: 16551.656 | Q86: 18632.656 | S86: =B86 -> AG2000 | T86: =F86 -> 9050.53 | U86: =T86+G86 -> 18101.06 | V86: =U86+H86 -> 28367.58 | W86: =V86+I86 -> 43757.07 | X86: =W86+J86 -> 60122.16 | Y86: =X86+K86 -> 75130.01 | Z86: =Y86+L86 -> 88953.29 | AA86: =Z86+M86 -> 101784.43 | AB86: =AA86+N86 -> 116058.76 | ... AE86: =AD86+Q86 -> 164293.6
B87: AG2100 | E87: Telephone | F87: 119.69 | G87: 110.56 | H87: 144.29 | I87: 141.55 | J87: 109.62 | K87: 172.35 | L87: 126.67 | M87: 136.94 | N87: 158.46 | O87: 143.29 | P87: 143.29 | Q87: 143.29 | S87: =B87 -> AG2100 | T87: =F87 -> 119.69 | U87: =T87+G87 -> 230.25 | V87: =U87+H87 -> 374.54 | W87: =V87+I87 -> 516.09 | X87: =W87+J87 -> 625.71 | Y87: =X87+K87 -> 798.06 | Z87: =Y87+L87 -> 924.73 | AA87: =Z87+M87 -> 1061.67 | AB87: =AA87+N87 -> 1220.13 | ... AE87: =AD87+Q87 -> 1650
B88: AG2200 | E88: D&O Liability Insurance | F88: 2083.3333 | G88: 2083.3333 | H88: 2083.3333 | I88: 2083.3333 | J88: 2083.3333 | K88: 2083.3333 | L88: 2083.3333 | M88: 2083.3333 | N88: 2083.3333 | O88: 2083.3333 | P88: 2083.3333 | Q88: 2083.3333 | S88: =B88 -> AG2200 | T88: =F88 -> 2083.3333 | U88: =T88+G88 -> 4166.6667 | V88: =U88+H88 -> 6250 | W88: =V88+I88 -> 8333.3333 | X88: =W88+J88 -> 10416.667 | Y88: =X88+K88 -> 12500 | Z88: =Y88+L88 -> 14583.333 | AA88: =Z88+M88 -> 16666.667 | AB88: =AA88+N88 -> 18750 | ... AE88: =AD88+Q88 -> 25000
B89: AG2300 | E89: Gym | F89: 3550 | G89: 3900 | H89: 3550 | I89: 3550 | J89: 3550 | K89: 3550 | L89: 3550 | M89: 4150 | N89: 3550 | O89: 4250 | P89: 3550 | Q89: 3550 | S89: =B89 -> AG2300 | T89: =F89 -> 3550 | U89: =T89+G89 -> 7450 | V89: =U89+H89 -> 11000 | W89: =V89+I89 -> 14550 | X89: =W89+J89 -> 18100 | Y89: =X89+K89 -> 21650 | Z89: =Y89+L89 -> 25200 | AA89: =Z89+M89 -> 29350 | AB89: =AA89+N89 -> 32900 | ... AE89: =AD89+Q89 -> 44250
B90: AG2400 | E90: Management Fee | F90: 33765.28 | G90: 35791.2 | H90: 34778.24 | I90: 34778.24 | J90: 34778.24 | K90: 34778.24 | L90: 34778.24 | M90: 34778.24 | N90: 34778.24 | O90: 34778.24 | P90: 34778.24 | Q90: 34778.24 | S90: =B90 -> AG2400 | T90: =F90 -> 33765.28 | U90: =T90+G90 -> 69556.48 | V90: =U90+H90 -> 104334.72 | W90: =V90+I90 -> 139112.96 | X90: =W90+J90 -> 173891.2 | Y90: =X90+K90 -> 208669.44 | Z90: =Y90+L90 -> 243447.68 | AA90: =Z90+M90 -> 278225.92 | AB90: =AA90+N90 -> 313004.16 | ... AE90: =AD90+Q90 -> 417338.88
B91: AG2450 | E91: Back of House Building contrib | F91: 1833.337 | G91: 1833.337 | H91: 1833.337 | I91: 1833.337 | J91: 1833.337 | K91: 1833.337 | L91: 1833.337 | M91: 1833.337 | N91: 1833.337 | O91: 1833.337 | P91: 1833.337 | Q91: 1833.337 | S91: =B91 -> AG2450 | T91: =F91 -> 1833.337 | U91: =T91+G91 -> 3666.674 | V91: =U91+H91 -> 5500.011 | W91: =V91+I91 -> 7333.348 | X91: =W91+J91 -> 9166.685 | Y91: =X91+K91 -> 11000.022 | Z91: =Y91+L91 -> 12833.359 | AA91: =Z91+M91 -> 14666.696 | AB91: =AA91+N91 -> 16500.033 | ... AE91: =AD91+Q91 -> 22000.044
B92: AG2500 | E92: Other Expenses | F92: 0 | G92: 0 | H92: 0 | I92: 0 | J92: 932.79 | K92: 0 | L92: 0 | M92: 0 | N92: 567.21 | O92: 0 | P92: 0 | Q92: 0 | S92: =B92 -> AG2500 | T92: =F92 -> 0 | U92: =T92+G92 -> 0 | V92: =U92+H92 -> 0 | W92: =V92+I92 -> 0 | X92: =W92+J92 -> 932.79 | Y92: =X92+K92 -> 932.79 | Z92: =Y92+L92 -> 932.79 | AA92: =Z92+M92 -> 932.79 | AB92: =AA92+N92 -> 1500 | ... AE92: =AD92+Q92 -> 1500
B93: AG2700 | E93: Travelling Expenses | F93: 0 | G93: 0 | H93: 0 | I93: 0 | J93: 0 | K93: 0 | L93: 0 | M93: 0 | N93: 0 | O93: 0 | P93: 0 | Q93: 0 | S93: =B93 -> AG2700 | T93: =F93 -> 0 | U93: =T93+G93 -> 0 | V93: =U93+H93 -> 0 | W93: =V93+I93 -> 0 | X93: =W93+J93 -> 0 | Y93: =X93+K93 -> 0 | Z93: =Y93+L93 -> 0 | AA93: =Z93+M93 -> 0 | AB93: =AA93+N93 -> 0 | ... AE93: =AD93+Q93 -> 0
B95: 0 | S95: =B95 -> 0
B96: AG2800 | E96: TOTAL OTHER EXPENSES | F96: =SUM(F84:F95) -> 50590.21 | G96: =SUM(G84:G95) -> 52946.55 | H96: =SUM(H84:H95) -> 52860.11 | I96: =SUM(I84:I95) -> 57954.11 | J96: =SUM(J84:J95) -> 59818.72 | K96: =SUM(K84:K95) -> 57621.38 | L96: =SUM(L84:L95) -> 56257.36 | M96: =SUM(M84:M95) -> 55982.28 | ... Q96: =SUM(Q84:Q95) -> 61204.376 | S96: =B96 -> AG2800 | T96: =SUM(T84:T95) -> 50590.21 | U96: =SUM(U84:U95) -> 103536.76 | V96: =SUM(V84:V95) -> 156396.87 | W96: =SUM(W84:W95) -> 214350.98 | X96: =SUM(X84:X95) -> 274169.7 | Y96: =SUM(Y84:Y95) -> 331791.08 | Z96: =SUM(Z84:Z95) -> 388048.44 | AA96: =SUM(AA84:AA95) -> 444030.72 | ... AE96: =SUM(AE84:AE95) -> 678082.79
B97: 0 | S97: =B97 -> 0
B98: 0 | S98: =B98 -> 0
B99: AG2900 | E99: TOTAL ADMIN & GEN EXPENSES | F99: =F81+F96 -> 63345.291 | G99: =G81+G96 -> 65002.513 | H99: =H81+H96 -> 65630.345 | I99: =I81+I96 -> 71897.172 | J99: =J81+J96 -> 73803.011 | K99: =K81+K96 -> 72183.037 | L99: =L81+L96 -> 70989.347 | M99: =M81+M96 -> 70114.589 | ... Q99: =Q81+Q96 -> 74847.627 | S99: =B99 -> AG2900 | T99: =T81+T96 -> 63345.291 | U99: =U81+U96 -> 128347.8 | V99: =V81+V96 -> 193978.15 | W99: =W81+W96 -> 265875.32 | X99: =X81+X96 -> 339678.33 | Y99: =Y81+Y96 -> 411861.37 | Z99: =Z81+Z96 -> 482850.72 | AA99: =AA81+AA96 -> 552965.3 | ... AE99: =AE81+AE96 -> 840804.24
B100: 0 | S100: =B100 -> 0
B101: 0 | S101: =B101 -> 0
B102: 0 | S102: =B102 -> 0
B103: 0 | D103: =D11 -> SUMMARY STATEMENT | S103: =B103 -> 0
B104: 0 | F104: =F50 -> 44927 | G104: =G50 -> 44958 | H104: =H50 -> 44986 | I104: =I50 -> 45017 | J104: =J50 -> 45047 | K104: =K50 -> 45078 | L104: =L50 -> 45108 | M104: =M50 -> 45139 | ... Q104: =Q50 -> 45261 | S104: =B104 -> 0 | T104: =T50 -> 44927 | U104: =U50 -> 44958 | V104: =V50 -> 44986 | W104: =W50 -> 45017 | X104: =X50 -> 45047 | Y104: =Y50 -> 45078 | Z104: =Z50 -> 45108 | AA104: =AA50 -> 45139 | ... AE104: =AE50 -> 45261
B105: 0 | S105: =B105 -> 0
B106: MA100 | E106: Engineering Payroll | F106: 19121.225 | G106: 18598.862 | H106: 20247.743 | I106: 20546.098 | J106: 21123.991 | K106: 20546.098 | L106: 21123.991 | M106: 21123.991 | N106: 20546.098 | O106: 21123.991 | P106: 20546.098 | Q106: 21123.991 | S106: =B106 -> MA100 | T106: =F106 -> 19121.225 | U106: =T106+G106 -> 37720.087 | V106: =U106+H106 -> 57967.83 | W106: =V106+I106 -> 78513.929 | X106: =W106+J106 -> 99637.92 | Y106: =X106+K106 -> 120184.02 | Z106: =Y106+L106 -> 141308.01 | AA106: =Z106+M106 -> 162432 | AB106: =AA106+N106 -> 182978.1 | ... AE106: =AD106+Q106 -> 245772.18
B107: MA200 | E107: Landscaping Payroll | F107: 8318.4238 | G107: 7541.1544 | H107: 8318.4238 | I107: 8366.7554 | J107: 8684.9647 | K107: 8414.051 | L107: 8684.9647 | M107: 8684.9647 | N107: 8414.051 | O107: 8684.9647 | P107: 8414.051 | Q107: 8684.9647 | S107: =B107 -> MA200 | T107: =F107 -> 8318.4238 | U107: =T107+G107 -> 15859.578 | V107: =U107+H107 -> 24178.002 | W107: =V107+I107 -> 32544.758 | X107: =W107+J107 -> 41229.722 | Y107: =X107+K107 -> 49643.773 | Z107: =Y107+L107 -> 58328.738 | AA107: =Z107+M107 -> 67013.703 | AB107: =AA107+N107 -> 75427.754 | ... AE107: =AD107+Q107 -> 101211.73
B108: MA310 | E108: Vacation Pay | F108: 472.38733 | G108: 662.36479 | H108: 663.28372 | I108: 854.04113 | J108: 737.63477 | K108: 1598.8015 | L108: 1196.9127 | M108: 590.63872 | N108: 409.52993 | O108: 1645.4195 | P108: 1248.2873 | Q108: 1164.4433 | S108: =B108 -> MA310 | T108: =F108 -> 472.38733 | U108: =T108+G108 -> 1134.7521 | V108: =U108+H108 -> 1798.0358 | W108: =V108+I108 -> 2652.077 | X108: =W108+J108 -> 3389.7117 | Y108: =X108+K108 -> 4988.5132 | Z108: =Y108+L108 -> 6185.4259 | AA108: =Z108+M108 -> 6776.0647 | AB108: =AA108+N108 -> 7185.5946 | ... AE108: =AD108+Q108 -> 11243.745
B109: MA314 | E109: Holiday Pay | F109: 911.9297 | G109: 0 | H109: 413.81561 | I109: 1021.7452 | J109: 0 | K109: 1015.755 | L109: 0 | M109: 519.4901 | N109: 1099.8666 | O109: 865.01102 | P109: 0 | Q109: 0 | S109: =B109 -> MA314 | T109: =F109 -> 911.9297 | U109: =T109+G109 -> 911.9297 | V109: =U109+H109 -> 1325.7453 | W109: =V109+I109 -> 2347.4905 | X109: =W109+J109 -> 2347.4905 | Y109: =X109+K109 -> 3363.2456 | Z109: =Y109+L109 -> 3363.2456 | AA109: =Z109+M109 -> 3882.7357 | AB109: =AA109+N109 -> 4982.6022 | ... AE109: =AD109+Q109 -> 5847.6133
B110: MA315 | E110: Sick Pay | F110: 29.607753 | G110: 130.383 | H110: 86.473983 | I110: 435.42867 | J110: 41.147033 | K110: 389.78764 | L110: 88.079719 | M110: 120.91389 | N110: 125.75204 | O110: 102.11026 | P110: 322.69713 | Q110: 301.02245 | S110: =B110 -> MA315 | T110: =F110 -> 29.607753 | U110: =T110+G110 -> 159.99076 | V110: =U110+H110 -> 246.46474 | W110: =V110+I110 -> 681.89341 | X110: =W110+J110 -> 723.04044 | Y110: =X110+K110 -> 1112.8281 | Z110: =Y110+L110 -> 1200.9078 | AA110: =Z110+M110 -> 1321.8217 | AB110: =AA110+N110 -> 1447.5737 | ... AE110: =AD110+Q110 -> 2173.4036
B111: MA311 | E111: Home Leave | F111: 0 | G111: 0 | H111: 0 | I111: 0 | J111: 0 | K111: 566 | L111: 0 | M111: 0 | N111: 0 | O111: 0 | P111: 0 | Q111: 0 | S111: =B111 -> MA311 | T111: =F111 -> 0 | U111: =T111+G111 -> 0 | V111: =U111+H111 -> 0 | W111: =V111+I111 -> 0 | X111: =W111+J111 -> 0 | Y111: =X111+K111 -> 566 | Z111: =Y111+L111 -> 566 | AA111: =Z111+M111 -> 566 | AB111: =AA111+N111 -> 566 | ... AE111: =AD111+Q111 -> 566
B112: MA312 | E112: Health Insurance | F112: 0 | G112: 0 | H112: 0 | I112: 0 | J112: 0 | K112: 0 | L112: 0 | M112: 0 | N112: 0 | O112: 0 | P112: 0 | Q112: 0 | S112: =B112 -> MA312 | T112: =F112 -> 0 | U112: =T112+G112 -> 0 | V112: =U112+H112 -> 0 | W112: =V112+I112 -> 0 | X112: =W112+J112 -> 0 | Y112: =X112+K112 -> 0 | Z112: =Y112+L112 -> 0 | AA112: =Z112+M112 -> 0 | AB112: =AA112+N112 -> 0 | ... AE112: =AD112+Q112 -> 0
B113: MA313 | E113: Work Pemits | F113: 907.7 | G113: 2948.81 | H113: 0 | I113: 0 | J113: 0 | K113: 2312.5 | L113: 2590.79 | M113: 3152.7 | N113: 0 | O113: 587.5 | P113: 0 | Q113: 0 | S113: =B113 -> MA313 | T113: =F113 -> 907.7 | U113: =T113+G113 -> 3856.51 | V113: =U113+H113 -> 3856.51 | W113: =V113+I113 -> 3856.51 | X113: =W113+J113 -> 3856.51 | Y113: =X113+K113 -> 6169.01 | Z113: =Y113+L113 -> 8759.8 | AA113: =Z113+M113 -> 11912.5 | AB113: =AA113+N113 -> 11912.5 | ... AE113: =AD113+Q113 -> 12500
B114: MA320 | E114: Employee Meals | F114: 831.864 | G114: 730.697 | H114: 812.185 | I114: 1188.473 | J114: 1196.096 | K114: 1163.206 | L114: 1242.901 | M114: 1246.718 | N114: 1389.212 | O114: 1359.501 | P114: 1445.873 | Q114: 1446.013 | S114: =B114 -> MA320 | T114: =F114 -> 831.864 | U114: =T114+G114 -> 1562.561 | V114: =U114+H114 -> 2374.746 | W114: =V114+I114 -> 3563.219 | X114: =W114+J114 -> 4759.315 | Y114: =X114+K114 -> 5922.521 | Z114: =Y114+L114 -> 7165.422 | AA114: =Z114+M114 -> 8412.14 | AB114: =AA114+N114 -> 9801.352 | ... AE114: =AD114+Q114 -> 14052.739
B115: MA330 | E115: Bonus Provision | F115: 0 | G115: 0 | H115: 0 | I115: 0 | J115: 0 | K115: 0 | L115: 0 | M115: 0 | N115: 0 | O115: 0 | P115: 0 | Q115: 1187.14 | S115: =B115 -> MA330 | T115: =F115 -> 0 | U115: =T115+G115 -> 0 | V115: =U115+H115 -> 0 | W115: =V115+I115 -> 0 | X115: =W115+J115 -> 0 | Y115: =X115+K115 -> 0 | Z115: =Y115+L115 -> 0 | AA115: =Z115+M115 -> 0 | AB115: =AA115+N115 -> 0 | ... AE115: =AD115+Q115 -> 1187.14
B116: MA340 | E116: Employee Housing | F116: 2422.6667 | G116: 2422.6667 | H116: 2422.6667 | I116: 2422.6667 | J116: 2422.6667 | K116: 2422.6667 | L116: 2422.6667 | M116: 2422.6667 | N116: 2422.6667 | O116: 2422.6667 | P116: 2422.6667 | Q116: 2422.6667 | S116: =B116 -> MA340 | T116: =F116 -> 2422.6667 | U116: =T116+G116 -> 4845.3333 | V116: =U116+H116 -> 7268 | W116: =V116+I116 -> 9690.6667 | X116: =W116+J116 -> 12113.333 | Y116: =X116+K116 -> 14536 | Z116: =Y116+L116 -> 16958.667 | AA116: =Z116+M116 -> 19381.333 | AB116: =AA116+N116 -> 21804 | ... AE116: =AD116+Q116 -> 29072
B117: MA350 | E117: Payroll Taxes | F117: 3388.4073 | G117: 3009.2828 | H117: 2949.9994 | I117: 3672.1727 | J117: 2811.6976 | K117: 2603.934 | L117: 4222.5368 | M117: 3223.895 | N117: 3155.0676 | O117: 2276.4429 | P117: 2575.4216 | Q117: 2272.3883 | S117: =B117 -> MA350 | T117: =F117 -> 3388.4073 | U117: =T117+G117 -> 6397.6901 | V117: =U117+H117 -> 9347.6895 | W117: =V117+I117 -> 13019.862 | X117: =W117+J117 -> 15831.56 | Y117: =X117+K117 -> 18435.494 | Z117: =Y117+L117 -> 22658.031 | AA117: =Z117+M117 -> 25881.926 | AB117: =AA117+N117 -> 29036.993 | ... AE117: =AD117+Q117 -> 36161.246
...

Sheet MAJOR 2022
C2: PROPRIETORS STRATA PLAN # 125
C4: MAJOR EXPENDITURES - BUDGET 2022
E5: Budget | G5: Ytd Actual | I5: Forecast | K5: Forecast | M5: Variance
B6: PROJECT | C6: MAJOR RESERVE FUND | E6: 2022 | G6: 2022 | I6: Remainder | K6: Total year | M6: to Budget | P6: Comments
B7: 22M-001 | C7: Water Instrusions / Condensation Issues | E7: 25000 | G7: =1150.46+2340+21540+2411.42+2111.4 -> 29553.28 | K7: =G7+I7 -> 29553.28 | M7: =E7-K7 -> -4553.28
B8: 22M-002 | C8: Surge Protectors (all Panel boards)(sub Meter) | E8: 12000 | G8: =2134+2134+7947 -> 12215 | K8: =G8+I8 -> 12215 | M8: =E8-K8 -> -215
B9: 22M-003 | C9: Sun Tough/ Trellis | E9: 25000 | G9: =5000+3037.5+487.5+666.27+228.29+3800+139.28+1095+3200+4800+600+2500+2500+1500+1500+8345 -> 39398.84 | K9: =G9+I9 -> 39398.84 | M9: =E9-K9 -> -14398.84
E10: 0 | K10: =G10+I10 -> 0 | M10: =E10-K10 -> 0
C12: TOTAL MAJOR RESERVE FUND | E12: =SUM(E7:E10) -> 62000 | G12: =SUM(G7:G10) -> 81167.12 | I12: =SUM(I7:I11) -> 0 | K12: =SUM(K7:K11) -> 81167.12 | M12: =SUM(M7:M10) -> -19167.12
G14: 81167.12
G25: =G12-G14 -> 0
P28: 2022 Reserves Page 2 of 3
G30: 0

Sheet CAPITAL 2022
B1: THE SHORE CLUB
B2: PROPRIETORS STRATA PLAN # 125
B4: CAPITAL EXPENDITURES - 2022
B6: PROJECT # | C6: CAPITAL RESERVE FUND | E6: Budget | G6: YTD Actual | I6: Forecast | K6: Forecast | M6: Variance
E7: 2022 | G7: 2022 | I7: remainder | K7: Total year | M7: to Budget | O7: Comments
B8: 22C-001 | C8: Landscaping (Quiet Use Battery Equipment, Plants, Mulch) | E8: 15000 | G8: =4273.97+4273.97+1401+1210+1160+1638+1360 -> 15316.94 | K8: =G8+I8 -> 15316.94 | M8: =E8-K8 -> -316.94
B9: 22C-002 | C9: Landscaping and Pathway Lighting | E9: 3000 | G9: 7136.26 | K9: =G9+I9 -> 7136.26 | M9: =E9-K9 -> -4136.26
B10: 22C-003 | C10: TP / Irrigation / Filtration Pumps | E10: 3000 | K10: =G10+I10 -> 0 | M10: =E10-K10 -> 3000 | O10: moved to 2023
B11: 22C-004 | C11: Pool & Beach Furniture (includes umbrellas) | E11: 40000 | G11: =1080+660+7358.16+1350+9062.67+2354.45+2470+2100+980+7248.6 -> 34663.88 | I11: =E11-G11 -> 5336.12 | K11: =G11+I11 -> 40000 | M11: =E11-K11 -> 0
B12: 22C-005 | C12: Pool Filters & Silica Sand | E12: 8600 | G12: =11660 -> 11660 | I12: =5946-3060 -> 2886 | K12: =G12+I12 -> 14546 | M12: =E12-K12 -> -5946 | O12: Adult, Lap, Sea Grapes & Colonnade Pools works w/ AIB
B13: 22C-006 | C13: Pool Lights (includes jacuzzi) | E13: 5000 | G13: =4049.4-4049.4 -> 0 | K13: =G13+I13 -> 0 | M13: =E13-K13 -> 5000
B14: 22C-007 | C14: Pool Pumps (includes jacuzzi) | E14: 10000 | G14: =2800+505+1498+669.45+2000+980.81+1800+1800 -> 12053.26 | K14: =G14+I14 -> 12053.26 | M14: =E14-K14 -> -2053.26
B15: 22C-008 | C15: Pool Chlorinator Salt Cells (Common Pool) | E15: 4000 | G15: 0 | K15: =G15+I15 -> 0 | M15: =E15-K15 -> 4000 | O15: moved to 2023
B16: 22C-009 | C16: Pool Heaters | E16: 8000 | G16: =24584.26-1362.94-3786.7-4495 -> 14939.62 | K16: =G16+I16 -> 14939.62 | M16: =E16-K16 -> -6939.62
B17: 22C-010 | C17: Watersports Equipment - 4 paddle boards / 2 sails | E17: 7000 | G17: =4399.91+3104.5+2645.99 -> 10150.4 | I17: 2800 | K17: =G17+I17 -> 12950.4 | M17: =E17-K17 -> -5950.4
B18: 22C-011 | C18: Tractor (Tires - Full Set) & Rake Repairs | E18: 8000 | G18: =2355+1462.95 -> 3817.95 | I18: =5600-3818 -> 1782 | K18: =G18+I18 -> 5599.95 | M18: =E18-K18 -> 2400.05
B19: 22C-012 | C19: Gym Equipment | E19: 5000 | G19: =665+3617.38 -> 4282.38 | I19: =6000-4282 -> 1718 | K19: =G19+I19 -> 6000.38 | M19: =E19-K19 -> -1000.38
B20: 22C-013 | C20: WWTP Pumps / Blowers | E20: 15000 | G20: =2150.39+2530+6770 -> 11450.39 | K20: =G20+I20 -> 11450.39 | M20: =E20-K20 -> 3549.61
B21: 22C-014 | C21: Lift Station Pumps / Controls / Sewage (submersable pumps) | E21: 5000 | G21: =5036.13+10160 -> 15196.13 | K21: =G21+I21 -> 15196.13 | M21: =E21-K21 -> -10196.13
B22: 22C-015 | C22: Tools and Equipment (MT department) | E22: 2500 | G22: =1837.89+167.27+1304+612 -> 3921.16 | K22: =G22+I22 -> 3921.16 | M22: =E22-K22 -> -1421.16
B23: 22C-016 | C23: Security Entry at Guest parking (50% cost share with Mgt Co) | E23: 10000 | G23: =((2694.75+335.2+375+14393.45)/2)+1850+608.5+3140.02+35.18+250 -> 14782.9 | K23: =G23+I23 -> 14782.9 | M23: =E23-K23 -> -4782.9
B24: 22C-017 | C24: Trike - 3 | E24: 3500 | G24: =842.94+2435.88 -> 3278.82 | I24: =E24-G24 -> 221.18 | K24: =G24+I24 -> 3500 | M24: =E24-K24 -> 0
B25: 22C-018 | C25: MISC | E25: 10000 | G25: =1846.24+865.94+866.7+159.65+2500+3514+1071.02 -> 10823.55 | K25: =G25+I25 -> 10823.55 | M25: =E25-K25 -> -823.55
I26: =E26-G26 -> 0 | K26: =G26+I26 -> 0 | M26: =E26-K26 -> 0
E27: 0 | I27: =E27-G27 -> 0 | K27: =G27+I27 -> 0 | M27: =E27-K27 -> 0
C28: TOTAL BUDGET 2022 CAPITAL RESERVE FUND | E28: =SUM(E8:E27) -> 162600 | G28: =SUM(G8:G27) -> 173473.64 | I28: =SUM(I8:I27) -> 14743.3 | K28: =SUM(K8:K27) -> 188216.94 | M28: =SUM(M8:M27) -> -25616.94
O32: 2022 Reserves Page 1 of 3
G34: 173473.59
G35: =G28-G34 -> 0.05

Sheet Payroll 2023
C1: Strata #125 Payroll
H2: January | I2: February | J2: March | K2: April | L2: May | M2: June | N2: July | O2: August | P2: September | Q2: October | R2: November | S2: December
H3: 31 | I3: 28 | J3: 31 | K3: 30 | L3: 31 | M3: 30 | N3: 31 | O3: 31 | P3: 30 | Q3: 31 | R3: 30 | S3: 31
D4: Manning | G4: April 1st | H4: =44/7 -> 6.2857143 | I4: =H4 -> 6.2857143 | J4: =I4 -> 6.2857143 | K4: =J4 -> 6.2857143 | L4: =K4 -> 6.2857143 | M4: =L4 -> 6.2857143 | N4: =M4 -> 6.2857143 | O4: =N4 -> 6.2857143 | P4: =O4 -> 6.2857143 | ... S4: =R4 -> 6.2857143
A5: Rate | B5: April 1st | C5: Landscaping | D5: =COUNT(H6:H22) -> 17 | E5: Strata Alloc % | F5: Strata Alloc. Rate | G5: Strata Alloc. Rate
A6: 7.35 | B6: 7.75 | C6: Agelus, Fredlin | E6: 0.3583 | F6: =A6*E6 -> 2.633505 | G6: =E6*B6 -> 2.776825 | H6: =F6*$H$4*$H$3 -> 513.15726 | I6: =F6*$I$4*$I$3 -> 463.49688 | J6: =F6*$J$4*$J$3 -> 513.15726 | K6: =G6*$K$4*$K$3 -> 523.62986 | L6: =G6*$L$4*$L$3 -> 541.08419 | M6: =G6*$M$4*$M$3 -> 523.62986 | N6: =G6*$N$4*$N$3 -> 541.08419 | O6: =G6*$O$4*$O$3 -> 541.08419 | P6: =G6*$P$4*$P$3 -> 523.62986 | Q6: =G6*$Q$4*$Q$3 -> 541.08419 | R6: =G6*$R$4*$R$3 -> 523.62986 | S6: =G6*$S$4*$S$3 -> 541.08419
A7: 7.35 | B7: 7.75 | C7: Castely, Aristile | E7: 0.3583 | F7: =A7*E7 -> 2.633505 | G7: =E7*B7 -> 2.776825 | H7: =F7*$H$4*$H$3 -> 513.15726 | I7: =F7*$I$4*$I$3 -> 463.49688 | J7: =F7*$J$4*$J$3 -> 513.15726 | K7: =G7*$K$4*$K$3 -> 523.62986 | L7: =G7*$L$4*$L$3 -> 541.08419 | M7: =G7*$M$4*$M$3 -> 523.62986 | N7: =G7*$N$4*$N$3 -> 541.08419 | O7: =G7*$O$4*$O$3 -> 541.08419 | P7: =G7*$P$4*$P$3 -> 523.62986 | Q7: =G7*$Q$4*$Q$3 -> 541.08419 | R7: =G7*$R$4*$R$3 -> 523.62986 | S7: =G7*$S$4*$S$3 -> 541.08419
A8: 7 | B8: 7.35 | C8: Deus, Jacquelin | E8: 0.3583 | F8: =A8*E8 -> 2.5081 | G8: =E8*B8 -> 2.633505 | H8: =F8*$H$4*$H$3 -> 488.7212 | I8: =F8*$I$4*$I$3 -> 441.4256 | J8: =F8*$J$4*$J$3 -> 488.7212 | K8: =G8*$K$4*$K$3 -> 496.6038 | L8: =G8*$L$4*$L$3 -> 513.15726 | M8: =G8*$M$4*$M$3 -> 496.6038 | N8: =G8*$N$4*$N$3 -> 513.15726 | O8: =G8*$O$4*$O$3 -> 513.15726 | P8: =G8*$P$4*$P$3 -> 496.6038 | Q8: =G8*$Q$4*$Q$3 -> 513.15726 | R8: =G8*$R$4*$R$3 -> 496.6038 | S8: =G8*$S$4*$S$3 -> 513.15726 | T8: =(7.25-7)/7 -> 0.035714286
A9: 7.65 | B9: 7.75 | C9: Elliott, Vibert | E9: 0.3583 | F9: =A9*E9 -> 2.740995 | G9: =E9*B9 -> 2.776825 | H9: =F9*$H$4*$H$3 -> 534.10245 | I9: =F9*$I$4*$I$3 -> 482.41512 | J9: =F9*$J$4*$J$3 -> 534.10245 | K9: =G9*$K$4*$K$3 -> 523.62986 | L9: =G9*$L$4*$L$3 -> 541.08419 | M9: =G9*$M$4*$M$3 -> 523.62986 | N9: =G9*$N$4*$N$3 -> 541.08419 | O9: =G9*$O$4*$O$3 -> 541.08419 | P9: =G9*$P$4*$P$3 -> 523.62986 | Q9: =G9*$Q$4*$Q$3 -> 541.08419 | R9: =G9*$R$4*$R$3 -> 523.62986 | S9: =G9*$S$4*$S$3 -> 541.08419
A10: 7.35 | B10: 7.75 | C10: Fontaine, Joseph | E10: 0.3583 | F10: =A10*E10 -> 2.633505 | G10: =E10*B10 -> 2.776825 | H10: =F10*$H$4*$H$3 -> 513.15726 | I10: =F10*$I$4*$I$3 -> 463.49688 | J10: =F10*$J$4*$J$3 -> 513.15726 | K10: =G10*$K$4*$K$3 -> 523.62986 | L10: =G10*$L$4*$L$3 -> 541.08419 | M10: =G10*$M$4*$M$3 -> 523.62986 | N10: =G10*$N$4*$N$3 -> 541.08419 | O10: =G10*$O$4*$O$3 -> 541.08419 | P10: =G10*$P$4*$P$3 -> 523.62986 | Q10: =G10*$Q$4*$Q$3 -> 541.08419 | R10: =G10*$R$4*$R$3 -> 523.62986 | S10: =G10*$S$4*$S$3 -> 541.08419
A11: 7.35 | B11: 7.75 | C11: Gelin, Renot | E11: 0.3583 | F11: =A11*E11 -> 2.633505 | G11: =E11*B11 -> 2.776825 | H11: =F11*$H$4*$H$3 -> 513.15726 | I11: =F11*$I$4*$I$3 -> 463.49688 | J11: =F11*$J$4*$J$3 -> 513.15726 | K11: =G11*$K$4*$K$3 -> 523.62986 | L11: =G11*$L$4*$L$3 -> 541.08419 | M11: =G11*$M$4*$M$3 -> 523.62986 | N11: =G11*$N$4*$N$3 -> 541.08419 | O11: =G11*$O$4*$O$3 -> 541.08419 | P11: =G11*$P$4*$P$3 -> 523.62986 | Q11: =G11*$Q$4*$Q$3 -> 541.08419 | R11: =G11*$R$4*$R$3 -> 523.62986 | S11: =G11*$S$4*$S$3 -> 541.08419
A12: 7 | B12: 7.5 | C12: Israel, Berice | E12: 0.3583 | F12: =A12*E12 -> 2.5081 | G12: =E12*B12 -> 2.68725 | H12: =F12*$H$4*$H$3 -> 488.7212 | I12: =F12*$I$4*$I$3 -> 441.4256 | J12: =F12*$J$4*$J$3 -> 488.7212 | K12: =G12*$K$4*$K$3 -> 506.73857 | L12: =G12*$L$4*$L$3 -> 523.62986 | M12: =G12*$M$4*$M$3 -> 506.73857 | N12: =G12*$N$4*$N$3 -> 523.62986 | O12: =G12*$O$4*$O$3 -> 523.62986 | P12: =G12*$P$4*$P$3 -> 506.73857 | Q12: =G12*$Q$4*$Q$3 -> 523.62986 | R12: =G12*$R$4*$R$3 -> 506.73857 | S12: =G12*$S$4*$S$3 -> 523.62986
A13: 8.75 | B13: 9.15 | C13: Jean Elveus, Robert | E13: 0.3583 | F13: =A13*E13 -> 3.135125 | G13: =E13*B13 -> 3.278445 | H13: =F13*$H$4*$H$3 -> 610.9015 | I13: =F13*$I$4*$I$3 -> 551.782 | J13: =F13*$J$4*$J$3 -> 610.9015 | K13: =G13*$K$4*$K$3 -> 618.22106 | L13: =G13*$L$4*$L$3 -> 638.82843 | M13: =G13*$M$4*$M$3 -> 618.22106 | N13: =G13*$N$4*$N$3 -> 638.82843 | O13: =G13*$O$4*$O$3 -> 638.82843 | P13: =G13*$P$4*$P$3 -> 618.22106 | Q13: =G13*$Q$4*$Q$3 -> 638.82843 | R13: =G13*$R$4*$R$3 -> 618.22106 | S13: =G13*$S$4*$S$3 -> 638.82843
A14: 7 | B14: 7.35 | C14: Joseph, Alex | E14: 0.3583 | F14: =A14*E14 -> 2.5081 | G14: =E14*B14 -> 2.633505 | H14: =F14*$H$4*$H$3 -> 488.7212 | I14: =F14*$I$4*$I$3 -> 441.4256 | J14: =F14*$J$4*$J$3 -> 488.7212 | K14: =G14*$K$4*$K$3 -> 496.6038 | L14: =G14*$L$4*$L$3 -> 513.15726 | M14: =G14*$M$4*$M$3 -> 496.6038 | N14: =G14*$N$4*$N$3 -> 513.15726 | O14: =G14*$O$4*$O$3 -> 513.15726 | P14: =G14*$P$4*$P$3 -> 496.6038 | Q14: =G14*$Q$4*$Q$3 -> 513.15726 | R14: =G14*$R$4*$R$3 -> 496.6038 | S14: =G14*$S$4*$S$3 -> 513.15726
A15: 7.65 | B15: 7.75 | C15: Merdelus, Francky | E15: 0.3583 | F15: =A15*E15 -> 2.740995 | G15: =E15*B15 -> 2.776825 | H15: =F15*$H$4*$H$3 -> 534.10245 | I15: =F15*$I$4*$I$3 -> 482.41512 | J15: =F15*$J$4*$J$3 -> 534.10245 | K15: =G15*$K$4*$K$3 -> 523.62986 | L15: =G15*$L$4*$L$3 -> 541.08419 | M15: =G15*$M$4*$M$3 -> 523.62986 | N15: =G15*$N$4*$N$3 -> 541.08419 | O15: =G15*$O$4*$O$3 -> 541.08419 | P15: =G15*$P$4*$P$3 -> 523.62986 | Q15: =G15*$Q$4*$Q$3 -> 541.08419 | R15: =G15*$R$4*$R$3 -> 523.62986 | S15: =G15*$S$4*$S$3 -> 541.08419
A16: =1539.12/88 -> 17.49 | B16: 18.19 | C16: Morton, Naris | E16: 0.3583 | F16: =A16*E16 -> 6.266667 | G16: =E16*B16 -> 6.517477 | H16: =F16*$H$4*$H$3 -> 1221.1048 | I16: =F16*$I$4*$I$3 -> 1102.9334 | J16: =F16*$J$4*$J$3 -> 1221.1048 | K16: =F16*$K$4*$K$3 -> 1181.7143 | L16: =G16*$L$4*$L$3 -> 1269.9769 | M16: =G16*$M$4*$M$3 -> 1229.0099 | N16: =G16*$N$4*$N$3 -> 1269.9769 | O16: =G16*$O$4*$O$3 -> 1269.9769 | P16: =G16*$P$4*$P$3 -> 1229.0099 | Q16: =G16*$Q$4*$Q$3 -> 1269.9769 | R16: =G16*$R$4*$R$3 -> 1229.0099 | S16: =G16*$S$4*$S$3 -> 1269.9769
A17: 7 | B17: 7.35 | C17: Vacant | E17: 0.3583 | F17: =A17*E17 -> 2.5081 | G17: =E17*B17 -> 2.633505 | H17: =F17*$H$4*$H$3 -> 488.7212 | I17: =F17*$I$4*$I$3 -> 441.4256 | J17: =F17*$J$4*$J$3 -> 488.7212 | K17: =G17*$K$4*$K$3 -> 496.6038 | L17: =G17*$L$4*$L$3 -> 513.15726 | M17: =G17*$M$4*$M$3 -> 496.6038 | N17: =G17*$N$4*$N$3 -> 513.15726 | O17: =G17*$O$4*$O$3 -> 513.15726 | P17: =G17*$P$4*$P$3 -> 496.6038 | Q17: =G17*$Q$4*$Q$3 -> 513.15726 | R17: =G17*$R$4*$R$3 -> 496.6038 | S17: =G17*$S$4*$S$3 -> 513.15726
A18: 8.75 | B18: 9.15 | C18: Noel, Hillaireson | E18: 0.3583 | F18: =A18*E18 -> 3.135125 | G18: =E18*B18 -> 3.278445 | H18: =F18*$H$4*$H$3 -> 610.9015 | I18: =F18*$I$4*$I$3 -> 551.782 | J18: =F18*$J$4*$J$3 -> 610.9015 | K18: =G18*$K$4*$K$3 -> 618.22106 | L18: =G18*$L$4*$L$3 -> 638.82843 | M18: =G18*$M$4*$M$3 -> 618.22106 | N18: =G18*$N$4*$N$3 -> 638.82843 | O18: =G18*$O$4*$O$3 -> 638.82843 | P18: =G18*$P$4*$P$3 -> 618.22106 | Q18: =G18*$Q$4*$Q$3 -> 638.82843 | R18: =G18*$R$4*$R$3 -> 618.22106 | S18: =G18*$S$4*$S$3 -> 638.82843
A19: 7.35 | B19: 7.75 | C19: Ulysse, Jean Marie | E19: 0.3583 | F19: =A19*E19 -> 2.633505 | G19: =E19*B19 -> 2.776825 | H19: =F19*$H$4*$H$3 -> 513.15726 | I19: =F19*$I$4*$I$3 -> 463.49688 | J19: =F19*$J$4*$J$3 -> 513.15726 | K19: =G19*$K$4*$K$3 -> 523.62986 | L19: =G19*$L$4*$L$3 -> 541.08419 | M19: =G19*$M$4*$M$3 -> 523.62986 | N19: =G19*$N$4*$N$3 -> 541.08419 | O19: =G19*$O$4*$O$3 -> 541.08419 | P19: =G19*$P$4*$P$3 -> 523.62986 | Q19: =G19*$Q$4*$Q$3 -> 541.08419 | R19: =G19*$R$4*$R$3 -> 523.62986 | S19: =G19*$S$4*$S$3 -> 541.08419
A20: 500 | C20: Nursery -ALSADE JEAN BAPTISE | E20: 0.3583 | F20: =A20*E20 -> 179.15 | H20: =F20 -> 179.15 | I20: =H20 -> 179.15 | J20: =I20 -> 179.15 | K20: =J20 -> 179.15 | L20: =K20 -> 179.15 | M20: =L20 -> 179.15 | N20: =M20 -> 179.15 | O20: =N20 -> 179.15 | P20: =O20 -> 179.15 | ... S20: =R20 -> 179.15
A21: 100 | C21: Nursery- ELMOUR FRANDY | E21: 0.3583 | F21: =A21*E21 -> 35.83 | H21: =F21 -> 35.83 | I21: =H21 -> 35.83 | J21: =I21 -> 35.83 | K21: =J21 -> 35.83 | L21: =K21 -> 35.83 | M21: =L21 -> 35.83 | N21: =M21 -> 35.83 | O21: =N21 -> 35.83 | P21: =O21 -> 35.83 | ... S21: =R21 -> 35.83
A22: 200 | C22: Casual- Anefer Garcia | E22: 0.3583 | F22: =A22*E22 -> 71.66 | H22: =F22 -> 71.66 | I22: =H22 -> 71.66 | J22: =I22 -> 71.66 | K22: =J22 -> 71.66 | L22: =K22 -> 71.66 | M22: =L22 -> 71.66 | N22: =M22 -> 71.66 | O22: =N22 -> 71.66 | P22: =O22 -> 71.66 | ... S22: =R22 -> 71.66
C23: Total | D23: =SUM(H23:S23) -> 101211.73 | H23: =SUM(H6:H22) -> 8318.4238 | I23: =SUM(I6:I22) -> 7541.1544 | J23: =SUM(J6:J22) -> 8318.4238 | K23: =SUM(K6:K22) -> 8366.7554 | L23: =SUM(L6:L22) -> 8684.9647 | M23: =SUM(M6:M22) -> 8414.051 | N23: =SUM(N6:N22) -> 8684.9647 | O23: =SUM(O6:O22) -> 8684.9647 | ... S23: =SUM(S6:S22) -> 8684.9647
C25: Pool & Beach | D25: =COUNT(H26:H43) -> 16 | O25: 0.75 | P25: 0.5 | Q25: 0.75 | R25: 0.8
A26: 19.67 | B26: 21 | C26: Manager | E26: 1 | F26: =A26*E26 -> 19.67 | G26: =E26*B26 -> 21 | H26: =F26*$H$4*$H$3 -> 3832.84 | I26: =F26*$I$4*$I$3 -> 3461.92 | J26: =F26*$J$4*$J$3 -> 3832.84 | K26: =G26*$K$4*$K$3 -> 3960 | L26: =G26*$L$4*$L$3 -> 4092 | M26: =G26*$M$4*$M$3 -> 3960 | N26: =G26*$N$4*$N$3 -> 4092 | O26: =G26*$O$4*$O$3 -> 4092 | P26: =G26*$P$4*$P$3 -> 3960 | Q26: =G26*$Q$4*$Q$3 -> 4092 | R26: =G26*$R$4*$R$3 -> 3960 | S26: =G26*$S$4*$S$3 -> 4092
A27: 7.5 | B27: 8 | C27: Celan, Wentz | E27: 1 | F27: =A27*E27 -> 7.5 | G27: =E27*B27 -> 8 | H27: =F27*$H$4*$H$3 -> 1461.4286 | I27: =F27*$I$4*$I$3 -> 1320 | J27: =F27*$J$4*$J$3 -> 1461.4286 | K27: =G27*$K$4*$K$3 -> 1508.5714 | L27: =G27*$L$4*$L$3 -> 1558.8571 | M27: =G27*$M$4*$M$3 -> 1508.5714 | N27: =G27*$N$4*$N$3 -> 1558.8571 | O27: =G27*$O$4*$O$3*$O$25 -> 1169.1429 | P27: =G27*$P$4*$P$3*$P$25 -> 754.28571 | Q27: =G27*$Q$4*$Q$3*$Q$25 -> 1169.1429 | R27: =G27*$R$4*$R$3*$R$25 -> 1206.8571 | S27: =G27*$S$4*$S$3 -> 1558.8571
A28: 9 | B28: 9.5 | C28: Charles, Sanel | E28: 1 | F28: =A28*E28 -> 9 | G28: =E28*B28 -> 9.5 | H28: =F28*$H$4*$H$3 -> 1753.7143 | I28: =F28*$I$4*$I$3 -> 1584 | J28: =F28*$J$4*$J$3 -> 1753.7143 | K28: =G28*$K$4*$K$3 -> 1791.4286 | L28: =G28*$L$4*$L$3 -> 1851.1429 | M28: =G28*$M$4*$M$3 -> 1791.4286 | N28: =G28*$N$4*$N$3 -> 1851.1429 | O28: =G28*$O$4*$O$3*$O$25 -> 1388.3571 | P28: =G28*$P$4*$P$3*$P$25 -> 895.71429 | Q28: =G28*$Q$4*$Q$3*$Q$25 -> 1388.3571 | R28: =G28*$R$4*$R$3*$R$25 -> 1433.1429 | S28: =G28*$S$4*$S$3 -> 1851.1429
A29: 7.65 | B29: 8 | C29: Dominique, Ronel | E29: 1 | F29: =A29*E29 -> 7.65 | G29: =E29*B29 -> 8 | H29: =F29*$H$4*$H$3 -> 1490.6571 | I29: =F29*$I$4*$I$3 -> 1346.4 | J29: =F29*$J$4*$J$3 -> 1490.6571 | K29: =G29*$K$4*$K$3 -> 1508.5714 | L29: =G29*$L$4*$L$3 -> 1558.8571 | M29: =G29*$M$4*$M$3 -> 1508.5714 | N29: =G29*$N$4*$N$3 -> 1558.8571 | O29: =G29*$O$4*$O$3*$O$25 -> 1169.1429 | P29: =G29*$P$4*$P$3*$P$25 -> 754.28571 | Q29: =G29*$Q$4*$Q$3*$Q$25 -> 1169.1429 | R29: =G29*$R$4*$R$3*$R$25 -> 1206.8571 | S29: =G29*$S$4*$S$3 -> 1558.8571
A30: 7 | B30: 7.5 | C30: Ducatel, Nodelin | E30: 1 | F30: =A30*E30 -> 7 | G30: =E30*B30 -> 7.5 | H30: =F30*$H$4*$H$3 -> 1364 | I30: =F30*$I$4*$I$3 -> 1232 | J30: =F30*$J$4*$J$3 -> 1364 | K30: =G30*$K$4*$K$3 -> 1414.2857 | L30: =G30*$L$4*$L$3 -> 1461.4286 | M30: =G30*$M$4*$M$3 -> 1414.2857 | N30: =G30*$N$4*$N$3 -> 1461.4286 | O30: =G30*$O$4*$O$3*$O$25 -> 1096.0714 | P30: =G30*$P$4*$P$3*$P$25 -> 707.14286 | Q30: =G30*$Q$4*$Q$3*$Q$25 -> 1096.0714 | R30: =G30*$R$4*$R$3*$R$25 -> 1131.4286 | S30: =G30*$S$4*$S$3 -> 1461.4286
A31: 7.5 | B31: 8 | C31: Higgs, Stephania | E31: 1 | F31: =A31*E31 -> 7.5 | G31: =E31*B31 -> 8 | H31: =F31*$H$4*$H$3 -> 1461.4286 | I31: =F31*$I$4*$I$3 -> 1320 | J31: =F31*$J$4*$J$3 -> 1461.4286 | K31: =G31*$K$4*$K$3 -> 1508.5714 | L31: =G31*$L$4*$L$3 -> 1558.8571 | M31: =G31*$M$4*$M$3 -> 1508.5714 | N31: =G31*$N$4*$N$3 -> 1558.8571 | O31: =G31*$O$4*$O$3*$O$25 -> 1169.1429 | P31: =G31*$P$4*$P$3*$P$25 -> 754.28571 | Q31: =G31*$Q$4*$Q$3*$Q$25 -> 1169.1429 | R31: =G31*$R$4*$R$3*$R$25 -> 1206.8571 | S31: =G31*$S$4*$S$3 -> 1558.8571
A32: 7 | B32: 7.5 | C32: Jean, Mckarsen | E32: 1 | F32: =A32*E32 -> 7 | G32: =E32*B32 -> 7.5 | H32: =F32*$H$4*$H$3 -> 1364 | I32: =F32*$I$4*$I$3 -> 1232 | J32: =F32*$J$4*$J$3 -> 1364 | K32: =G32*$K$4*$K$3 -> 1414.2857 | L32: =G32*$L$4*$L$3 -> 1461.4286 | M32: =G32*$M$4*$M$3 -> 1414.2857 | N32: =G32*$N$4*$N$3 -> 1461.4286 | O32: =G32*$O$4*$O$3*$O$25 -> 1096.0714 | P32: =G32*$P$4*$P$3*$P$25 -> 707.14286 | Q32: =G32*$Q$4*$Q$3*$Q$25 -> 1096.0714 | R32: =G32*$R$4*$R$3*$R$25 -> 1131.4286 | S32: =G32*$S$4*$S$3 -> 1461.4286
A33: 8 | B33: 8.4 | C33: Louis, Clervil | E33: 1 | F33: =A33*E33 -> 8 | G33: =E33*B33 -> 8.4 | H33: =F33*$H$4*$H$3 -> 1558.8571 | I33: =F33*$I$4*$I$3 -> 1408 | J33: =F33*$J$4*$J$3 -> 1558.8571 | K33: =G33*$K$4*$K$3 -> 1584 | L33: =G33*$L$4*$L$3 -> 1636.8 | M33: =G33*$M$4*$M$3 -> 1584 | N33: =G33*$N$4*$N$3 -> 1636.8 | O33: =G33*$O$4*$O$3*$O$25 -> 1227.6 | P33: =G33*$P$4*$P$3*$P$25 -> 792 | Q33: =G33*$Q$4*$Q$3*$Q$25 -> 1227.6 | R33: =G33*$R$4*$R$3*$R$25 -> 1267.2 | S33: =G33*$S$4*$S$3 -> 1636.8
A34: 7.5 | B34: 8 | C34: Parker, Travez | E34: 1 | F34: =A34*E34 -> 7.5 | G34: =E34*B34 -> 8 | H34: =F34*$H$4*$H$3 -> 1461.4286 | I34: =F34*$I$4*$I$3 -> 1320 | J34: =F34*$J$4*$J$3 -> 1461.4286 | K34: =G34*$K$4*$K$3 -> 1508.5714 | L34: =G34*$L$4*$L$3 -> 1558.8571 | M34: =G34*$M$4*$M$3 -> 1508.5714 | N34: =G34*$N$4*$N$3 -> 1558.8571 | O34: =G34*$O$4*$O$3*$O$25 -> 1169.1429 | P34: =G34*$P$4*$P$3*$P$25 -> 754.28571 | Q34: =G34*$Q$4*$Q$3*$Q$25 -> 1169.1429 | R34: =G34*$R$4*$R$3*$R$25 -> 1206.8571 | S34: =G34*$S$4*$S$3 -> 1558.8571
A35: 7.5 | B35: 8 | C35: Peterly, Brutus | E35: 1 | F35: =A35*E35 -> 7.5 | G35: =E35*B35 -> 8 | H35: =F35*$H$4*$H$3 -> 1461.4286 | I35: =F35*$I$4*$I$3 -> 1320 | J35: =F35*$J$4*$J$3 -> 1461.4286 | K35: =G35*$K$4*$K$3 -> 1508.5714 | L35: =G35*$L$4*$L$3 -> 1558.8571 | M35: =G35*$M$4*$M$3 -> 1508.5714 | N35: =G35*$N$4*$N$3 -> 1558.8571 | O35: =G35*$O$4*$O$3*$O$25 -> 1169.1429 | P35: =G35*$P$4*$P$3*$P$25 -> 754.28571 | Q35: =G35*$Q$4*$Q$3*$Q$25 -> 1169.1429 | R35: =G35*$R$4*$R$3*$R$25 -> 1206.8571 | S35: =G35*$S$4*$S$3 -> 1558.8571
A36: 7.5 | B36: 8 | C36: Joseph, Hantz | E36: 1 | F36: =A36*E36 -> 7.5 | G36: =E36*B36 -> 8 | H36: =F36*$H$4*$H$3 -> 1461.4286 | I36: =F36*$I$4*$I$3 -> 1320 | J36: =F36*$J$4*$J$3 -> 1461.4286 | K36: =G36*$K$4*$K$3 -> 1508.5714 | L36: =G36*$L$4*$L$3 -> 1558.8571 | M36: =G36*$M$4*$M$3 -> 1508.5714 | N36: =G36*$N$4*$N$3 -> 1558.8571 | O36: =G36*$O$4*$O$3*$O$25 -> 1169.1429 | P36: =G36*$P$4*$P$3*$P$25 -> 754.28571 | Q36: =G36*$Q$4*$Q$3*$Q$25 -> 1169.1429 | R36: =G36*$R$4*$R$3*$R$25 -> 1206.8571 | S36: =G36*$S$4*$S$3 -> 1558.8571
A37: 7 | B37: 7.5 | C37: vacant | E37: 1 | F37: =A37*E37 -> 7 | G37: =E37*B37 -> 7.5 | H37: =F37*$H$4*$H$3 -> 1364 | I37: =F37*$I$4*$I$3 -> 1232 | J37: =F37*$J$4*$J$3 -> 1364 | K37: =G37*$K$4*$K$3 -> 1414.2857 | L37: =G37*$L$4*$L$3 -> 1461.4286 | M37: =G37*$M$4*$M$3 -> 1414.2857 | N37: =G37*$N$4*$N$3 -> 1461.4286 | O37: =G37*$O$4*$O$3*$O$25 -> 1096.0714 | P37: =G37*$P$4*$P$3*$P$25 -> 707.14286 | Q37: =G37*$Q$4*$Q$3*$Q$25 -> 1096.0714 | R37: =G37*$R$4*$R$3*$R$25 -> 1131.4286 | S37: =G37*$S$4*$S$3 -> 1461.4286
A38: =968/88 -> 11 | B38: 11.5 | C38: Prophete, Wadly | E38: 1 | F38: =A38*E38 -> 11 | G38: =E38*B38 -> 11.5 | H38: =F38*$H$4*$H$3 -> 2143.4286 | I38: =F38*$I$4*$I$3 -> 1936 | J38: =F38*$J$4*$J$3 -> 2143.4286 | K38: =G38*$K$4*$K$3 -> 2168.5714 | L38: =G38*$L$4*$L$3 -> 2240.8571 | M38: =G38*$M$4*$M$3 -> 2168.5714 | N38: =G38*$N$4*$N$3 -> 2240.8571 | O38: =G38*$O$4*$O$3 -> 2240.8571 | P38: =G38*$P$4*$P$3 -> 2168.5714 | Q38: =G38*$Q$4*$Q$3 -> 2240.8571 | R38: =G38*$R$4*$R$3 -> 2168.5714 | S38: =G38*$S$4*$S$3 -> 2240.8571
A39: =968/88 -> 11 | B39: 11.5 | C39: Walkin, Joe | E39: 1 | F39: =A39*E39 -> 11 | G39: =E39*B39 -> 11.5 | H39: =F39*$H$4*$H$3 -> 2143.4286 | I39: =F39*$I$4*$I$3 -> 1936 | J39: =F39*$J$4*$J$3 -> 2143.4286 | K39: =G39*$K$4*$K$3 -> 2168.5714 | L39: =G39*$L$4*$L$3 -> 2240.8571 | M39: =G39*$M$4*$M$3 -> 2168.5714 | N39: =G39*$N$4*$N$3 -> 2240.8571 | O39: =G39*$O$4*$O$3 -> 2240.8571 | P39: =G39*$P$4*$P$3 -> 2168.5714 | Q39: =G39*$Q$4*$Q$3 -> 2240.8571 | R39: =G39*$R$4*$R$3 -> 2168.5714 | S39: =G39*$S$4*$S$3 -> 2240.8571
A40: 7.5 | B40: 8 | C40: Williams, Derek | E40: 1 | F40: =A40*E40 -> 7.5 | G40: =E40*B40 -> 8 | H40: =F40*$H$4*$H$3 -> 1461.4286 | I40: =F40*$I$4*$I$3 -> 1320 | J40: =F40*$J$4*$J$3 -> 1461.4286 | K40: =G40*$K$4*$K$3 -> 1508.5714 | L40: =G40*$L$4*$L$3 -> 1558.8571 | M40: =G40*$M$4*$M$3 -> 1508.5714 | N40: =G40*$N$4*$N$3 -> 1558.8571 | O40: =G40*$O$4*$O$3*$O$25 -> 1169.1429 | P40: =G40*$P$4*$P$3*$P$25 -> 754.28571 | Q40: =G40*$Q$4*$Q$3*$Q$25 -> 1169.1429 | R40: =G40*$R$4*$R$3*$R$25 -> 1206.8571 | S40: =G40*$S$4*$S$3 -> 1558.8571
A41: 18500 | C41: Casuals | E41: 1 | H41: 4800 | I41: 3100 | J41: 6600 | K41: 5300 | L41: 6500 | M41: 13750 | N41: 19500 | O41: 14200 | P41: 16500 | Q41: 19600 | R41: 10800 | S41: 4000
C44: Total | D44: =SUM(H44:S44) -> 420079.83 | H44: =SUM(H26:H43) -> 30583.497 | I44: =SUM(I26:I43) -> 26388.32 | J44: =SUM(J26:J43) -> 32383.497 | K44: =SUM(K26:K43) -> 31775.429 | L44: =SUM(L26:L43) -> 33857.943 | M44: =SUM(M26:M43) -> 40225.429 | N44: =SUM(N26:N43) -> 46857.943 | O44: =SUM(O26:O43) -> 36861.886 | ... S44: =SUM(S26:S43) -> 31357.943
C45: Billback to Mgmt Co. | E45: 0.5 | H45: =-H44*$E$45 -> -15291.749 | I45: =-I44*$E$45 -> -13194.16 | J45: =-J44*$E$45 -> -16191.749 | K45: =-K44*$E$45 -> -15887.714 | L45: =-L44*$E$45 -> -16928.971 | M45: =-M44*$E$45 -> -20112.714 | N45: =-N44*$E$45 -> -23428.971 | O45: =-O44*$E$45 -> -18430.943 | ... S45: =-S44*$E$45 -> -15678.971
H46: =H45+H44 -> 15291.749 | I46: =I45+I44 -> 13194.16 | J46: =J45+J44 -> 16191.749 | K46: =K45+K44 -> 15887.714 | L46: =L45+L44 -> 16928.971 | M46: =M45+M44 -> 20112.714 | N46: =N45+N44 -> 23428.971 | O46: =O45+O44 -> 18430.943 | ... S46: =S45+S44 -> 15678.971
C48: Maintenance | D48: =COUNT(H49:H62) -> 14
A49: 9.5 | B49: 10 | C49: Lightbourn, Marquita | E49: 0.625 | F49: =A49*E49 -> 5.9375 | G49: =E49*B49 -> 6.25 | H49: =F49*$H$4*$H$3 -> 1156.9643 | I49: =F49*$I$4*$I$3 -> 1045 | J49: =F49*$J$4*$J$3 -> 1156.9643 | K49: =G49*$K$4*$K$3 -> 1178.5714 | L49: =G49*$L$4*$L$3 -> 1217.8571 | M49: =G49*$M$4*$M$3 -> 1178.5714 | N49: =G49*$N$4*$N$3 -> 1217.8571 | O49: =G49*$O$4*$O$3 -> 1217.8571 | P49: =G49*$P$4*$P$3 -> 1178.5714 | Q49: =G49*$Q$4*$Q$3 -> 1217.8571 | R49: =G49*$R$4*$R$3 -> 1178.5714 | S49: =G49*$S$4*$S$3 -> 1217.8571
A50: 9.25 | B50: 9.75 | C50: Deloso Loweno | E50: 0.625 | F50: =A50*E50 -> 5.78125 | G50: =E50*B50 -> 6.09375 | H50: =F50*$H$4*$H$3*0 -> 0 | I50: =F50*$I$4*$I$3 -> 1017.5 | J50: =F50*$J$4*$J$3 -> 1126.5179 | K50: =G50*$K$4*$K$3 -> 1149.1071 | L50: =G50*$L$4*$L$3 -> 1187.4107 | M50: =G50*$M$4*$M$3 -> 1149.1071 | N50: =G50*$N$4*$N$3 -> 1187.4107 | O50: =G50*$O$4*$O$3 -> 1187.4107 | P50: =G50*$P$4*$P$3 -> 1149.1071 | Q50: =G50*$Q$4*$Q$3 -> 1187.4107 | R50: =G50*$R$4*$R$3 -> 1149.1071 | S50: =G50*$S$4*$S$3 -> 1187.4107
C51: Dennis Voves | E51: 0.625 | F51: =A51*E51 -> 0 | G51: =E51*B51 -> 0 | H51: =5134.9*$E$51 -> 3209.3125 | I51: =5134.9*$E$51 -> 3209.3125 | J51: =5134.9*$E$51 -> 3209.3125 | K51: =5134.9*$E$51 -> 3209.3125 | L51: =5134.9*$E$51 -> 3209.3125 | M51: =5134.9*$E$51 -> 3209.3125 | N51: =5134.9*$E$51 -> 3209.3125 | O51: =5134.9*$E$51 -> 3209.3125 | ... S51: =5134.9*$E$51 -> 3209.3125
A52: =2059.64/88 -> 23.405 | B52: 24.5 | C52: Dayupay Jr, Albino | E52: 0.625 | F52: =A52*E52 -> 14.628125 | G52: =E52*B52 -> 15.3125 | H52: =F52*$H$4*$H$3 -> 2850.3946 | I52: =F52*$I$4*$I$3 -> 2574.55 | J52: =F52*$J$4*$J$3 -> 2850.3946 | K52: =G52*$K$4*$K$3 -> 2887.5 | L52: =G52*$L$4*$L$3 -> 2983.75 | M52: =G52*$M$4*$M$3 -> 2887.5 | N52: =G52*$N$4*$N$3 -> 2983.75 | O52: =G52*$O$4*$O$3 -> 2983.75 | P52: =G52*$P$4*$P$3 -> 2887.5 | Q52: =G52*$Q$4*$Q$3 -> 2983.75 | R52: =G52*$R$4*$R$3 -> 2887.5 | S52: =G52*$S$4*$S$3 -> 2983.75
A53: 9.25 | B53: 9.75 | C53: Gordon, Guion | E53: 0.625 | F53: =A53*E53 -> 5.78125 | G53: =E53*B53 -> 6.09375 | H53: =F53*$H$4*$H$3 -> 1126.5179 | I53: =F53*$I$4*$I$3 -> 1017.5 | J53: =F53*$J$4*$J$3 -> 1126.5179 | K53: =G53*$K$4*$K$3 -> 1149.1071 | L53: =G53*$L$4*$L$3 -> 1187.4107 | M53: =G53*$M$4*$M$3 -> 1149.1071 | N53: =G53*$N$4*$N$3 -> 1187.4107 | O53: =G53*$O$4*$O$3 -> 1187.4107 | P53: =G53*$P$4*$P$3 -> 1149.1071 | Q53: =G53*$Q$4*$Q$3 -> 1187.4107 | R53: =G53*$R$4*$R$3 -> 1149.1071 | S53: =G53*$S$4*$S$3 -> 1187.4107
A54: 13 | B54: 13.75 | C54: Hall, Percy | E54: 0.625 | F54: =A54*E54 -> 8.125 | G54: =E54*B54 -> 8.59375 | H54: =F54*$H$4*$H$3 -> 1583.2143 | I54: =F54*$I$4*$I$3 -> 1430 | J54: =F54*$J$4*$J$3 -> 1583.2143 | K54: =G54*$K$4*$K$3 -> 1620.5357 | L54: =G54*$L$4*$L$3 -> 1674.5536 | M54: =G54*$M$4*$M$3 -> 1620.5357 | N54: =G54*$N$4*$N$3 -> 1674.5536 | O54: =G54*$O$4*$O$3 -> 1674.5536 | P54: =G54*$P$4*$P$3 -> 1620.5357 | Q54: =G54*$Q$4*$Q$3 -> 1674.5536 | R54: =G54*$R$4*$R$3 -> 1620.5357 | S54: =G54*$S$4*$S$3 -> 1674.5536
A55: 10 | B55: 10.5 | C55: Jennings, Dodly | E55: 0.625 | F55: =A55*E55 -> 6.25 | G55: =E55*B55 -> 6.5625 | H55: =F55*$H$4*$H$3 -> 1217.8571 | I55: =F55*$I$4*$I$3 -> 1100 | J55: =F55*$J$4*$J$3 -> 1217.8571 | K55: =G55*$K$4*$K$3 -> 1237.5 | L55: =G55*$L$4*$L$3 -> 1278.75 | M55: =G55*$M$4*$M$3 -> 1237.5 | N55: =G55*$N$4*$N$3 -> 1278.75 | O55: =G55*$O$4*$O$3 -> 1278.75 | P55: =G55*$P$4*$P$3 -> 1237.5 | Q55: =G55*$Q$4*$Q$3 -> 1278.75 | R55: =G55*$R$4*$R$3 -> 1237.5 | S55: =G55*$S$4*$S$3 -> 1278.75
A56: 8.5 | B56: 9 | C56: Matthew, Dellon | E56: 0.625 | F56: =A56*E56 -> 5.3125 | G56: =E56*B56 -> 5.625 | H56: =F56*$H$4*$H$3 -> 1035.1786 | I56: =F56*$I$4*$I$3 -> 935 | J56: =F56*$J$4*$J$3 -> 1035.1786 | K56: =G56*$K$4*$K$3 -> 1060.7143 | L56: =G56*$L$4*$L$3 -> 1096.0714 | M56: =G56*$M$4*$M$3 -> 1060.7143 | N56: =G56*$N$4*$N$3 -> 1096.0714 | O56: =G56*$O$4*$O$3 -> 1096.0714 | P56: =G56*$P$4*$P$3 -> 1060.7143 | Q56: =G56*$Q$4*$Q$3 -> 1096.0714 | R56: =G56*$R$4*$R$3 -> 1060.7143 | S56: =G56*$S$4*$S$3 -> 1096.0714
A57: 9.25 | B57: 10 | C57: Rose, Craig | E57: 0.625 | F57: =A57*E57 -> 5.78125 | G57: =E57*B57 -> 6.25 | H57: =F57*$H$4*$H$3 -> 1126.5179 | I57: =F57*$I$4*$I$3 -> 1017.5 | J57: =F57*$J$4*$J$3 -> 1126.5179 | K57: =G57*$K$4*$K$3 -> 1178.5714 | L57: =G57*$L$4*$L$3 -> 1217.8571 | M57: =G57*$M$4*$M$3 -> 1178.5714 | N57: =G57*$N$4*$N$3 -> 1217.8571 | O57: =G57*$O$4*$O$3 -> 1217.8571 | P57: =G57*$P$4*$P$3 -> 1178.5714 | Q57: =G57*$Q$4*$Q$3 -> 1217.8571 | R57: =G57*$R$4*$R$3 -> 1178.5714 | S57: =G57*$S$4*$S$3 -> 1217.8571
A58: 10 | B58: 10.5 | C58: Scott, Adrian | E58: 0.625 | F58: =A58*E58 -> 6.25 | G58: =E58*B58 -> 6.5625 | H58: =F58*$H$4*$H$3 -> 1217.8571 | I58: =F58*$I$4*$I$3 -> 1100 | J58: =F58*$J$4*$J$3 -> 1217.8571 | K58: =G58*$K$4*$K$3 -> 1237.5 | L58: =G58*$L$4*$L$3 -> 1278.75 | M58: =G58*$M$4*$M$3 -> 1237.5 | N58: =G58*$N$4*$N$3 -> 1278.75 | O58: =G58*$O$4*$O$3 -> 1278.75 | P58: =G58*$P$4*$P$3 -> 1237.5 | Q58: =G58*$Q$4*$Q$3 -> 1278.75 | R58: =G58*$R$4*$R$3 -> 1237.5 | S58: =G58*$S$4*$S$3 -> 1278.75
A59: 8.75 | B59: 9.25 | C59: Stedman, Davion | E59: 0.625 | F59: =A59*E59 -> 5.46875 | G59: =E59*B59 -> 5.78125 | H59: =F59*$H$4*$H$3 -> 1065.625 | I59: =F59*$I$4*$I$3 -> 962.5 | J59: =F59*$J$4*$J$3 -> 1065.625 | K59: =G59*$K$4*$K$3 -> 1090.1786 | L59: =G59*$L$4*$L$3 -> 1126.5179 | M59: =G59*$M$4*$M$3 -> 1090.1786 | N59: =G59*$N$4*$N$3 -> 1126.5179 | O59: =G59*$O$4*$O$3 -> 1126.5179 | P59: =G59*$P$4*$P$3 -> 1090.1786 | Q59: =G59*$Q$4*$Q$3 -> 1126.5179 | R59: =G59*$R$4*$R$3 -> 1090.1786 | S59: =G59*$S$4*$S$3 -> 1126.5179
A60: 8 | B60: 8.4 | C60: Casual -Jusly Ferdinand | E60: 0.625 | F60: =A60*E60 -> 5 | G60: =E60*B60 -> 5.25 | H60: =F60*$H$4*$H$3 -> 974.28571 | I60: =F60*$I$4*$I$3 -> 880 | J60: =F60*$J$4*$J$3 -> 974.28571 | K60: =G60*$K$4*$K$3 -> 990 | L60: =G60*$L$4*$L$3 -> 1023 | M60: =G60*$M$4*$M$3 -> 990 | N60: =G60*$N$4*$N$3 -> 1023 | O60: =G60*$O$4*$O$3 -> 1023 | P60: =G60*$P$4*$P$3 -> 990 | Q60: =G60*$Q$4*$Q$3 -> 1023 | R60: =G60*$R$4*$R$3 -> 990 | S60: =G60*$S$4*$S$3 -> 1023
A61: 9 | B61: 9.45 | C61: Casual -Prophete Louis Jerome | E61: 0.625 | F61: =A61*E61 -> 5.625 | G61: =E61*B61 -> 5.90625 | H61: =F61*$H$4*$H$3 -> 1096.0714 | I61: =F61*$I$4*$I$3 -> 990 | J61: =F61*$J$4*$J$3 -> 1096.0714 | K61: =G61*$K$4*$K$3 -> 1113.75 | L61: =G61*$L$4*$L$3 -> 1150.875 | M61: =G61*$M$4*$M$3 -> 1113.75 | N61: =G61*$N$4*$N$3 -> 1150.875 | O61: =G61*$O$4*$O$3 -> 1150.875 | P61: =G61*$P$4*$P$3 -> 1113.75 | Q61: =G61*$Q$4*$Q$3 -> 1150.875 | R61: =G61*$R$4*$R$3 -> 1113.75 | S61: =G61*$S$4*$S$3 -> 1150.875
A62: 12 | B62: 12.25 | C62: Casual- Sannon Printemps | E62: 0.625 | F62: =A62*E62 -> 7.5 | G62: =E62*B62 -> 7.65625 | H62: =F62*$H$4*$H$3 -> 1461.4286 | I62: =F62*$I$4*$I$3 -> 1320 | J62: =F62*$J$4*$J$3 -> 1461.4286 | K62: =G62*$K$4*$K$3 -> 1443.75 | L62: =G62*$L$4*$L$3 -> 1491.875 | M62: =G62*$M$4*$M$3 -> 1443.75 | N62: =G62*$N$4*$N$3 -> 1491.875 | O62: =G62*$O$4*$O$3 -> 1491.875 | P62: =G62*$P$4*$P$3 -> 1443.75 | Q62: =G62*$Q$4*$Q$3 -> 1491.875 | R62: =G62*$R$4*$R$3 -> 1443.75 | S62: =G62*$S$4*$S$3 -> 1491.875
C63: Total | D63: =SUM(H63:S63) -> 245772.18 | H63: =SUM(H49:H62) -> 19121.225 | I63: =SUM(I49:I62) -> 18598.862 | J63: =SUM(J49:J62) -> 20247.743 | K63: =SUM(K49:K62) -> 20546.098 | L63: =SUM(L49:L62) -> 21123.991 | M63: =SUM(M49:M62) -> 20546.098 | N63: =SUM(N49:N62) -> 21123.991 | O63: =SUM(O49:O62) -> 21123.991 | ... S63: =SUM(S49:S62) -> 21123.991 | U63: 245772.18
C65: Common Area | D65: =COUNT(H66:H66) -> 1
A66: 7.75 | B66: 8 | C66: Ramirez Dumonard, Felicita | E66: 1 | F66: =A66*$E$66 -> 7.75 | G66: =B66*$E$66 -> 8 | H66: =F66*$H$4*$H$3 -> 1510.1429 | I66: =F66*$I$4*$I$3 -> 1364 | J66: =F66*$J$4*$J$3 -> 1510.1429 | K66: =G66*$K$4*$K$3 -> 1508.5714 | L66: =G66*$L$4*$L$3 -> 1558.8571 | M66: =G66*$M$4*$M$3 -> 1508.5714 | N66: =G66*$N$4*$N$3 -> 1558.8571 | O66: =G66*$O$4*$O$3 -> 1558.8571 | P66: =G66*$P$4*$P$3 -> 1508.5714 | Q66: =G66*$Q$4*$Q$3 -> 1558.8571 | R66: =G66*$R$4*$R$3 -> 1508.5714 | S66: =G66*$S$4*$S$3 -> 1558.8571
C67: Public cleaners allocation | F67: 3000 | H67: =F67 -> 3000 | I67: =H67 -> 3000 | J67: =I67 -> 3000 | K67: =J67 -> 3000 | L67: =K67 -> 3000 | M67: =L67 -> 3000 | N67: =M67 -> 3000 | O67: =N67 -> 3000 | P67: =O67 -> 3000 | ... S67: =R67 -> 3000
H68: =F68*$H$4*$H$3 -> 0 | I68: =F68*$I$4*$I$3 -> 0 | J68: =F68*$J$4*$J$3 -> 0 | K68: =F68*$K$4*$K$3 -> 0 | L68: =F68*$L$4*$L$3 -> 0 | M68: =F68*$M$4*$M$3 -> 0 | N68: =F68*$N$4*$N$3 -> 0 | O68: =F68*$O$4*$O$3 -> 0 | P68: =F68*$P$4*$P$3 -> 0 | Q68: =F68*$Q$4*$Q$3 -> 0 | R68: =F68*$R$4*$R$3 -> 0 | S68: =F68*$S$4*$S$3 -> 0
C69: Total | D69: =SUM(H69:S69) -> 54212.857 | H69: =SUM(H66:H68) -> 4510.1429 | I69: =SUM(I66:I68) -> 4364 | J69: =SUM(J66:J68) -> 4510.1429 | K69: =SUM(K66:K68) -> 4508.5714 | L69: =SUM(L66:L68) -> 4558.8571 | M69: =SUM(M66:M68) -> 4508.5714 | N69: =SUM(N66:N68) -> 4558.8571 | O69: =SUM(O66:O68) -> 4558.8571 | ... S69: =SUM(S66:S68) -> 4558.8571 | U69: 54212.857 | V69: 54855.857 | W69: =U69-V69 -> -643
C71: Security | D71: =COUNT(H72:H84) -> 13
A72: 8 | B72: 8.4 | C72: Yearly , Charles | E72: 0.45 | F72: =A72*E72 -> 3.6 | G72: =E72*B72 -> 3.78 | H72: =F72*$H$4*$H$3 -> 701.48571 | I72: =F72*$I$4*$I$3 -> 633.6 | J72: =F72*$J$4*$J$3 -> 701.48571 | K72: =G72*$K$4*$K$3 -> 712.8 | L72: =G72*$L$4*$L$3 -> 736.56 | M72: =G72*$M$4*$M$3 -> 712.8 | N72: =G72*$N$4*$N$3 -> 736.56 | O72: =G72*$O$4*$O$3 -> 736.56 | P72: =G72*$P$4*$P$3 -> 712.8 | Q72: =G72*$Q$4*$Q$3 -> 736.56 | R72: =G72*$R$4*$R$3 -> 712.8 | S72: =G72*$S$4*$S$3 -> 736.56
A73: 9 | B73: 9.5 | C73: Cherizard, Andy | E73: 0.45 | F73: =A73*E73 -> 4.05 | G73: =E73*B73 -> 4.275 | H73: =F73*$H$4*$H$3 -> 789.17143 | I73: =F73*$I$4*$I$3 -> 712.8 | J73: =F73*$J$4*$J$3 -> 789.17143 | K73: =G73*$K$4*$K$3 -> 806.14286 | L73: =G73*$L$4*$L$3 -> 833.01429 | M73: =G73*$M$4*$M$3 -> 806.14286 | N73: =G73*$N$4*$N$3 -> 833.01429 | O73: =G73*$O$4*$O$3 -> 833.01429 | P73: =G73*$P$4*$P$3 -> 806.14286 | Q73: =G73*$Q$4*$Q$3 -> 833.01429 | R73: =G73*$R$4*$R$3 -> 806.14286 | S73: =G73*$S$4*$S$3 -> 833.01429
A74: 8 | B74: 8.4 | C74: Alande, Pierre | E74: 0.45 | F74: =A74*E74 -> 3.6 | G74: =E74*B74 -> 3.78 | H74: =F74*$H$4*$H$3*0 -> 0 | I74: =F74*$I$4*$I$3 -> 633.6 | J74: =F74*$J$4*$J$3 -> 701.48571 | K74: =G74*$K$4*$K$3 -> 712.8 | L74: =G74*$L$4*$L$3 -> 736.56 | M74: =G74*$M$4*$M$3 -> 712.8 | N74: =G74*$N$4*$N$3 -> 736.56 | O74: =G74*$O$4*$O$3 -> 736.56 | P74: =G74*$P$4*$P$3 -> 712.8 | Q74: =G74*$Q$4*$Q$3 -> 736.56 | R74: =G74*$R$4*$R$3 -> 712.8 | S74: =G74*$S$4*$S$3 -> 736.56
A75: 8 | B75: 8.4 | C75: Diefuils, Dieulange | E75: 0.45 | F75: =A75*E75 -> 3.6 | G75: =E75*B75 -> 3.78 | H75: =F75*$H$4*$H$3 -> 701.48571 | I75: =F75*$I$4*$I$3 -> 633.6 | J75: =F75*$J$4*$J$3 -> 701.48571 | K75: =G75*$K$4*$K$3 -> 712.8 | L75: =G75*$L$4*$L$3 -> 736.56 | M75: =G75*$M$4*$M$3 -> 712.8 | N75: =G75*$N$4*$N$3 -> 736.56 | O75: =G75*$O$4*$O$3 -> 736.56 | P75: =G75*$P$4*$P$3 -> 712.8 | Q75: =G75*$Q$4*$Q$3 -> 736.56 | R75: =G75*$R$4*$R$3 -> 712.8 | S75: =G75*$S$4*$S$3 -> 736.56
A76: 8 | B76: 8.4 | C76: Gibson, Aushnell | E76: 0.45 | F76: =A76*E76 -> 3.6 | G76: =E76*B76 -> 3.78 | H76: =F76*$H$4*$H$3 -> 701.48571 | I76: =F76*$I$4*$I$3 -> 633.6 | J76: =F76*$J$4*$J$3 -> 701.48571 | K76: =G76*$K$4*$K$3 -> 712.8 | L76: =G76*$L$4*$L$3 -> 736.56 | M76: =G76*$M$4*$M$3 -> 712.8 | N76: =G76*$N$4*$N$3 -> 736.56 | O76: =G76*$O$4*$O$3 -> 736.56 | P76: =G76*$P$4*$P$3 -> 712.8 | Q76: =G76*$Q$4*$Q$3 -> 736.56 | R76: =G76*$R$4*$R$3 -> 712.8 | S76: =G76*$S$4*$S$3 -> 736.56
A77: =1269.23/88 -> 14.423068 | B77: 16.61 | C77: Hippolite, Emmanuel | E77: 0.45 | F77: =A77*E77 -> 6.4903807 | G77: =E77*B77 -> 7.4745 | H77: =F77*$H$4*$H$3 -> 1264.697 | I77: =F77*$I$4*$I$3 -> 1142.307 | J77: =F77*$J$4*$J$3 -> 1264.697 | K77: =G77*$K$4*$K$3 -> 1409.4771 | L77: =G77*$L$4*$L$3 -> 1456.4597 | M77: =G77*$M$4*$M$3 -> 1409.4771 | N77: =G77*$N$4*$N$3 -> 1456.4597 | O77: =G77*$O$4*$O$3 -> 1456.4597 | P77: =G77*$P$4*$P$3 -> 1409.4771 | Q77: =G77*$Q$4*$Q$3 -> 1456.4597 | R77: =G77*$R$4*$R$3 -> 1409.4771 | S77: =G77*$S$4*$S$3 -> 1456.4597
A78: 8 | B78: 8.4 | C78: Louis, Fredo | E78: 0.45 | F78: =A78*E78 -> 3.6 | G78: =E78*B78 -> 3.78 | H78: =F78*$H$4*$H$3 -> 701.48571 | I78: =F78*$I$4*$I$3 -> 633.6 | J78: =F78*$J$4*$J$3 -> 701.48571 | K78: =G78*$K$4*$K$3 -> 712.8 | L78: =G78*$L$4*$L$3 -> 736.56 | M78: =G78*$M$4*$M$3 -> 712.8 | N78: =G78*$N$4*$N$3 -> 736.56 | O78: =G78*$O$4*$O$3 -> 736.56 | P78: =G78*$P$4*$P$3 -> 712.8 | Q78: =G78*$Q$4*$Q$3 -> 736.56 | R78: =G78*$R$4*$R$3 -> 712.8 | S78: =G78*$S$4*$S$3 -> 736.56
A79: 8 | B79: 8.4 | C79: Louis, Murette | E79: 0.45 | F79: =A79*E79 -> 3.6 | G79: =E79*B79 -> 3.78 | H79: =F79*$H$4*$H$3 -> 701.48571 | I79: =F79*$I$4*$I$3 -> 633.6 | J79: =F79*$J$4*$J$3 -> 701.48571 | K79: =G79*$K$4*$K$3 -> 712.8 | L79: =G79*$L$4*$L$3 -> 736.56 | M79: =G79*$M$4*$M$3 -> 712.8 | N79: =G79*$N$4*$N$3 -> 736.56 | O79: =G79*$O$4*$O$3 -> 736.56 | P79: =G79*$P$4*$P$3 -> 712.8 | Q79: =G79*$Q$4*$Q$3 -> 736.56 | R79: =G79*$R$4*$R$3 -> 712.8 | S79: =G79*$S$4*$S$3 -> 736.56
A80: 8 | B80: 8.4 | C80: Oxil, Michel Ange | E80: 0.45 | F80: =A80*E80 -> 3.6 | G80: =E80*B80 -> 3.78 | H80: =F80*$H$4*$H$3 -> 701.48571 | I80: =F80*$I$4*$I$3 -> 633.6 | J80: =F80*$J$4*$J$3 -> 701.48571 | K80: =G80*$K$4*$K$3 -> 712.8 | L80: =G80*$L$4*$L$3 -> 736.56 | M80: =G80*$M$4*$M$3 -> 712.8 | N80: =G80*$N$4*$N$3 -> 736.56 | O80: =G80*$O$4*$O$3 -> 736.56 | P80: =G80*$P$4*$P$3 -> 712.8 | Q80: =G80*$Q$4*$Q$3 -> 736.56 | R80: =G80*$R$4*$R$3 -> 712.8 | S80: =G80*$S$4*$S$3 -> 736.56
A81: 12 | B81: 11.75 | C81: Promoted to Supv. Palmer, Devon | E81: 0.45 | F81: =A81*E81 -> 5.4 | G81: =E81*B81 -> 5.2875 | H81: =F81*$H$4*$H$3 -> 1052.2286 | I81: =F81*$I$4*$I$3 -> 950.4 | J81: =F81*$J$4*$J$3 -> 1052.2286 | K81: =G81*$K$4*$K$3 -> 997.07143 | L81: =G81*$L$4*$L$3 -> 1030.3071 | M81: =G81*$M$4*$M$3 -> 997.07143 | N81: =G81*$N$4*$N$3 -> 1030.3071 | O81: =G81*$O$4*$O$3 -> 1030.3071 | P81: =G81*$P$4*$P$3 -> 997.07143 | Q81: =G81*$Q$4*$Q$3 -> 1030.3071 | R81: =G81*$R$4*$R$3 -> 997.07143 | S81: =G81*$S$4*$S$3 -> 1030.3071
A82: 7.5 | B82: 8 | C82: Vilfranche, Venel | E82: 0.45 | F82: =A82*E82 -> 3.375 | G82: =E82*B82 -> 3.6 | H82: =F82*$H$4*$H$3 -> 657.64286 | I82: =F82*$I$4*$I$3 -> 594 | J82: =F82*$J$4*$J$3 -> 657.64286 | K82: =G82*$K$4*$K$3 -> 678.85714 | L82: =G82*$L$4*$L$3 -> 701.48571 | M82: =G82*$M$4*$M$3 -> 678.85714 | N82: =G82*$N$4*$N$3 -> 701.48571 | O82: =G82*$O$4*$O$3 -> 701.48571 | P82: =G82*$P$4*$P$3 -> 678.85714 | Q82: =G82*$Q$4*$Q$3 -> 701.48571 | R82: =G82*$R$4*$R$3 -> 678.85714 | S82: =G82*$S$4*$S$3 -> 701.48571
A83: 7.5 | B83: 8 | C83: Darvio, Moore | E83: 0.45 | F83: =A83*E83 -> 3.375 | G83: =E83*B83 -> 3.6 | H83: =F83*$H$4*$H$3 -> 657.64286 | I83: =F83*$I$4*$I$3 -> 594 | J83: =F83*$J$4*$J$3 -> 657.64286 | K83: =G83*$K$4*$K$3 -> 678.85714 | L83: =G83*$L$4*$L$3 -> 701.48571 | M83: =G83*$M$4*$M$3 -> 678.85714 | N83: =G83*$N$4*$N$3 -> 701.48571 | O83: =G83*$O$4*$O$3 -> 701.48571 | P83: =G83*$P$4*$P$3 -> 678.85714 | Q83: =G83*$Q$4*$Q$3 -> 701.48571 | R83: =G83*$R$4*$R$3 -> 678.85714 | S83: =G83*$S$4*$S$3 -> 701.48571
A84: 7.5 | B84: 8 | C84: Casual- Dyneville Romeus | E84: 0.45 | F84: =A84*E84 -> 3.375 | G84: =E84*B84 -> 3.6 | H84: =F84*$H$4*$H$3 -> 657.64286 | I84: =F84*$I$4*$I$3 -> 594 | J84: =F84*$J$4*$J$3 -> 657.64286 | K84: =G84*$K$4*$K$3 -> 678.85714 | L84: =G84*$L$4*$L$3 -> 701.48571 | M84: =G84*$M$4*$M$3 -> 678.85714 | N84: =G84*$N$4*$N$3 -> 701.48571 | O84: =G84*$O$4*$O$3 -> 701.48571 | P84: =G84*$P$4*$P$3 -> 678.85714 | Q84: =G84*$Q$4*$Q$3 -> 701.48571 | R84: =G84*$R$4*$R$3 -> 678.85714 | S84: =G84*$S$4*$S$3 -> 701.48571
C85: Total | D85: =SUM(H85:S85) -> 122156.32 | H85: =SUM(H72:H84) -> 9287.9399 | I85: =SUM(I72:I84) -> 9022.707 | J85: =SUM(J72:J84) -> 9989.4256 | K85: =SUM(K72:K84) -> 10238.863 | L85: =SUM(L72:L84) -> 10580.158 | M85: =SUM(M72:M84) -> 10238.863 | N85: =SUM(N72:N84) -> 10580.158 | O85: =SUM(O72:O84) -> 10580.158 | ... S85: =SUM(S72:S84) -> 10580.158 | U85: 122156.32 | V85: 122156.32 | W85: =U85-V85 -> 0

Sheet FLOW 2022
I2: PROPRIETORS STRATA PLAN # 125
I4: RESERVE FUNDS 2022 BUDGET
B6: YEAR 2012 | I6: RESERVE FUNDS | M6: CAPITAL | N6: MAJOR | O6: TOTAL
B8: OPENING BALANCE 2012: | F8: -26726 | G8: -26726 | I8: OPENING BALANCE 2022: | M8: 32719.59 | N8: 311034 | O8: =SUM(M8:N8) -> 343753.59
B10: February | E10: 0.42 | F10: 6444 | G10: 6444 | I10: FUNDINGS YTD | M10: =17850.77*11 -> 196358.47 | N10: =16708.38*11 -> 183792.18 | O10: =SUM(M10:N10) -> 380150.65
B11: March | E11: 0.42 | F11: 6444 | G11: 6444
B12: April | E12: 0.42 | F12: 6444 | G12: 6444 | I12: YTD EXPENDITURES | M12: =-'CAPITAL 2022'!G28 -> -173473.64 | N12: =-'MAJOR 2022'!G12 -> -81167.12 | O12: =SUM(M12:N12) -> -254640.76
B13: May | E13: 0.42 | F13: 6444 | G13: 6444
B14: June | E14: 0.42 | F14: 6444 | G14: 6444 | I14: BALANCE NOVEMBER 2022 | M14: =SUM(M8:M12) -> 55604.42 | N14: =SUM(N8:N12) -> 413659.06 | O14: =SUM(M14:N14) -> 469263.48
B15: July | E15: 0.42 | F15: 6444 | G15: 6444
I16: FUNDING DECEMBER 2022 | M16: =17850.77*1 -> 17850.77 | N16: =16708.38*1 -> 16708.38 | O16: =SUM(M16:N16) -> 34559.15
I18: EXPENDITURE DECEMBER 2022 | M18: =-'CAPITAL 2022'!I28 -> -14743.3 | N18: =-'MAJOR 2022'!I12 -> 0 | O18: =SUM(M18:N18) -> -14743.3
I20: FORECASTED BALANCE DECEMBER 2022 | M20: =SUM(M14:M18) -> 58711.89 | N20: =SUM(N14:N18) -> 430367.44 | O20: =SUM(O14:O18) -> 489079.33
O29: 2022 Reserves Page 3 of 3

Sheet CAPEX 2023
B1: THE SHORE CLUB
B2: PROPRIETORS STRATA PLAN # 125
B4: CAPITAL EXPENDITURES - 2023
B6: PROJECT # | C6: CAPITAL RESERVE FUND | D6: Proposed Budget 2023
B8: 23C-01 | C8: Landscaping (Quiet Use Battery Equipment, Plants, Mulch) | D8: 17000
B9: 23C-02 | C9: Landscaping and Pathway Lighting | D9: 4000
B10: 23C-03 | C10: Irrigation / Filtration Pumps - Brought Forward from 2022 | D10: 3000
B11: 23C-04 | C11: WWTP - Pumps / Blowers / Control Board / Compressor | D11: 20000
B12: 23C-05 | C12: Lift Station Pumps / Piping Reconfiguartion / (submersable pumps) | D12: 11500
B13: 23C-06 | C13: Pool & Beach Furniture (includes chaises, umbrellas, lounger slings, tables, refurbishment, cushions) | D13: 47000
B14: 23C-07 | C14: Pool Filters & Silica Sand (Final works with AIB Pool, the Contractor) | D14: 9600
B15: 23C-08 | C15: Pool Lights (includes jacuzzi) - Brought forward from 2022 | D15: 15000
B16: 23C-09 | C16: Pool Pumps (includes jacuzzi) | D16: 12000
B17: 23C-10 | C17: Pool Chlorinator Salt Cells (Chorinators done in 2022, this year Salt Cells) | D17: 8000
B18: 23C-11 | C18: Pool Heaters (Colonnade) | D18: 8000
B19: 23C-12 | C19: Pool Heater - Electric (Adult Jacuzzi) | D19: 9000
... B25: 23C-18 | C25: Cushman - Battery Replacement | D25: 3600
B26: 23C-19 | C26: Building Foyer Traverline Refurbishment - All Landings | D26: =7400*4 -> 29600
B27: 23C-20 | C27: Insulation Machine w/ Expansion Foam | D27: 10000
B28: 23C-21 | C28: Power Meter (Surge Protector/Sub Meters) | D28: 12000
B29: 23C-22 | C29: MISC | D29: 10000
C30: TOTAL BUDGET 2023 CAPITAL RESERVE FUND | D30: =SUM(D8:D29) -> 264300

Sheet MAJOR 2023
B2: PROPRIETORS STRATA PLAN # 125
B4: MAJOR EXPENDITURES - BUDGET 2023
B6: PROJECT # | C6: MAJOR RESERVE FUND | D6: Budget 2023
B7: 23M-01 | C7: Water Instrusions / Condensation Issues | D7: =28000+12000 -> 40000
B8: 23M-02 | C8: Sun Tough/ Trellis | D8: 25000
C11: TOTAL MAJOR RESERVE FUND | D11: =SUM(D7:D8) -> 65000

Sheet Pool & Beach Furniture
B1: Shore Club Beach
B2: Existing Setup with some replacements of old items and the refurbishment of midlife equipment
B3: Please note the following amounts are estimates based on historical data.
B5: ITEM Requested | C5: AMOUNT EACH | D5: COST EACH | E5: TOTAL COST
B6: Tables Polymer - Pool and Beach Areas, Square White | C6: 24 | D6: 310 | E6: =C6*D6 -> 7440
B7: Chaise Lounge - Beach - New | C7: 12 | D7: 700 | E7: =C7*D7 -> 8400
B8: Chaise Lounge - Beach - Slings | C8: 36 | D8: 145 | E8: =C8*D8 -> 5220
B9: Chaise Lounge - Beach - Refurbishment (including sandsing an painting) | C9: 36 | D9: 125 | E9: 5000
B10: Umbrellas - Beach | C10: 12 | D10: 350 | E10: =C10*D10 -> 4200
B11: Umbrella Frames | C11: 6 | D11: 200 | E11: =C11*D11 -> 1200
B12: Umbrella Ribs, 2 & 5 ft | C12: 20 | D12: 55 | E12: =C12*D12 -> 1100
B13: Umbrella Cover | C13: 12 | D13: 225 | E13: =C13*D13 -> 2700
B14: Beach Hut - Sun Shade / Sail | C14: 1 | D14: 750 | E14: =C14*D14 -> 750
B15: Miscellaneous: | E15: 1990
B16: Total | E16: =SUM(E6:E15) -> 38000
B18: Shore Club Pools
B19: ITEM Requested | C19: AMOUNT EACH | D19: COST EACH | E19: TOTAL COST
B20: Chaise Lounge Slings - Aluminum - Sea Grapes | C20: 12 | D20: 140 | E20: =+C20*D20 -> 1680
B21: Chaise Lounge Refinished - Teak | C21: 30 | D21: 50 | E21: =+C21*D21 -> 1500
B22: Chaise Lounge Repaired - Teak | C22: 20 | D22: 75 | E22: =+C22*D22 -> 1500
B23: Chaise Lounge Wheels - Teak New | C23: 20 | D23: 45 | E23: =+C23*D23 -> 900
B24: Chaise Lounge Repair Cushions (Sunbrella, Foam, Zipper, etc.) - Teak | C24: 20 | D24: 100 | E24: =+C24*D24 -> 2000
B25: Side Tables - Teak - New | C25: 7 | D25: 200 | E25: =C25*D25 -> 1400
B26: Side Tables Refurbish - Teak | C26: 15 | D26: 50 | E26: =C26*D26 -> 750
B27: Umbrellas, Bases, Covers, Repairs | C27: 12 | D27: 500 | E27: =C27*D27 -> 6000
B28: Miscellaneous: | E28: 850
B29: Total | E29: =SUM(E25:E28) -> 9000
D31: Grand Total: | E31: =E16+E29 -> 47000

Sheet FLOW 2023
I2: PROPRIETORS STRATA PLAN # 125
I4: RESERVE FUNDS 2023 BUDGET
B6: YEAR 2012 | I6: RESERVE FUNDS | M6: CAPITAL | N6: MAJOR | O6: TOTAL
B8: OPENING BALANCE 2012: | F8: -26726 | G8: -26726 | I8: PROJECTED OPENING BALANCE 2023: | M8: ='FLOW 2022'!M20 -> 58711.89 | N8: ='FLOW 2022'!N20 -> 430367.44 | O8: =M8+N8 -> 489079.33
B10: February | E10: 0.42 | F10: 6444 | G10: 6444 | I10: FUNDINGS 2023 | M10: =17850.77*12 -> 214209.24 | N10: =16708.38*12 -> 200500.56 | O10: =SUM(M10:N10) -> 414709.8
B11: March | E11: 0.42 | F11: 6444 | G11: 6444
B12: April | E12: 0.42 | F12: 6444 | G12: 6444 | I12: EXPENDITURE 2023 | M12: =-'CAPEX 2023'!D30 -> -264300 | N12: =-'MAJOR 2023'!D11 -> -65000 | O12: =SUM(M12:N12) -> -329300
B13: May | E13: 0.42 | F13: 6444 | G13: 6444
B14: June | E14: 0.42 | F14: 6444 | G14: 6444 | I14: FORECASTED BALANCE DECEMBER 2023 | M14: =SUM(M8:M12) -> 8621.13 | N14: =SUM(N8:N12) -> 565868 | O14: =SUM(M14:N14) -> 574489.13
B15: July | E15: 0.42 | F15: 6444 | G15: 6444
I16: FUNDING NOVEMBER- DECEMBER 2022 | M16: =17850.77*0 -> 0 | N16: =16708.38*0 -> 0 | O16: =SUM(M16:N16) -> 0
I18: EXPENDITURE DECEMBER 2022 | M18: =-'CAPITAL 2022'!I28*0 -> 0 | N18: =-'MAJOR 2022'!I12*0 -> 0 | O18: =SUM(M18:N18) -> 0
I20: FORECASTED BALANCE DECEMBER 2022 | M20: =SUM(M14:M18) -> 8621.13 | N20: =SUM(N14:N18) -> 565868 | O20: =SUM(O14:O18) -> 574489.13
O29: 2022 Reserves Page 3 of 3

Sheet Pool & Beach Furniture (2)
B1: Shore Club Beach
B2: Existing Setup with some replacements of old items and the refurbishment of midlife equipment
B3: Please note the following amounts are estimates based on historical data.
B5: ITEM Requested | C5: AMOUNT EACH | D5: COST EACH | E5: TOTAL COST
B6: Tables Polymer - Pool and Beach Areas, Square White | C6: 24 | D6: 310 | E6: =C6*D6 -> 7440
B7: Chaise Lounge - Beach - New | C7: 12 | D7: 700 | E7: =C7*D7 -> 8400
B8: Chaise Lounge - Beach - Slings | C8: 36 | D8: 145 | E8: =C8*D8 -> 5220
B9: Chaise Lounge - Beach - Refurbishment (including sandsing an painting) | C9: 36 | D9: 125 | E9: 5000
B10: Umbrellas - Beach | C10: 12 | D10: 350 | E10: =C10*D10 -> 4200
B11: Umbrella Frames | C11: 6 | D11: 200 | E11: =C11*D11 -> 1200
B12: Umbrella Ribs, 2 & 5 ft | C12: 20 | D12: 55 | E12: =C12*D12 -> 1100
B13: Umbrella Cover | C13: 12 | D13: 225 | E13: =C13*D13 -> 2700
B14: Beach Hut - Sun Shade / Sail | C14: 1 | D14: 750 | E14: =C14*D14 -> 750
B15: Miscellaneous: | E15: 1990
B16: Total | E16: =SUM(E6:E15) -> 38000
B18: Shore Club Pools
B19: ITEM Requested | C19: AMOUNT EACH | D19: COST EACH | E19: TOTAL COST
B20: Chaise Lounge Slings - Aluminum - Sea Grapes | C20: 12 | D20: 140 | E20: =+C20*D20 -> 1680
B21: Chaise Lounge Refinished - Teak | C21: 30 | D21: 50 | E21: =+C21*D21 -> 1500
B22: Chaise Lounge Repaired - Teak | C22: 20 | D22: 75 | E22: =+C22*D22 -> 1500
B23: Chaise Lounge Wheels - Teak New | C23: 20 | D23: 45 | E23: =+C23*D23 -> 900
B24: Chaise Lounge Repair Cushions (Sunbrella, Foam, Zipper, etc.) - Teak | C24: 20 | D24: 100 | E24: =+C24*D24 -> 2000
B25: Side Tables - Teak - New | C25: 7 | D25: 200 | E25: =C25*D25 -> 1400
B26: Side Tables Refurbish - Teak | C26: 15 | D26: 50 | E26: =C26*D26 -> 750
B27: Umbrellas, Bases, Covers, Repairs | C27: 12 | D27: 500 | E27: =C27*D27 -> 6000
B28: Miscellaneous: | E28: 850
B29: Total | E29: =SUM(E25:E28) -> 9000
D31: Grand Total: | E31: =E16+E29 -> 47000
